Workbook
Name _: #REF!
Name ______________lkm2: #N/A
Name ______________RSE1: #REF!
Name ______________RSE2: #REF!
Name _____________lkm2: #N/A
Name _____________RSE1: #REF!
Name _____________RSE2: #REF!
Name ____________lkm2: #N/A
Name ____________RSE1: #REF!
Name ____________RSE2: #REF!
Name ___________aad116: #REF!
Name ___________lkm2: #N/A
Name ___________RSE1: #REF!
Name ___________RSE2: #REF!
Name __________aad116: #REF!
Name __________lkm2: #N/A
Name __________RSE1: #REF!
Name __________RSE2: #REF!
Name _________aad116: #REF!
Name _________lkm2: #N/A
Name _________RSE1: #REF!
Name _________RSE2: #REF!
Name ________aad116: #REF!
Name ________lkm2: #N/A
Name ________RSE1: #REF!
Name ________RSE2: #REF!
Name ________SEC107: #REF!
Name _______aad116: #REF!
Name _______lkm2: #N/A
Name _______RSE1: #REF!
Name _______RSE2: #REF!
Name _______SEC107: #REF!
Name ______A65800: #REF!
Name ______A66000: #REF!
Name ______aad116: #REF!
Name ______abc1: #REF!
Name ______BQB1: #REF!
Name ______BQB2: #REF!
Name ______BQB3: #REF!
Name ______BQB4: #REF!
Name ______BQB5: #REF!
Name ______BQB6: #REF!
Name ______BQB7: #REF!
Name ______BQB8: #REF!
Name ______BQB9: #REF!
Name ______BQU03: #REF!
Name ______CAL01: #REF!
Name ______CAL02: #REF!
Name ______CAL03: #REF!
Name ______CAL04: #REF!
Name ______CCC1: #REF!
Name ______DEC97: #REF!
Name ______ENG0003: #REF!
Name ______ENG00031: #REF!
Name ______ENG003: #REF!
Name ______FAA1: #N/A
Name ______FAA2: #N/A
Name ______FEB98: #REF!
Name ______Gmt15: #REF!
Name ______GNR1: #REF!

Sheet Dashboard
A1: DASHBOARD | H1: Automobile
A3: Client: | B3: (Enter Company name) | E3: GST Method/ Rate | I3: Ownership Status of Vehicle | J3: Is the Vehicle Electric? | K3: Business Kilometers | L3: Total Kilometers
A4: Period start: | B4: 45870 | E4: GST/HST Rate | F4: 0.13 | H4: Auto 1 | I4: Owned Personally | J4: No
A5: Period end: | B5: 46234 | E5: HST Method | F5: Quick | H5: Auto 2 | I5: Owned Personally | J5: No
A7: Home office percentage of use | F7: 0.25
I8: Cost of Purchase | J8: HST/GST+PST | K8: Total Cost | L8: Purchase Date
H9: Auto 1 | I9: 0 | K9: =I9+J9 -> 0
H10: Auto 2 | I10: 0 | K10: =I10+J10 -> 0
A11: Account Name | B11: Account Number | C11: Account number for internal reporting | E11: Opening Balance | F11: Current Balance
I12: Lease Down Payment | J12: Lease Start Date | K12: Lease End Date
H13: Auto 1 | I13: 0
H14: Auto 2 | I14: 0
A15: Directors Advance | B15: 1111111 | E15: 0 | F15: {=_xlfn.XLOOKUP(TRUE,'Directors Advances'!G7:G1048576<>"",'Directors Advances'!G7:G1048576,,,-1)} -> 0
A16: Bank 1 | B16: 2222222 | F16: {=_xlfn.XLOOKUP(TRUE,'Bank 1'!G7:G1048576<>"",'Bank 1'!G7:G1048576,,,-1)} -> 0 | H16: Instructions
A17: Bank 2 | B17: 3333333 | F17: {=_xlfn.XLOOKUP(TRUE,'Bank 2'!G7:G1048576<>"",'Bank 2'!G7:G1048576,,,-1)} -> 0 | H17: - | I17: Represents a calculated value of 0
A18: Credit Card 1 | B18: 44444444 | F18: {=_xlfn.XLOOKUP(TRUE,'Credit Card 1'!G7:G1048576<>"",'Credit Card 1'!G7:G1048576,,,-1)} -> 0 | I18: Represents a locked cell you can't modify
A19: Credit Card 2 | B19: 55555555 | F19: {=_xlfn.XLOOKUP(TRUE,'Credit Card 2'!G7:G1048576<>"",'Credit Card 2'!G7:G1048576,,,-1)} -> 0 | I19: Represents a cell you can enter data in
A20: Director's Advances | B20: ='Chart of Accounts'!D18 -> 150 Directors advances | F20: ='Chart of Accounts'!F18 -> 0
A21: Total Invoiced amount during the year | F21: =SUMIFS(Table9[Invoice Amount], Table9[Invoice Date], ">=" & 'Sales + Receivables'!$B$3, Table9[Invoice Date], "<=" & 'Sales + Receivables'!$C$3) -> 0
A22: Sundry Income | F22: =IF(Dashboard!F5="Quick", IF('Sales + Receivables'!D4 > 30000, ('Sales + Receivables'!D4 * 0.08) - 300, 'Sales + Receivables'!D4 * 0.078), "") -> 0
A23: Total Received from customers | F23: ='Sales + Receivables'!K4 -> 0
A24: Current Outstanding Receivable from customers | F24: ='Sales + Receivables'!N4 -> 0
A25: Total Expenses YTD: | F25: =-SUM('Chart of Accounts'!F63:F117) -> 0
A26: GST Collected (Long method only) | F26: =SUMIF('Directors Advances'!I7:I1500,">0")+SUMIF('Bank 1'!I7:I1500,">0")+SUMIF('Bank 2'!I7:I1500,">0")+SUMIF('Credit Card 1'!I7:I1500,">0")+SUMIF('Credit Card 2'!I7:I1500,">0") -> 0
A27: GST Paid (Long method only) | F27: =SUMIF('Directors Advances'!I7:I1500,"<0")+SUMIF('Bank 1'!I7:I1500,"<0")+SUMIF('Bank 2'!I7:I1500,"<0")+SUMIF('Credit Card 1'!I7:I1500,"<0")+SUMIF('Credit Card 2'!I7:I1500,"<0") -> 0
A29: NOTES

Sheet Sales + Receivables
A1: =Dashboard!B3 -> (Enter Company name)
A2: Sales + Receivables Ledger
A3: Period: | B3: =Dashboard!B4 -> 45870 | C3: =Dashboard!B5 -> 46234 | D3: Total Sales (Incl. HST) | E3: Total GST on Invoices | F3: Total Net Sales | K3: Total Received | N3: Total Outstanding
D4: =SUMIFS(D:D,A:A,">="&B3,A:A,"<="&C3) -> 0 | E4: =SUMIFS(E:E,A:A,">="&B3,A:A,"<="&C3) -> 0 | F4: =SUMIFS(F:F,A:A,">="&B3,A:A,"<="&C3) -> 0 | G4: =SUBTOTAL(9,G6:G152) -> 0 | H4: =SUBTOTAL(9,H6:H152) -> 0 | K4: =SUBTOTAL(9,K6:K152) -> 0 | L4: =SUBTOTAL(9,L6:L152) -> 0 | M4: =SUBTOTAL(9,M6:M152) -> 0 | N4: =SUBTOTAL(9,N6:N152) -> 0
A5: Invoice Date | B5: Invoice Number | C5: Customer | D5: Invoice Amount | E5: GST/HST | F5: Net Invoice | G5: GST Paid by Cx | H5: Invoice Paid by Cx | I5: Due Date | J5: Payment Date | K5: Payment Amount | L5: GST Outstanding (Long method only) | M5: Net Invoice Amount Outstanding | N5: Total Outstanding Balance
E6: =(Table9[[#This Row],[Invoice Amount]]*Dashboard!$F$4)/(100%+Dashboard!$F$4) -> 0 | F6: =Table9[[#This Row],[Invoice Amount]]-Table9[[#This Row],[GST/HST]] -> 0 | G6: =SUMIF('Directors Advances'!$H$6:$H$1500,'Sales + Receivables'!B6,'Directors Advances'!$I$6:$I$1500)+SUMIF('Bank 1'!$H$7:$H$1500,'Sales + Receivables'!B6,'Bank 1'!$I$7:$I$1500)+SUMIF('Bank 2'!$H$7:$H$1500,'Sales + Receivables'!B6,'Bank 2'!$I$7:$I$1500)+SUMIF('Credit Card 1'!$H$7:$H$1500,'Sales + Receivables'!B6,'Credit Card 1'!$I$7:$I$1500)+SUMIF('Credit Card 2'!$H$7:$H$1500,'Sales + Receivables'!B6,'Credit Card 2'!$I$7:$I$1500) -> 0 | H6: =SUMIFS('Directors Advances'!$J$6:$J$1500, 'Directors Advances'!$H$6:$H$1500, 'Sales + Receivables'!B6, 'Directors Advances'!$H$6:$H$1500, "<>0") +SUMIFS('Bank 1'!$J$7:$J$1500, 'Bank 1'!$H$7:$H$1500, 'Sales + Receivables'!B6, 'Bank 1'!$H$7:$H$1500, "<>0") +SUMIFS('Bank 2'!$J$7:$J$1500, 'Bank 2'!$H$7:$H$1500, 'Sales + Receivables'!B6, 'Bank 2'!$H$7:$H$1500, "<>0") +SUMIFS('Credit Card 1'!$J$7:$J$1500, 'Credit Card 1'!$H$7:$H$1500, 'Sales + Receivables'!B6, 'Credit Card 1'!$H$7:$H$1500, "<>0") +SUMIFS('Credit Card 2'!$J$7:$J$1500, 'Credit Card 2'!$H$7:$H$1500, 'Sales + Receivables'!B6, 'Credit Card 2'!$H$7:$H$1500, "<>0") -> 0 | K6: =Table9[[#This Row],[Invoice Paid by Cx]]+Table9[[#This Row],[GST Paid by Cx]] -> 0 | L6: =IF(Dashboard!$F$5="Quick",0,Table9[[#This Row],[GST/HST]]-Table9[[#This Row],[GST Paid by Cx]]) -> 0 | M6: =Table9[[#This Row],[Net Invoice ]]-Table9[[#This Row],[Invoice Paid by Cx]] -> 0 | N6: =D6-K6 -> 0
E7: =(Table9[[#This Row],[Invoice Amount]]*Dashboard!$F$4)/(100%+Dashboard!$F$4) -> 0 | F7: =Table9[[#This Row],[Invoice Amount]]-Table9[[#This Row],[GST/HST]] -> 0 | G7: =SUMIF('Directors Advances'!$H$6:$H$1500,'Sales + Receivables'!B7,'Directors Advances'!$I$6:$I$1500)+SUMIF('Bank 1'!$H$7:$H$1500,'Sales + Receivables'!B7,'Bank 1'!$I$7:$I$1500)+SUMIF('Bank 2'!$H$7:$H$1500,'Sales + Receivables'!B7,'Bank 2'!$I$7:$I$1500)+SUMIF('Credit Card 1'!$H$7:$H$1500,'Sales + Receivables'!B7,'Credit Card 1'!$I$7:$I$1500)+SUMIF('Credit Card 2'!$H$7:$H$1500,'Sales + Receivables'!B7,'Credit Card 2'!$I$7:$I$1500) -> 0 | H7: =SUMIFS('Directors Advances'!$J$6:$J$1500, 'Directors Advances'!$H$6:$H$1500, 'Sales + Receivables'!B7, 'Directors Advances'!$H$6:$H$1500, "<>0") +SUMIFS('Bank 1'!$J$7:$J$1500, 'Bank 1'!$H$7:$H$1500, 'Sales + Receivables'!B7, 'Bank 1'!$H$7:$H$1500, "<>0") +SUMIFS('Bank 2'!$J$7:$J$1500, 'Bank 2'!$H$7:$H$1500, 'Sales + Receivables'!B7, 'Bank 2'!$H$7:$H$1500, "<>0") +SUMIFS('Credit Card 1'!$J$7:$J$1500, 'Credit Card 1'!$H$7:$H$1500, 'Sales + Receivables'!B7, 'Credit Card 1'!$H$7:$H$1500, "<>0") +SUMIFS('Credit Card 2'!$J$7:$J$1500, 'Credit Card 2'!$H$7:$H$1500, 'Sales + Receivables'!B7, 'Credit Card 2'!$H$7:$H$1500, "<>0") -> 0 | K7: =Table9[[#This Row],[Invoice Paid by Cx]]+Table9[[#This Row],[GST Paid by Cx]] -> 0 | L7: =IF(Dashboard!$F$5="Quick",0,Table9[[#This Row],[GST/HST]]-Table9[[#This Row],[GST Paid by Cx]]) -> 0 | M7: =Table9[[#This Row],[Net Invoice ]]-Table9[[#This Row],[Invoice Paid by Cx]] -> 0 | N7: =D7-K7 -> 0
E8: =(Table9[[#This Row],[Invoice Amount]]*Dashboard!$F$4)/(100%+Dashboard!$F$4) -> 0 | F8: =Table9[[#This Row],[Invoice Amount]]-Table9[[#This Row],[GST/HST]] -> 0 | G8: =SUMIF('Directors Advances'!$H$6:$H$1500,'Sales + Receivables'!B8,'Directors Advances'!$I$6:$I$1500)+SUMIF('Bank 1'!$H$7:$H$1500,'Sales + Receivables'!B8,'Bank 1'!$I$7:$I$1500)+SUMIF('Bank 2'!$H$7:$H$1500,'Sales + Receivables'!B8,'Bank 2'!$I$7:$I$1500)+SUMIF('Credit Card 1'!$H$7:$H$1500,'Sales + Receivables'!B8,'Credit Card 1'!$I$7:$I$1500)+SUMIF('Credit Card 2'!$H$7:$H$1500,'Sales + Receivables'!B8,'Credit Card 2'!$I$7:$I$1500) -> 0 | H8: =SUMIFS('Directors Advances'!$J$6:$J$1500, 'Directors Advances'!$H$6:$H$1500, 'Sales + Receivables'!B8, 'Directors Advances'!$H$6:$H$1500, "<>0") +SUMIFS('Bank 1'!$J$7:$J$1500, 'Bank 1'!$H$7:$H$1500, 'Sales + Receivables'!B8, 'Bank 1'!$H$7:$H$1500, "<>0") +SUMIFS('Bank 2'!$J$7:$J$1500, 'Bank 2'!$H$7:$H$1500, 'Sales + Receivables'!B8, 'Bank 2'!$H$7:$H$1500, "<>0") +SUMIFS('Credit Card 1'!$J$7:$J$1500, 'Credit Card 1'!$H$7:$H$1500, 'Sales + Receivables'!B8, 'Credit Card 1'!$H$7:$H$1500, "<>0") +SUMIFS('Credit Card 2'!$J$7:$J$1500, 'Credit Card 2'!$H$7:$H$1500, 'Sales + Receivables'!B8, 'Credit Card 2'!$H$7:$H$1500, "<>0") -> 0 | K8: =Table9[[#This Row],[Invoice Paid by Cx]]+Table9[[#This Row],[GST Paid by Cx]] -> 0 | L8: =IF(Dashboard!$F$5="Quick",0,Table9[[#This Row],[GST/HST]]-Table9[[#This Row],[GST Paid by Cx]]) -> 0 | M8: =Table9[[#This Row],[Net Invoice ]]-Table9[[#This Row],[Invoice Paid by Cx]] -> 0 | N8: =D8-K8 -> 0
E9: =(Table9[[#This Row],[Invoice Amount]]*Dashboard!$F$4)/(100%+Dashboard!$F$4) -> 0 | F9: =Table9[[#This Row],[Invoice Amount]]-Table9[[#This Row],[GST/HST]] -> 0 | G9: =SUMIF('Directors Advances'!$H$6:$H$1500,'Sales + Receivables'!B9,'Directors Advances'!$I$6:$I$1500)+SUMIF('Bank 1'!$H$7:$H$1500,'Sales + Receivables'!B9,'Bank 1'!$I$7:$I$1500)+SUMIF('Bank 2'!$H$7:$H$1500,'Sales + Receivables'!B9,'Bank 2'!$I$7:$I$1500)+SUMIF('Credit Card 1'!$H$7:$H$1500,'Sales + Receivables'!B9,'Credit Card 1'!$I$7:$I$1500)+SUMIF('Credit Card 2'!$H$7:$H$1500,'Sales + Receivables'!B9,'Credit Card 2'!$I$7:$I$1500) -> 0 | H9: =SUMIFS('Directors Advances'!$J$6:$J$1500, 'Directors Advances'!$H$6:$H$1500, 'Sales + Receivables'!B9, 'Directors Advances'!$H$6:$H$1500, "<>0") +SUMIFS('Bank 1'!$J$7:$J$1500, 'Bank 1'!$H$7:$H$1500, 'Sales + Receivables'!B9, 'Bank 1'!$H$7:$H$1500, "<>0") +SUMIFS('Bank 2'!$J$7:$J$1500, 'Bank 2'!$H$7:$H$1500, 'Sales + Receivables'!B9, 'Bank 2'!$H$7:$H$1500, "<>0") +SUMIFS('Credit Card 1'!$J$7:$J$1500, 'Credit Card 1'!$H$7:$H$1500, 'Sales + Receivables'!B9, 'Credit Card 1'!$H$7:$H$1500, "<>0") +SUMIFS('Credit Card 2'!$J$7:$J$1500, 'Credit Card 2'!$H$7:$H$1500, 'Sales + Receivables'!B9, 'Credit Card 2'!$H$7:$H$1500, "<>0") -> 0 | K9: =Table9[[#This Row],[Invoice Paid by Cx]]+Table9[[#This Row],[GST Paid by Cx]] -> 0 | L9: =IF(Dashboard!$F$5="Quick",0,Table9[[#This Row],[GST/HST]]-Table9[[#This Row],[GST Paid by Cx]]) -> 0 | M9: =Table9[[#This Row],[Net Invoice ]]-Table9[[#This Row],[Invoice Paid by Cx]] -> 0 | N9: =D9-K9 -> 0
E10: =(Table9[[#This Row],[Invoice Amount]]*Dashboard!$F$4)/(100%+Dashboard!$F$4) -> 0 | F10: =Table9[[#This Row],[Invoice Amount]]-Table9[[#This Row],[GST/HST]] -> 0 | G10: =SUMIF('Directors Advances'!$H$6:$H$1500,'Sales + Receivables'!B10,'Directors Advances'!$I$6:$I$1500)+SUMIF('Bank 1'!$H$7:$H$1500,'Sales + Receivables'!B10,'Bank 1'!$I$7:$I$1500)+SUMIF('Bank 2'!$H$7:$H$1500,'Sales + Receivables'!B10,'Bank 2'!$I$7:$I$1500)+SUMIF('Credit Card 1'!$H$7:$H$1500,'Sales + Receivables'!B10,'Credit Card 1'!$I$7:$I$1500)+SUMIF('Credit Card 2'!$H$7:$H$1500,'Sales + Receivables'!B10,'Credit Card 2'!$I$7:$I$1500) -> 0 | H10: =SUMIFS('Directors Advances'!$J$6:$J$1500, 'Directors Advances'!$H$6:$H$1500, 'Sales + Receivables'!B10, 'Directors Advances'!$H$6:$H$1500, "<>0") +SUMIFS('Bank 1'!$J$7:$J$1500, 'Bank 1'!$H$7:$H$1500, 'Sales + Receivables'!B10, 'Bank 1'!$H$7:$H$1500, "<>0") +SUMIFS('Bank 2'!$J$7:$J$1500, 'Bank 2'!$H$7:$H$1500, 'Sales + Receivables'!B10, 'Bank 2'!$H$7:$H$1500, "<>0") +SUMIFS('Credit Card 1'!$J$7:$J$1500, 'Credit Card 1'!$H$7:$H$1500, 'Sales + Receivables'!B10, 'Credit Card 1'!$H$7:$H$1500, "<>0") +SUMIFS('Credit Card 2'!$J$7:$J$1500, 'Credit Card 2'!$H$7:$H$1500, 'Sales + Receivables'!B10, 'Credit Card 2'!$H$7:$H$1500, "<>0") -> 0 | K10: =Table9[[#This Row],[Invoice Paid by Cx]]+Table9[[#This Row],[GST Paid by Cx]] -> 0 | L10: =IF(Dashboard!$F$5="Quick",0,Table9[[#This Row],[GST/HST]]-Table9[[#This Row],[GST Paid by Cx]]) -> 0 | M10: =Table9[[#This Row],[Net Invoice ]]-Table9[[#This Row],[Invoice Paid by Cx]] -> 0 | N10: =D10-K10 -> 0
E11: =(Table9[[#This Row],[Invoice Amount]]*Dashboard!$F$4)/(100%+Dashboard!$F$4) -> 0 | F11: =Table9[[#This Row],[Invoice Amount]]-Table9[[#This Row],[GST/HST]] -> 0 | G11: =SUMIF('Directors Advances'!$H$6:$H$1500,'Sales + Receivables'!B11,'Directors Advances'!$I$6:$I$1500)+SUMIF('Bank 1'!$H$7:$H$1500,'Sales + Receivables'!B11,'Bank 1'!$I$7:$I$1500)+SUMIF('Bank 2'!$H$7:$H$1500,'Sales + Receivables'!B11,'Bank 2'!$I$7:$I$1500)+SUMIF('Credit Card 1'!$H$7:$H$1500,'Sales + Receivables'!B11,'Credit Card 1'!$I$7:$I$1500)+SUMIF('Credit Card 2'!$H$7:$H$1500,'Sales + Receivables'!B11,'Credit Card 2'!$I$7:$I$1500) -> 0 | H11: =SUMIFS('Directors Advances'!$J$6:$J$1500, 'Directors Advances'!$H$6:$H$1500, 'Sales + Receivables'!B11, 'Directors Advances'!$H$6:$H$1500, "<>0") +SUMIFS('Bank 1'!$J$7:$J$1500, 'Bank 1'!$H$7:$H$1500, 'Sales + Receivables'!B11, 'Bank 1'!$H$7:$H$1500, "<>0") +SUMIFS('Bank 2'!$J$7:$J$1500, 'Bank 2'!$H$7:$H$1500, 'Sales + Receivables'!B11, 'Bank 2'!$H$7:$H$1500, "<>0") +SUMIFS('Credit Card 1'!$J$7:$J$1500, 'Credit Card 1'!$H$7:$H$1500, 'Sales + Receivables'!B11, 'Credit Card 1'!$H$7:$H$1500, "<>0") +SUMIFS('Credit Card 2'!$J$7:$J$1500, 'Credit Card 2'!$H$7:$H$1500, 'Sales + Receivables'!B11, 'Credit Card 2'!$H$7:$H$1500, "<>0") -> 0 | K11: =Table9[[#This Row],[Invoice Paid by Cx]]+Table9[[#This Row],[GST Paid by Cx]] -> 0 | L11: =IF(Dashboard!$F$5="Quick",0,Table9[[#This Row],[GST/HST]]-Table9[[#This Row],[GST Paid by Cx]]) -> 0 | M11: =Table9[[#This Row],[Net Invoice ]]-Table9[[#This Row],[Invoice Paid by Cx]] -> 0 | N11: =D11-K11 -> 0
E12: =(Table9[[#This Row],[Invoice Amount]]*Dashboard!$F$4)/(100%+Dashboard!$F$4) -> 0 | F12: =Table9[[#This Row],[Invoice Amount]]-Table9[[#This Row],[GST/HST]] -> 0 | G12: =SUMIF('Directors Advances'!$H$6:$H$1500,'Sales + Receivables'!B12,'Directors Advances'!$I$6:$I$1500)+SUMIF('Bank 1'!$H$7:$H$1500,'Sales + Receivables'!B12,'Bank 1'!$I$7:$I$1500)+SUMIF('Bank 2'!$H$7:$H$1500,'Sales + Receivables'!B12,'Bank 2'!$I$7:$I$1500)+SUMIF('Credit Card 1'!$H$7:$H$1500,'Sales + Receivables'!B12,'Credit Card 1'!$I$7:$I$1500)+SUMIF('Credit Card 2'!$H$7:$H$1500,'Sales + Receivables'!B12,'Credit Card 2'!$I$7:$I$1500) -> 0 | H12: =SUMIFS('Directors Advances'!$J$6:$J$1500, 'Directors Advances'!$H$6:$H$1500, 'Sales + Receivables'!B12, 'Directors Advances'!$H$6:$H$1500, "<>0") +SUMIFS('Bank 1'!$J$7:$J$1500, 'Bank 1'!$H$7:$H$1500, 'Sales + Receivables'!B12, 'Bank 1'!$H$7:$H$1500, "<>0") +SUMIFS('Bank 2'!$J$7:$J$1500, 'Bank 2'!$H$7:$H$1500, 'Sales + Receivables'!B12, 'Bank 2'!$H$7:$H$1500, "<>0") +SUMIFS('Credit Card 1'!$J$7:$J$1500, 'Credit Card 1'!$H$7:$H$1500, 'Sales + Receivables'!B12, 'Credit Card 1'!$H$7:$H$1500, "<>0") +SUMIFS('Credit Card 2'!$J$7:$J$1500, 'Credit Card 2'!$H$7:$H$1500, 'Sales + Receivables'!B12, 'Credit Card 2'!$H$7:$H$1500, "<>0") -> 0 | K12: =Table9[[#This Row],[Invoice Paid by Cx]]+Table9[[#This Row],[GST Paid by Cx]] -> 0 | L12: =IF(Dashboard!$F$5="Quick",0,Table9[[#This Row],[GST/HST]]-Table9[[#This Row],[GST Paid by Cx]]) -> 0 | M12: =Table9[[#This Row],[Net Invoice ]]-Table9[[#This Row],[Invoice Paid by Cx]] -> 0 | N12: =D12-K12 -> 0
E13: =(Table9[[#This Row],[Invoice Amount]]*Dashboard!$F$4)/(100%+Dashboard!$F$4) -> 0 | F13: =Table9[[#This Row],[Invoice Amount]]-Table9[[#This Row],[GST/HST]] -> 0 | G13: =SUMIF('Directors Advances'!$H$6:$H$1500,'Sales + Receivables'!B13,'Directors Advances'!$I$6:$I$1500)+SUMIF('Bank 1'!$H$7:$H$1500,'Sales + Receivables'!B13,'Bank 1'!$I$7:$I$1500)+SUMIF('Bank 2'!$H$7:$H$1500,'Sales + Receivables'!B13,'Bank 2'!$I$7:$I$1500)+SUMIF('Credit Card 1'!$H$7:$H$1500,'Sales + Receivables'!B13,'Credit Card 1'!$I$7:$I$1500)+SUMIF('Credit Card 2'!$H$7:$H$1500,'Sales + Receivables'!B13,'Credit Card 2'!$I$7:$I$1500) -> 0 | H13: =SUMIFS('Directors Advances'!$J$6:$J$1500, 'Directors Advances'!$H$6:$H$1500, 'Sales + Receivables'!B13, 'Directors Advances'!$H$6:$H$1500, "<>0") +SUMIFS('Bank 1'!$J$7:$J$1500, 'Bank 1'!$H$7:$H$1500, 'Sales + Receivables'!B13, 'Bank 1'!$H$7:$H$1500, "<>0") +SUMIFS('Bank 2'!$J$7:$J$1500, 'Bank 2'!$H$7:$H$1500, 'Sales + Receivables'!B13, 'Bank 2'!$H$7:$H$1500, "<>0") +SUMIFS('Credit Card 1'!$J$7:$J$1500, 'Credit Card 1'!$H$7:$H$1500, 'Sales + Receivables'!B13, 'Credit Card 1'!$H$7:$H$1500, "<>0") +SUMIFS('Credit Card 2'!$J$7:$J$1500, 'Credit Card 2'!$H$7:$H$1500, 'Sales + Receivables'!B13, 'Credit Card 2'!$H$7:$H$1500, "<>0") -> 0 | K13: =Table9[[#This Row],[Invoice Paid by Cx]]+Table9[[#This Row],[GST Paid by Cx]] -> 0 | L13: =IF(Dashboard!$F$5="Quick",0,Table9[[#This Row],[GST/HST]]-Table9[[#This Row],[GST Paid by Cx]]) -> 0 | M13: =Table9[[#This Row],[Net Invoice ]]-Table9[[#This Row],[Invoice Paid by Cx]] -> 0 | N13: =D13-K13 -> 0
E14: =(Table9[[#This Row],[Invoice Amount]]*Dashboard!$F$4)/(100%+Dashboard!$F$4) -> 0 | F14: =Table9[[#This Row],[Invoice Amount]]-Table9[[#This Row],[GST/HST]] -> 0 | G14: =SUMIF('Directors Advances'!$H$6:$H$1500,'Sales + Receivables'!B14,'Directors Advances'!$I$6:$I$1500)+SUMIF('Bank 1'!$H$7:$H$1500,'Sales + Receivables'!B14,'Bank 1'!$I$7:$I$1500)+SUMIF('Bank 2'!$H$7:$H$1500,'Sales + Receivables'!B14,'Bank 2'!$I$7:$I$1500)+SUMIF('Credit Card 1'!$H$7:$H$1500,'Sales + Receivables'!B14,'Credit Card 1'!$I$7:$I$1500)+SUMIF('Credit Card 2'!$H$7:$H$1500,'Sales + Receivables'!B14,'Credit Card 2'!$I$7:$I$1500) -> 0 | H14: =SUMIFS('Directors Advances'!$J$6:$J$1500, 'Directors Advances'!$H$6:$H$1500, 'Sales + Receivables'!B14, 'Directors Advances'!$H$6:$H$1500, "<>0") +SUMIFS('Bank 1'!$J$7:$J$1500, 'Bank 1'!$H$7:$H$1500, 'Sales + Receivables'!B14, 'Bank 1'!$H$7:$H$1500, "<>0") +SUMIFS('Bank 2'!$J$7:$J$1500, 'Bank 2'!$H$7:$H$1500, 'Sales + Receivables'!B14, 'Bank 2'!$H$7:$H$1500, "<>0") +SUMIFS('Credit Card 1'!$J$7:$J$1500, 'Credit Card 1'!$H$7:$H$1500, 'Sales + Receivables'!B14, 'Credit Card 1'!$H$7:$H$1500, "<>0") +SUMIFS('Credit Card 2'!$J$7:$J$1500, 'Credit Card 2'!$H$7:$H$1500, 'Sales + Receivables'!B14, 'Credit Card 2'!$H$7:$H$1500, "<>0") -> 0 | K14: =Table9[[#This Row],[Invoice Paid by Cx]]+Table9[[#This Row],[GST Paid by Cx]] -> 0 | L14: =IF(Dashboard!$F$5="Quick",0,Table9[[#This Row],[GST/HST]]-Table9[[#This Row],[GST Paid by Cx]]) -> 0 | M14: =Table9[[#This Row],[Net Invoice ]]-Table9[[#This Row],[Invoice Paid by Cx]] -> 0 | N14: =D14-K14 -> 0
E15: =(Table9[[#This Row],[Invoice Amount]]*Dashboard!$F$4)/(100%+Dashboard!$F$4) -> 0 | F15: =Table9[[#This Row],[Invoice Amount]]-Table9[[#This Row],[GST/HST]] -> 0 | G15: =SUMIF('Directors Advances'!$H$6:$H$1500,'Sales + Receivables'!B15,'Directors Advances'!$I$6:$I$1500)+SUMIF('Bank 1'!$H$7:$H$1500,'Sales + Receivables'!B15,'Bank 1'!$I$7:$I$1500)+SUMIF('Bank 2'!$H$7:$H$1500,'Sales + Receivables'!B15,'Bank 2'!$I$7:$I$1500)+SUMIF('Credit Card 1'!$H$7:$H$1500,'Sales + Receivables'!B15,'Credit Card 1'!$I$7:$I$1500)+SUMIF('Credit Card 2'!$H$7:$H$1500,'Sales + Receivables'!B15,'Credit Card 2'!$I$7:$I$1500) -> 0 | H15: =SUMIFS('Directors Advances'!$J$6:$J$1500, 'Directors Advances'!$H$6:$H$1500, 'Sales + Receivables'!B15, 'Directors Advances'!$H$6:$H$1500, "<>0") +SUMIFS('Bank 1'!$J$7:$J$1500, 'Bank 1'!$H$7:$H$1500, 'Sales + Receivables'!B15, 'Bank 1'!$H$7:$H$1500, "<>0") +SUMIFS('Bank 2'!$J$7:$J$1500, 'Bank 2'!$H$7:$H$1500, 'Sales + Receivables'!B15, 'Bank 2'!$H$7:$H$1500, "<>0") +SUMIFS('Credit Card 1'!$J$7:$J$1500, 'Credit Card 1'!$H$7:$H$1500, 'Sales + Receivables'!B15, 'Credit Card 1'!$H$7:$H$1500, "<>0") +SUMIFS('Credit Card 2'!$J$7:$J$1500, 'Credit Card 2'!$H$7:$H$1500, 'Sales + Receivables'!B15, 'Credit Card 2'!$H$7:$H$1500, "<>0") -> 0 | K15: =Table9[[#This Row],[Invoice Paid by Cx]]+Table9[[#This Row],[GST Paid by Cx]] -> 0 | L15: =IF(Dashboard!$F$5="Quick",0,Table9[[#This Row],[GST/HST]]-Table9[[#This Row],[GST Paid by Cx]]) -> 0 | M15: =Table9[[#This Row],[Net Invoice ]]-Table9[[#This Row],[Invoice Paid by Cx]] -> 0 | N15: =D15-K15 -> 0
E16: =(Table9[[#This Row],[Invoice Amount]]*Dashboard!$F$4)/(100%+Dashboard!$F$4) -> 0 | F16: =Table9[[#This Row],[Invoice Amount]]-Table9[[#This Row],[GST/HST]] -> 0 | G16: =SUMIF('Directors Advances'!$H$6:$H$1500,'Sales + Receivables'!B16,'Directors Advances'!$I$6:$I$1500)+SUMIF('Bank 1'!$H$7:$H$1500,'Sales + Receivables'!B16,'Bank 1'!$I$7:$I$1500)+SUMIF('Bank 2'!$H$7:$H$1500,'Sales + Receivables'!B16,'Bank 2'!$I$7:$I$1500)+SUMIF('Credit Card 1'!$H$7:$H$1500,'Sales + Receivables'!B16,'Credit Card 1'!$I$7:$I$1500)+SUMIF('Credit Card 2'!$H$7:$H$1500,'Sales + Receivables'!B16,'Credit Card 2'!$I$7:$I$1500) -> 0 | H16: =SUMIFS('Directors Advances'!$J$6:$J$1500, 'Directors Advances'!$H$6:$H$1500, 'Sales + Receivables'!B16, 'Directors Advances'!$H$6:$H$1500, "<>0") +SUMIFS('Bank 1'!$J$7:$J$1500, 'Bank 1'!$H$7:$H$1500, 'Sales + Receivables'!B16, 'Bank 1'!$H$7:$H$1500, "<>0") +SUMIFS('Bank 2'!$J$7:$J$1500, 'Bank 2'!$H$7:$H$1500, 'Sales + Receivables'!B16, 'Bank 2'!$H$7:$H$1500, "<>0") +SUMIFS('Credit Card 1'!$J$7:$J$1500, 'Credit Card 1'!$H$7:$H$1500, 'Sales + Receivables'!B16, 'Credit Card 1'!$H$7:$H$1500, "<>0") +SUMIFS('Credit Card 2'!$J$7:$J$1500, 'Credit Card 2'!$H$7:$H$1500, 'Sales + Receivables'!B16, 'Credit Card 2'!$H$7:$H$1500, "<>0") -> 0 | K16: =Table9[[#This Row],[Invoice Paid by Cx]]+Table9[[#This Row],[GST Paid by Cx]] -> 0 | L16: =IF(Dashboard!$F$5="Quick",0,Table9[[#This Row],[GST/HST]]-Table9[[#This Row],[GST Paid by Cx]]) -> 0 | M16: =Table9[[#This Row],[Net Invoice ]]-Table9[[#This Row],[Invoice Paid by Cx]] -> 0 | N16: =D16-K16 -> 0
E17: =(Table9[[#This Row],[Invoice Amount]]*Dashboard!$F$4)/(100%+Dashboard!$F$4) -> 0 | F17: =Table9[[#This Row],[Invoice Amount]]-Table9[[#This Row],[GST/HST]] -> 0 | G17: =SUMIF('Directors Advances'!$H$6:$H$1500,'Sales + Receivables'!B17,'Directors Advances'!$I$6:$I$1500)+SUMIF('Bank 1'!$H$7:$H$1500,'Sales + Receivables'!B17,'Bank 1'!$I$7:$I$1500)+SUMIF('Bank 2'!$H$7:$H$1500,'Sales + Receivables'!B17,'Bank 2'!$I$7:$I$1500)+SUMIF('Credit Card 1'!$H$7:$H$1500,'Sales + Receivables'!B17,'Credit Card 1'!$I$7:$I$1500)+SUMIF('Credit Card 2'!$H$7:$H$1500,'Sales + Receivables'!B17,'Credit Card 2'!$I$7:$I$1500) -> 0 | H17: =SUMIFS('Directors Advances'!$J$6:$J$1500, 'Directors Advances'!$H$6:$H$1500, 'Sales + Receivables'!B17, 'Directors Advances'!$H$6:$H$1500, "<>0") +SUMIFS('Bank 1'!$J$7:$J$1500, 'Bank 1'!$H$7:$H$1500, 'Sales + Receivables'!B17, 'Bank 1'!$H$7:$H$1500, "<>0") +SUMIFS('Bank 2'!$J$7:$J$1500, 'Bank 2'!$H$7:$H$1500, 'Sales + Receivables'!B17, 'Bank 2'!$H$7:$H$1500, "<>0") +SUMIFS('Credit Card 1'!$J$7:$J$1500, 'Credit Card 1'!$H$7:$H$1500, 'Sales + Receivables'!B17, 'Credit Card 1'!$H$7:$H$1500, "<>0") +SUMIFS('Credit Card 2'!$J$7:$J$1500, 'Credit Card 2'!$H$7:$H$1500, 'Sales + Receivables'!B17, 'Credit Card 2'!$H$7:$H$1500, "<>0") -> 0 | K17: =Table9[[#This Row],[Invoice Paid by Cx]]+Table9[[#This Row],[GST Paid by Cx]] -> 0 | L17: =IF(Dashboard!$F$5="Quick",0,Table9[[#This Row],[GST/HST]]-Table9[[#This Row],[GST Paid by Cx]]) -> 0 | M17: =Table9[[#This Row],[Net Invoice ]]-Table9[[#This Row],[Invoice Paid by Cx]] -> 0 | N17: =D17-K17 -> 0
... E152: =(Table9[[#This Row],[Invoice Amount]]*Dashboard!$F$4)/(100%+Dashboard!$F$4) -> 0 | F152: =Table9[[#This Row],[Invoice Amount]]-Table9[[#This Row],[GST/HST]] -> 0 | G152: =SUMIF('Directors Advances'!$H$6:$H$1500,'Sales + Receivables'!B152,'Directors Advances'!$I$6:$I$1500)+SUMIF('Bank 1'!$H$7:$H$1500,'Sales + Receivables'!B152,'Bank 1'!$I$7:$I$1500)+SUMIF('Bank 2'!$H$7:$H$1500,'Sales + Receivables'!B152,'Bank 2'!$I$7:$I$1500)+SUMIF('Credit Card 1'!$H$7:$H$1500,'Sales + Receivables'!B152,'Credit Card 1'!$I$7:$I$1500)+SUMIF('Credit Card 2'!$H$7:$H$1500,'Sales + Receivables'!B152,'Credit Card 2'!$I$7:$I$1500) -> 0 | H152: =SUMIFS('Directors Advances'!$J$6:$J$1500, 'Directors Advances'!$H$6:$H$1500, 'Sales + Receivables'!B152, 'Directors Advances'!$H$6:$H$1500, "<>0") +SUMIFS('Bank 1'!$J$7:$J$1500, 'Bank 1'!$H$7:$H$1500, 'Sales + Receivables'!B152, 'Bank 1'!$H$7:$H$1500, "<>0") +SUMIFS('Bank 2'!$J$7:$J$1500, 'Bank 2'!$H$7:$H$1500, 'Sales + Receivables'!B152, 'Bank 2'!$H$7:$H$1500, "<>0") +SUMIFS('Credit Card 1'!$J$7:$J$1500, 'Credit Card 1'!$H$7:$H$1500, 'Sales + Receivables'!B152, 'Credit Card 1'!$H$7:$H$1500, "<>0") +SUMIFS('Credit Card 2'!$J$7:$J$1500, 'Credit Card 2'!$H$7:$H$1500, 'Sales + Receivables'!B152, 'Credit Card 2'!$H$7:$H$1500, "<>0") -> 0 | K152: =Table9[[#This Row],[Invoice Paid by Cx]]+Table9[[#This Row],[GST Paid by Cx]] -> 0 | L152: =IF(Dashboard!$F$5="Quick",0,Table9[[#This Row],[GST/HST]]-Table9[[#This Row],[GST Paid by Cx]]) -> 0 | M152: =Table9[[#This Row],[Net Invoice ]]-Table9[[#This Row],[Invoice Paid by Cx]] -> 0 | N152: =D152-K152 -> 0

Sheet Directors Advances
A1: Client Name: | B1: =Dashboard!B3 -> (Enter Company name) | C1: Bank Name: | E1: =Dashboard!A15 -> Directors Advance | G1: Total inflows | H1: =SUMIF(E7:E1048576,">0") -> 0 | L1: Internal reporting account
A2: Period End: | B2: =Dashboard!B5 -> 46234 | C2: Account Number: | E2: =Dashboard!B15 -> 1111111 | G2: Total outflows | H2: =SUMIF(E7:E1048576,"<0") -> 0 | L2: TO BE ENTERED BY CPA IN DASHBOARD
C3: Opening Balance: | E3: =Dashboard!E15 -> 0 | G3: Closing Balance: | H3: =E3+H1+H2 -> 0 | L3: =Dashboard!C15 -> 0
A4: (DD-MM-YYYY) | I4: =SUBTOTAL(9,Bank1[GST/HST]) -> 0
A5: Date | B5: Description | C5: Chart of Accounts | D5: Account Name | E5: Money in/ (Money out) | F5: Bank account number | G5: Balance | H5: Invoice Number | I5: GST/HST | J5: Net amount | K5: Memo | L5: Internal reporting account number
B6: Opening Balance | G6: =E3 -> 0 | I6: =IF(OR(C6="150 Directors advances", C6="120 accounts receivable", C6="720.2 Automobile - Insurance", C6="720.3 Automobile - License", C6="870.4 Rent - Insurance", C6="870.6 Rent - Property Tax", C6="870.7 Rent - Homeoffice", C6="870.9 Rent - Water"), 0, IF(Dashboard!$F$5="Quick", IF(OR(C6="190 Automobile",C6="200 computer hardware",C6="210 Computer software",C6="220 Quickbooks software",C6="230 Office equipment",C6="240 Office furniture"), E6-(E6/(1+Dashboard!$F$4)), 0 ), IF(C6="750 Business promotion", E6-(E6/(1+4.793/100)), E6-(E6/(1+Dashboard!$F$4)) ) ) ) -> 0 | J6: =Bank1[[#This Row],[Money in/ (Money out)]]-Bank1[[#This Row],[GST/HST]] -> 0 | L6: =$L$3 -> 0
B7: Please ignore this | C7: 999 Uncategorized expenses | D7: =_xlfn.XLOOKUP(C:C,Table1[for Import to Bank Register dropdown],Table1[for Pivot],0,0,1) -> 999 Uncategorized expenses | E7: 0 | F7: =$E$2 -> 1111111 | G7: =G6+E7 -> 0 | I7: =IF(OR(C7="150 Directors advances", C7="120 accounts receivable", C7="720.2 Automobile - Insurance", C7="720.3 Automobile - License", C7="870.4 Rent - Insurance", C7="870.6 Rent - Property Tax", C7="870.7 Rent - Homeoffice", C7="870.9 Rent - Water"), 0, IF(Dashboard!$F$5="Quick", IF(OR(C7="190 Automobile",C7="200 computer hardware",C7="210 Computer software",C7="220 Quickbooks software",C7="230 Office equipment",C7="240 Office furniture"), E7-(E7/(1+Dashboard!$F$4)), 0 ), IF(C7="750 Business promotion", E7-(E7/(1+4.793/100)), E7-(E7/(1+Dashboard!$F$4)) ) ) ) -> 0 | J7: =Bank1[[#This Row],[Money in/ (Money out)]]-Bank1[[#This Row],[GST/HST]] -> 0 | L7: =$L$3 -> 0
D8: =_xlfn.XLOOKUP(C:C,Table1[for Import to Bank Register dropdown],Table1[for Pivot],0,0,1) -> 0 | F8: =$E$2 -> 1111111 | G8: =G7+E8 -> 0 | I8: =IF(OR(C8="150 Directors advances", C8="120 accounts receivable", C8="720.2 Automobile - Insurance", C8="720.3 Automobile - License", C8="870.4 Rent - Insurance", C8="870.6 Rent - Property Tax", C8="870.7 Rent - Homeoffice", C8="870.9 Rent - Water"), 0, IF(Dashboard!$F$5="Quick", IF(OR(C8="190 Automobile",C8="200 computer hardware",C8="210 Computer software",C8="220 Quickbooks software",C8="230 Office equipment",C8="240 Office furniture"), E8-(E8/(1+Dashboard!$F$4)), 0 ), IF(C8="750 Business promotion", E8-(E8/(1+4.793/100)), E8-(E8/(1+Dashboard!$F$4)) ) ) ) -> 0 | J8: =Bank1[[#This Row],[Money in/ (Money out)]]-Bank1[[#This Row],[GST/HST]] -> 0 | L8: =$L$3 -> 0
D9: =_xlfn.XLOOKUP(C:C,Table1[for Import to Bank Register dropdown],Table1[for Pivot],0,0,1) -> 0 | F9: =$E$2 -> 1111111 | G9: =G8+E9 -> 0 | I9: =IF(OR(C9="150 Directors advances", C9="120 accounts receivable", C9="720.2 Automobile - Insurance", C9="720.3 Automobile - License", C9="870.4 Rent - Insurance", C9="870.6 Rent - Property Tax", C9="870.7 Rent - Homeoffice", C9="870.9 Rent - Water"), 0, IF(Dashboard!$F$5="Quick", IF(OR(C9="190 Automobile",C9="200 computer hardware",C9="210 Computer software",C9="220 Quickbooks software",C9="230 Office equipment",C9="240 Office furniture"), E9-(E9/(1+Dashboard!$F$4)), 0 ), IF(C9="750 Business promotion", E9-(E9/(1+4.793/100)), E9-(E9/(1+Dashboard!$F$4)) ) ) ) -> 0 | J9: =Bank1[[#This Row],[Money in/ (Money out)]]-Bank1[[#This Row],[GST/HST]] -> 0 | L9: =$L$3 -> 0
D10: =_xlfn.XLOOKUP(C:C,Table1[for Import to Bank Register dropdown],Table1[for Pivot],0,0,1) -> 0 | F10: =$E$2 -> 1111111 | G10: =G9+E10 -> 0 | I10: =IF(OR(C10="150 Directors advances", C10="120 accounts receivable", C10="720.2 Automobile - Insurance", C10="720.3 Automobile - License", C10="870.4 Rent - Insurance", C10="870.6 Rent - Property Tax", C10="870.7 Rent - Homeoffice", C10="870.9 Rent - Water"), 0, IF(Dashboard!$F$5="Quick", IF(OR(C10="190 Automobile",C10="200 computer hardware",C10="210 Computer software",C10="220 Quickbooks software",C10="230 Office equipment",C10="240 Office furniture"), E10-(E10/(1+Dashboard!$F$4)), 0 ), IF(C10="750 Business promotion", E10-(E10/(1+4.793/100)), E10-(E10/(1+Dashboard!$F$4)) ) ) ) -> 0 | J10: =Bank1[[#This Row],[Money in/ (Money out)]]-Bank1[[#This Row],[GST/HST]] -> 0 | L10: =$L$3 -> 0
D11: =_xlfn.XLOOKUP(C:C,Table1[for Import to Bank Register dropdown],Table1[for Pivot],0,0,1) -> 0 | F11: =$E$2 -> 1111111 | G11: =G10+E11 -> 0 | I11: =IF(OR(C11="150 Directors advances", C11="120 accounts receivable", C11="720.2 Automobile - Insurance", C11="720.3 Automobile - License", C11="870.4 Rent - Insurance", C11="870.6 Rent - Property Tax", C11="870.7 Rent - Homeoffice", C11="870.9 Rent - Water"), 0, IF(Dashboard!$F$5="Quick", IF(OR(C11="190 Automobile",C11="200 computer hardware",C11="210 Computer software",C11="220 Quickbooks software",C11="230 Office equipment",C11="240 Office furniture"), E11-(E11/(1+Dashboard!$F$4)), 0 ), IF(C11="750 Business promotion", E11-(E11/(1+4.793/100)), E11-(E11/(1+Dashboard!$F$4)) ) ) ) -> 0 | J11: =Bank1[[#This Row],[Money in/ (Money out)]]-Bank1[[#This Row],[GST/HST]] -> 0 | L11: =$L$3 -> 0
D12: =_xlfn.XLOOKUP(C:C,Table1[for Import to Bank Register dropdown],Table1[for Pivot],0,0,1) -> 0 | F12: =$E$2 -> 1111111 | G12: =G11+E12 -> 0 | I12: =IF(OR(C12="150 Directors advances", C12="120 accounts receivable", C12="720.2 Automobile - Insurance", C12="720.3 Automobile - License", C12="870.4 Rent - Insurance", C12="870.6 Rent - Property Tax", C12="870.7 Rent - Homeoffice", C12="870.9 Rent - Water"), 0, IF(Dashboard!$F$5="Quick", IF(OR(C12="190 Automobile",C12="200 computer hardware",C12="210 Computer software",C12="220 Quickbooks software",C12="230 Office equipment",C12="240 Office furniture"), E12-(E12/(1+Dashboard!$F$4)), 0 ), IF(C12="750 Business promotion", E12-(E12/(1+4.793/100)), E12-(E12/(1+Dashboard!$F$4)) ) ) ) -> 0 | J12: =Bank1[[#This Row],[Money in/ (Money out)]]-Bank1[[#This Row],[GST/HST]] -> 0 | L12: =$L$3 -> 0
D13: =_xlfn.XLOOKUP(C:C,Table1[for Import to Bank Register dropdown],Table1[for Pivot],0,0,1) -> 0 | F13: =$E$2 -> 1111111 | G13: =G12+E13 -> 0 | I13: =IF(OR(C13="150 Directors advances", C13="120 accounts receivable", C13="720.2 Automobile - Insurance", C13="720.3 Automobile - License", C13="870.4 Rent - Insurance", C13="870.6 Rent - Property Tax", C13="870.7 Rent - Homeoffice", C13="870.9 Rent - Water"), 0, IF(Dashboard!$F$5="Quick", IF(OR(C13="190 Automobile",C13="200 computer hardware",C13="210 Computer software",C13="220 Quickbooks software",C13="230 Office equipment",C13="240 Office furniture"), E13-(E13/(1+Dashboard!$F$4)), 0 ), IF(C13="750 Business promotion", E13-(E13/(1+4.793/100)), E13-(E13/(1+Dashboard!$F$4)) ) ) ) -> 0 | J13: =Bank1[[#This Row],[Money in/ (Money out)]]-Bank1[[#This Row],[GST/HST]] -> 0 | L13: =$L$3 -> 0
D14: =_xlfn.XLOOKUP(C:C,Table1[for Import to Bank Register dropdown],Table1[for Pivot],0,0,1) -> 0 | F14: =$E$2 -> 1111111 | G14: =G13+E14 -> 0 | I14: =IF(OR(C14="150 Directors advances", C14="120 accounts receivable", C14="720.2 Automobile - Insurance", C14="720.3 Automobile - License", C14="870.4 Rent - Insurance", C14="870.6 Rent - Property Tax", C14="870.7 Rent - Homeoffice", C14="870.9 Rent - Water"), 0, IF(Dashboard!$F$5="Quick", IF(OR(C14="190 Automobile",C14="200 computer hardware",C14="210 Computer software",C14="220 Quickbooks software",C14="230 Office equipment",C14="240 Office furniture"), E14-(E14/(1+Dashboard!$F$4)), 0 ), IF(C14="750 Business promotion", E14-(E14/(1+4.793/100)), E14-(E14/(1+Dashboard!$F$4)) ) ) ) -> 0 | J14: =Bank1[[#This Row],[Money in/ (Money out)]]-Bank1[[#This Row],[GST/HST]] -> 0 | L14: =$L$3 -> 0
D15: =_xlfn.XLOOKUP(C:C,Table1[for Import to Bank Register dropdown],Table1[for Pivot],0,0,1) -> 0 | F15: =$E$2 -> 1111111 | G15: =G14+E15 -> 0 | I15: =IF(OR(C15="150 Directors advances", C15="120 accounts receivable", C15="720.2 Automobile - Insurance", C15="720.3 Automobile - License", C15="870.4 Rent - Insurance", C15="870.6 Rent - Property Tax", C15="870.7 Rent - Homeoffice", C15="870.9 Rent - Water"), 0, IF(Dashboard!$F$5="Quick", IF(OR(C15="190 Automobile",C15="200 computer hardware",C15="210 Computer software",C15="220 Quickbooks software",C15="230 Office equipment",C15="240 Office furniture"), E15-(E15/(1+Dashboard!$F$4)), 0 ), IF(C15="750 Business promotion", E15-(E15/(1+4.793/100)), E15-(E15/(1+Dashboard!$F$4)) ) ) ) -> 0 | J15: =Bank1[[#This Row],[Money in/ (Money out)]]-Bank1[[#This Row],[GST/HST]] -> 0 | L15: =$L$3 -> 0
D16: =_xlfn.XLOOKUP(C:C,Table1[for Import to Bank Register dropdown],Table1[for Pivot],0,0,1) -> 0 | F16: =$E$2 -> 1111111 | G16: =G15+E16 -> 0 | I16: =IF(OR(C16="150 Directors advances", C16="120 accounts receivable", C16="720.2 Automobile - Insurance", C16="720.3 Automobile - License", C16="870.4 Rent - Insurance", C16="870.6 Rent - Property Tax", C16="870.7 Rent - Homeoffice", C16="870.9 Rent - Water"), 0, IF(Dashboard!$F$5="Quick", IF(OR(C16="190 Automobile",C16="200 computer hardware",C16="210 Computer software",C16="220 Quickbooks software",C16="230 Office equipment",C16="240 Office furniture"), E16-(E16/(1+Dashboard!$F$4)), 0 ), IF(C16="750 Business promotion", E16-(E16/(1+4.793/100)), E16-(E16/(1+Dashboard!$F$4)) ) ) ) -> 0 | J16: =Bank1[[#This Row],[Money in/ (Money out)]]-Bank1[[#This Row],[GST/HST]] -> 0 | L16: =$L$3 -> 0
D17: =_xlfn.XLOOKUP(C:C,Table1[for Import to Bank Register dropdown],Table1[for Pivot],0,0,1) -> 0 | F17: =$E$2 -> 1111111 | G17: =G16+E17 -> 0 | I17: =IF(OR(C17="150 Directors advances", C17="120 accounts receivable", C17="720.2 Automobile - Insurance", C17="720.3 Automobile - License", C17="870.4 Rent - Insurance", C17="870.6 Rent - Property Tax", C17="870.7 Rent - Homeoffice", C17="870.9 Rent - Water"), 0, IF(Dashboard!$F$5="Quick", IF(OR(C17="190 Automobile",C17="200 computer hardware",C17="210 Computer software",C17="220 Quickbooks software",C17="230 Office equipment",C17="240 Office furniture"), E17-(E17/(1+Dashboard!$F$4)), 0 ), IF(C17="750 Business promotion", E17-(E17/(1+4.793/100)), E17-(E17/(1+Dashboard!$F$4)) ) ) ) -> 0 | J17: =Bank1[[#This Row],[Money in/ (Money out)]]-Bank1[[#This Row],[GST/HST]] -> 0 | L17: =$L$3 -> 0
D18: =_xlfn.XLOOKUP(C:C,Table1[for Import to Bank Register dropdown],Table1[for Pivot],0,0,1) -> 0 | F18: =$E$2 -> 1111111 | G18: =G17+E18 -> 0 | I18: =IF(OR(C18="150 Directors advances", C18="120 accounts receivable", C18="720.2 Automobile - Insurance", C18="720.3 Automobile - License", C18="870.4 Rent - Insurance", C18="870.6 Rent - Property Tax", C18="870.7 Rent - Homeoffice", C18="870.9 Rent - Water"), 0, IF(Dashboard!$F$5="Quick", IF(OR(C18="190 Automobile",C18="200 computer hardware",C18="210 Computer software",C18="220 Quickbooks software",C18="230 Office equipment",C18="240 Office furniture"), E18-(E18/(1+Dashboard!$F$4)), 0 ), IF(C18="750 Business promotion", E18-(E18/(1+4.793/100)), E18-(E18/(1+Dashboard!$F$4)) ) ) ) -> 0 | J18: =Bank1[[#This Row],[Money in/ (Money out)]]-Bank1[[#This Row],[GST/HST]] -> 0 | L18: =$L$3 -> 0
D19: =_xlfn.XLOOKUP(C:C,Table1[for Import to Bank Register dropdown],Table1[for Pivot],0,0,1) -> 0 | F19: =$E$2 -> 1111111 | G19: =G18+E19 -> 0 | I19: =IF(OR(C19="150 Directors advances", C19="120 accounts receivable", C19="720.2 Automobile - Insurance", C19="720.3 Automobile - License", C19="870.4 Rent - Insurance", C19="870.6 Rent - Property Tax", C19="870.7 Rent - Homeoffice", C19="870.9 Rent - Water"), 0, IF(Dashboard!$F$5="Quick", IF(OR(C19="190 Automobile",C19="200 computer hardware",C19="210 Computer software",C19="220 Quickbooks software",C19="230 Office equipment",C19="240 Office furniture"), E19-(E19/(1+Dashboard!$F$4)), 0 ), IF(C19="750 Business promotion", E19-(E19/(1+4.793/100)), E19-(E19/(1+Dashboard!$F$4)) ) ) ) -> 0 | J19: =Bank1[[#This Row],[Money in/ (Money out)]]-Bank1[[#This Row],[GST/HST]] -> 0 | L19: =$L$3 -> 0
... D1500: =_xlfn.XLOOKUP(C:C,Table1[for Import to Bank Register dropdown],Table1[for Pivot],0,0,1) -> 0 | F1500: =$E$2 -> 1111111 | G1500: =G1499+E1500 -> 0 | I1500: =IF(OR(C1500="150 Directors advances", C1500="120 accounts receivable", C1500="720.2 Automobile - Insurance", C1500="720.3 Automobile - License", C1500="870.4 Rent - Insurance", C1500="870.6 Rent - Property Tax", C1500="870.7 Rent - Homeoffice", C1500="870.9 Rent - Water"), 0, IF(Dashboard!$F$5="Quick", IF(OR(C1500="190 Automobile",C1500="200 computer hardware",C1500="210 Computer software",C1500="220 Quickbooks software",C1500="230 Office equipment",C1500="240 Office furniture"), E1500-(E1500/(1+Dashboard!$F$4)), 0 ), IF(C1500="750 Business promotion", E1500-(E1500/(1+4.793/100)), E1500-(E1500/(1+Dashboard!$F$4)) ) ) ) -> 0 | J1500: =Bank1[[#This Row],[Money in/ (Money out)]]-Bank1[[#This Row],[GST/HST]] -> 0 | L1500: =$L$3 -> 0

Sheet Bank 1
A1: Client Name: | B1: =Dashboard!B3 -> (Enter Company name) | C1: Bank Name: | E1: =Dashboard!A16 -> Bank 1 | G1: Total inflows | H1: =SUMIF(E7:E1048576,">0") -> 0 | L1: Internal reporting account
A2: Period End: | B2: =Dashboard!B5 -> 46234 | C2: Account Number: | E2: =Dashboard!B16 -> 2222222 | G2: Total outflows | H2: =SUMIF(E7:E1048576,"<0") -> 0 | L2: TO BE ENTERED BY CPA IN DASHBOARD
C3: Opening Balance: | E3: =Dashboard!E16 -> 0 | G3: Closing Balance: | H3: =E3+H1+H2 -> 0 | L3: =Dashboard!C16 -> 0
A4: (DD-MM-YYYY) | I4: =SUBTOTAL(9,Bank2[GST/HST]) -> 0
A5: Date | B5: Description | C5: Chart of Accounts | D5: Account Name | E5: Money in/ (Money out) | F5: Bank account number | G5: Balance | H5: Invoice Number | I5: GST/HST | J5: Net amount | K5: Memo | L5: Internal reporting account number
B6: Opening Balance | G6: =E3 -> 0 | I6: =IF(OR(C6="150 Directors advances", C6="120 accounts receivable", C6="720.2 Automobile - Insurance", C6="720.3 Automobile - License", C6="870.4 Rent - Insurance", C6="870.6 Rent - Property Tax", C6="870.7 Rent - Homeoffice", C6="870.9 Rent - Water"), 0, IF(Dashboard!$F$5="Quick", IF(OR(C6="190 Automobile",C6="200 computer hardware",C6="210 Computer software",C6="220 Quickbooks software",C6="230 Office equipment",C6="240 Office furniture"), E6-(E6/(1+Dashboard!$F$4)), 0 ), IF(C6="750 Business promotion", E6-(E6/(1+4.793/100)), E6-(E6/(1+Dashboard!$F$4)) ) ) ) -> 0 | J6: =Bank2[[#This Row],[Money in/ (Money out)]]-Bank2[[#This Row],[GST/HST]] -> 0 | L6: =$L$3 -> 0
B7: Please ignore this | C7: 999 Uncategorized expenses | D7: =_xlfn.XLOOKUP(C:C,Table1[for Import to Bank Register dropdown],Table1[for Pivot],0,0,1) -> 999 Uncategorized expenses | E7: 0 | F7: =$E$2 -> 2222222 | G7: =G6+E7 -> 0 | I7: =IF(OR(C7="150 Directors advances", C7="120 accounts receivable", C7="720.2 Automobile - Insurance", C7="720.3 Automobile - License", C7="870.4 Rent - Insurance", C7="870.6 Rent - Property Tax", C7="870.7 Rent - Homeoffice", C7="870.9 Rent - Water"), 0, IF(Dashboard!$F$5="Quick", IF(OR(C7="190 Automobile",C7="200 computer hardware",C7="210 Computer software",C7="220 Quickbooks software",C7="230 Office equipment",C7="240 Office furniture"), E7-(E7/(1+Dashboard!$F$4)), 0 ), IF(C7="750 Business promotion", E7-(E7/(1+4.793/100)), E7-(E7/(1+Dashboard!$F$4)) ) ) ) -> 0 | J7: =Bank2[[#This Row],[Money in/ (Money out)]]-Bank2[[#This Row],[GST/HST]] -> 0 | L7: =$L$3 -> 0
D8: =_xlfn.XLOOKUP(C:C,Table1[for Import to Bank Register dropdown],Table1[for Pivot],0,0,1) -> 0 | F8: =$E$2 -> 2222222 | G8: =G7+E8 -> 0 | I8: =IF(OR(C8="150 Directors advances", C8="120 accounts receivable", C8="720.2 Automobile - Insurance", C8="720.3 Automobile - License", C8="870.4 Rent - Insurance", C8="870.6 Rent - Property Tax", C8="870.7 Rent - Homeoffice", C8="870.9 Rent - Water"), 0, IF(Dashboard!$F$5="Quick", IF(OR(C8="190 Automobile",C8="200 computer hardware",C8="210 Computer software",C8="220 Quickbooks software",C8="230 Office equipment",C8="240 Office furniture"), E8-(E8/(1+Dashboard!$F$4)), 0 ), IF(C8="750 Business promotion", E8-(E8/(1+4.793/100)), E8-(E8/(1+Dashboard!$F$4)) ) ) ) -> 0 | J8: =Bank2[[#This Row],[Money in/ (Money out)]]-Bank2[[#This Row],[GST/HST]] -> 0 | L8: =$L$3 -> 0
D9: =_xlfn.XLOOKUP(C:C,Table1[for Import to Bank Register dropdown],Table1[for Pivot],0,0,1) -> 0 | F9: =$E$2 -> 2222222 | G9: =G8+E9 -> 0 | I9: =IF(OR(C9="150 Directors advances", C9="120 accounts receivable", C9="720.2 Automobile - Insurance", C9="720.3 Automobile - License", C9="870.4 Rent - Insurance", C9="870.6 Rent - Property Tax", C9="870.7 Rent - Homeoffice", C9="870.9 Rent - Water"), 0, IF(Dashboard!$F$5="Quick", IF(OR(C9="190 Automobile",C9="200 computer hardware",C9="210 Computer software",C9="220 Quickbooks software",C9="230 Office equipment",C9="240 Office furniture"), E9-(E9/(1+Dashboard!$F$4)), 0 ), IF(C9="750 Business promotion", E9-(E9/(1+4.793/100)), E9-(E9/(1+Dashboard!$F$4)) ) ) ) -> 0 | J9: =Bank2[[#This Row],[Money in/ (Money out)]]-Bank2[[#This Row],[GST/HST]] -> 0 | L9: =$L$3 -> 0
D10: =_xlfn.XLOOKUP(C:C,Table1[for Import to Bank Register dropdown],Table1[for Pivot],0,0,1) -> 0 | F10: =$E$2 -> 2222222 | G10: =G9+E10 -> 0 | I10: =IF(OR(C10="150 Directors advances", C10="120 accounts receivable", C10="720.2 Automobile - Insurance", C10="720.3 Automobile - License", C10="870.4 Rent - Insurance", C10="870.6 Rent - Property Tax", C10="870.7 Rent - Homeoffice", C10="870.9 Rent - Water"), 0, IF(Dashboard!$F$5="Quick", IF(OR(C10="190 Automobile",C10="200 computer hardware",C10="210 Computer software",C10="220 Quickbooks software",C10="230 Office equipment",C10="240 Office furniture"), E10-(E10/(1+Dashboard!$F$4)), 0 ), IF(C10="750 Business promotion", E10-(E10/(1+4.793/100)), E10-(E10/(1+Dashboard!$F$4)) ) ) ) -> 0 | J10: =Bank2[[#This Row],[Money in/ (Money out)]]-Bank2[[#This Row],[GST/HST]] -> 0 | L10: =$L$3 -> 0
D11: =_xlfn.XLOOKUP(C:C,Table1[for Import to Bank Register dropdown],Table1[for Pivot],0,0,1) -> 0 | F11: =$E$2 -> 2222222 | G11: =G10+E11 -> 0 | I11: =IF(OR(C11="150 Directors advances", C11="120 accounts receivable", C11="720.2 Automobile - Insurance", C11="720.3 Automobile - License", C11="870.4 Rent - Insurance", C11="870.6 Rent - Property Tax", C11="870.7 Rent - Homeoffice", C11="870.9 Rent - Water"), 0, IF(Dashboard!$F$5="Quick", IF(OR(C11="190 Automobile",C11="200 computer hardware",C11="210 Computer software",C11="220 Quickbooks software",C11="230 Office equipment",C11="240 Office furniture"), E11-(E11/(1+Dashboard!$F$4)), 0 ), IF(C11="750 Business promotion", E11-(E11/(1+4.793/100)), E11-(E11/(1+Dashboard!$F$4)) ) ) ) -> 0 | J11: =Bank2[[#This Row],[Money in/ (Money out)]]-Bank2[[#This Row],[GST/HST]] -> 0 | L11: =$L$3 -> 0
D12: =_xlfn.XLOOKUP(C:C,Table1[for Import to Bank Register dropdown],Table1[for Pivot],0,0,1) -> 0 | F12: =$E$2 -> 2222222 | G12: =G11+E12 -> 0 | I12: =IF(OR(C12="150 Directors advances", C12="120 accounts receivable", C12="720.2 Automobile - Insurance", C12="720.3 Automobile - License", C12="870.4 Rent - Insurance", C12="870.6 Rent - Property Tax", C12="870.7 Rent - Homeoffice", C12="870.9 Rent - Water"), 0, IF(Dashboard!$F$5="Quick", IF(OR(C12="190 Automobile",C12="200 computer hardware",C12="210 Computer software",C12="220 Quickbooks software",C12="230 Office equipment",C12="240 Office furniture"), E12-(E12/(1+Dashboard!$F$4)), 0 ), IF(C12="750 Business promotion", E12-(E12/(1+4.793/100)), E12-(E12/(1+Dashboard!$F$4)) ) ) ) -> 0 | J12: =Bank2[[#This Row],[Money in/ (Money out)]]-Bank2[[#This Row],[GST/HST]] -> 0 | L12: =$L$3 -> 0
D13: =_xlfn.XLOOKUP(C:C,Table1[for Import to Bank Register dropdown],Table1[for Pivot],0,0,1) -> 0 | F13: =$E$2 -> 2222222 | G13: =G12+E13 -> 0 | I13: =IF(OR(C13="150 Directors advances", C13="120 accounts receivable", C13="720.2 Automobile - Insurance", C13="720.3 Automobile - License", C13="870.4 Rent - Insurance", C13="870.6 Rent - Property Tax", C13="870.7 Rent - Homeoffice", C13="870.9 Rent - Water"), 0, IF(Dashboard!$F$5="Quick", IF(OR(C13="190 Automobile",C13="200 computer hardware",C13="210 Computer software",C13="220 Quickbooks software",C13="230 Office equipment",C13="240 Office furniture"), E13-(E13/(1+Dashboard!$F$4)), 0 ), IF(C13="750 Business promotion", E13-(E13/(1+4.793/100)), E13-(E13/(1+Dashboard!$F$4)) ) ) ) -> 0 | J13: =Bank2[[#This Row],[Money in/ (Money out)]]-Bank2[[#This Row],[GST/HST]] -> 0 | L13: =$L$3 -> 0
D14: =_xlfn.XLOOKUP(C:C,Table1[for Import to Bank Register dropdown],Table1[for Pivot],0,0,1) -> 0 | F14: =$E$2 -> 2222222 | G14: =G13+E14 -> 0 | I14: =IF(OR(C14="150 Directors advances", C14="120 accounts receivable", C14="720.2 Automobile - Insurance", C14="720.3 Automobile - License", C14="870.4 Rent - Insurance", C14="870.6 Rent - Property Tax", C14="870.7 Rent - Homeoffice", C14="870.9 Rent - Water"), 0, IF(Dashboard!$F$5="Quick", IF(OR(C14="190 Automobile",C14="200 computer hardware",C14="210 Computer software",C14="220 Quickbooks software",C14="230 Office equipment",C14="240 Office furniture"), E14-(E14/(1+Dashboard!$F$4)), 0 ), IF(C14="750 Business promotion", E14-(E14/(1+4.793/100)), E14-(E14/(1+Dashboard!$F$4)) ) ) ) -> 0 | J14: =Bank2[[#This Row],[Money in/ (Money out)]]-Bank2[[#This Row],[GST/HST]] -> 0 | L14: =$L$3 -> 0
D15: =_xlfn.XLOOKUP(C:C,Table1[for Import to Bank Register dropdown],Table1[for Pivot],0,0,1) -> 0 | F15: =$E$2 -> 2222222 | G15: =G14+E15 -> 0 | I15: =IF(OR(C15="150 Directors advances", C15="120 accounts receivable", C15="720.2 Automobile - Insurance", C15="720.3 Automobile - License", C15="870.4 Rent - Insurance", C15="870.6 Rent - Property Tax", C15="870.7 Rent - Homeoffice", C15="870.9 Rent - Water"), 0, IF(Dashboard!$F$5="Quick", IF(OR(C15="190 Automobile",C15="200 computer hardware",C15="210 Computer software",C15="220 Quickbooks software",C15="230 Office equipment",C15="240 Office furniture"), E15-(E15/(1+Dashboard!$F$4)), 0 ), IF(C15="750 Business promotion", E15-(E15/(1+4.793/100)), E15-(E15/(1+Dashboard!$F$4)) ) ) ) -> 0 | J15: =Bank2[[#This Row],[Money in/ (Money out)]]-Bank2[[#This Row],[GST/HST]] -> 0 | L15: =$L$3 -> 0
D16: =_xlfn.XLOOKUP(C:C,Table1[for Import to Bank Register dropdown],Table1[for Pivot],0,0,1) -> 0 | F16: =$E$2 -> 2222222 | G16: =G15+E16 -> 0 | I16: =IF(OR(C16="150 Directors advances", C16="120 accounts receivable", C16="720.2 Automobile - Insurance", C16="720.3 Automobile - License", C16="870.4 Rent - Insurance", C16="870.6 Rent - Property Tax", C16="870.7 Rent - Homeoffice", C16="870.9 Rent - Water"), 0, IF(Dashboard!$F$5="Quick", IF(OR(C16="190 Automobile",C16="200 computer hardware",C16="210 Computer software",C16="220 Quickbooks software",C16="230 Office equipment",C16="240 Office furniture"), E16-(E16/(1+Dashboard!$F$4)), 0 ), IF(C16="750 Business promotion", E16-(E16/(1+4.793/100)), E16-(E16/(1+Dashboard!$F$4)) ) ) ) -> 0 | J16: =Bank2[[#This Row],[Money in/ (Money out)]]-Bank2[[#This Row],[GST/HST]] -> 0 | L16: =$L$3 -> 0
D17: =_xlfn.XLOOKUP(C:C,Table1[for Import to Bank Register dropdown],Table1[for Pivot],0,0,1) -> 0 | F17: =$E$2 -> 2222222 | G17: =G16+E17 -> 0 | I17: =IF(OR(C17="150 Directors advances", C17="120 accounts receivable", C17="720.2 Automobile - Insurance", C17="720.3 Automobile - License", C17="870.4 Rent - Insurance", C17="870.6 Rent - Property Tax", C17="870.7 Rent - Homeoffice", C17="870.9 Rent - Water"), 0, IF(Dashboard!$F$5="Quick", IF(OR(C17="190 Automobile",C17="200 computer hardware",C17="210 Computer software",C17="220 Quickbooks software",C17="230 Office equipment",C17="240 Office furniture"), E17-(E17/(1+Dashboard!$F$4)), 0 ), IF(C17="750 Business promotion", E17-(E17/(1+4.793/100)), E17-(E17/(1+Dashboard!$F$4)) ) ) ) -> 0 | J17: =Bank2[[#This Row],[Money in/ (Money out)]]-Bank2[[#This Row],[GST/HST]] -> 0 | L17: =$L$3 -> 0
D18: =_xlfn.XLOOKUP(C:C,Table1[for Import to Bank Register dropdown],Table1[for Pivot],0,0,1) -> 0 | F18: =$E$2 -> 2222222 | G18: =G17+E18 -> 0 | I18: =IF(OR(C18="150 Directors advances", C18="120 accounts receivable", C18="720.2 Automobile - Insurance", C18="720.3 Automobile - License", C18="870.4 Rent - Insurance", C18="870.6 Rent - Property Tax", C18="870.7 Rent - Homeoffice", C18="870.9 Rent - Water"), 0, IF(Dashboard!$F$5="Quick", IF(OR(C18="190 Automobile",C18="200 computer hardware",C18="210 Computer software",C18="220 Quickbooks software",C18="230 Office equipment",C18="240 Office furniture"), E18-(E18/(1+Dashboard!$F$4)), 0 ), IF(C18="750 Business promotion", E18-(E18/(1+4.793/100)), E18-(E18/(1+Dashboard!$F$4)) ) ) ) -> 0 | J18: =Bank2[[#This Row],[Money in/ (Money out)]]-Bank2[[#This Row],[GST/HST]] -> 0 | L18: =$L$3 -> 0
D19: =_xlfn.XLOOKUP(C:C,Table1[for Import to Bank Register dropdown],Table1[for Pivot],0,0,1) -> 0 | F19: =$E$2 -> 2222222 | G19: =G18+E19 -> 0 | I19: =IF(OR(C19="150 Directors advances", C19="120 accounts receivable", C19="720.2 Automobile - Insurance", C19="720.3 Automobile - License", C19="870.4 Rent - Insurance", C19="870.6 Rent - Property Tax", C19="870.7 Rent - Homeoffice", C19="870.9 Rent - Water"), 0, IF(Dashboard!$F$5="Quick", IF(OR(C19="190 Automobile",C19="200 computer hardware",C19="210 Computer software",C19="220 Quickbooks software",C19="230 Office equipment",C19="240 Office furniture"), E19-(E19/(1+Dashboard!$F$4)), 0 ), IF(C19="750 Business promotion", E19-(E19/(1+4.793/100)), E19-(E19/(1+Dashboard!$F$4)) ) ) ) -> 0 | J19: =Bank2[[#This Row],[Money in/ (Money out)]]-Bank2[[#This Row],[GST/HST]] -> 0 | L19: =$L$3 -> 0
... D1500: =_xlfn.XLOOKUP(C:C,Table1[for Import to Bank Register dropdown],Table1[for Pivot],0,0,1) -> 0 | F1500: =$E$2 -> 2222222 | G1500: =G1499+E1500 -> 0 | I1500: =IF(OR(C1500="150 Directors advances", C1500="120 accounts receivable", C1500="720.2 Automobile - Insurance", C1500="720.3 Automobile - License", C1500="870.4 Rent - Insurance", C1500="870.6 Rent - Property Tax", C1500="870.7 Rent - Homeoffice", C1500="870.9 Rent - Water"), 0, IF(Dashboard!$F$5="Quick", IF(OR(C1500="190 Automobile",C1500="200 computer hardware",C1500="210 Computer software",C1500="220 Quickbooks software",C1500="230 Office equipment",C1500="240 Office furniture"), E1500-(E1500/(1+Dashboard!$F$4)), 0 ), IF(C1500="750 Business promotion", E1500-(E1500/(1+4.793/100)), E1500-(E1500/(1+Dashboard!$F$4)) ) ) ) -> 0 | J1500: =Bank2[[#This Row],[Money in/ (Money out)]]-Bank2[[#This Row],[GST/HST]] -> 0 | L1500: =$L$3 -> 0

Sheet Bank 2
A1: Client Name: | B1: =Dashboard!B3 -> (Enter Company name) | C1: Bank Name: | E1: =Dashboard!A17 -> Bank 2 | G1: Total inflows | H1: =SUMIF(E7:E1048576,">0") -> 0 | L1: Internal reporting account
A2: Period End: | B2: =Dashboard!B5 -> 46234 | C2: Account Number: | E2: =Dashboard!B17 -> 3333333 | G2: Total outflows | H2: =SUMIF(E7:E1048576,"<0") -> 0 | L2: TO BE ENTERED BY CPA IN DASHBOARD
C3: Opening Balance: | E3: =Dashboard!E17 -> 0 | G3: Closing Balance: | H3: =E3+H1+H2 -> 0 | L3: =Dashboard!C17 -> 0
A4: (DD-MM-YYYY) | I4: =SUBTOTAL(9,Bank3[GST/HST]) -> 0
A5: Date | B5: Description | C5: Chart of Accounts | D5: Account Name | E5: Money in/ (Money out) | F5: Bank account number | G5: Balance | H5: Invoice Number | I5: GST/HST | J5: Net amount | K5: Memo | L5: Internal reporting account number
B6: Opening Balance | D6: =_xlfn.XLOOKUP(C:C,Table1[for Import to Bank Register dropdown],Table1[for Pivot],0,0,1) -> 0 | F6: =$E$2 -> 3333333 | G6: =E3 -> 0 | I6: =IF(OR(C6="150 Directors advances", C6="120 accounts receivable", C6="720.2 Automobile - Insurance", C6="720.3 Automobile - License", C6="870.4 Rent - Insurance", C6="870.6 Rent - Property Tax", C6="870.7 Rent - Homeoffice", C6="870.9 Rent - Water"), 0, IF(Dashboard!$F$5="Quick", IF(OR(C6="190 Automobile",C6="200 computer hardware",C6="210 Computer software",C6="220 Quickbooks software",C6="230 Office equipment",C6="240 Office furniture"), E6-(E6/(1+Dashboard!$F$4)), 0 ), IF(C6="750 Business promotion", E6-(E6/(1+4.793/100)), E6-(E6/(1+Dashboard!$F$4)) ) ) ) -> 0 | J6: =Bank3[[#This Row],[Money in/ (Money out)]]-Bank3[[#This Row],[GST/HST]] -> 0 | L6: =$L$3 -> 0
B7: Please ignore this | C7: 999 Uncategorized expenses | D7: =_xlfn.XLOOKUP(C:C,Table1[for Import to Bank Register dropdown],Table1[for Pivot],0,0,1) -> 999 Uncategorized expenses | E7: 0 | F7: =$E$2 -> 3333333 | G7: =G6+Bank3[[#This Row],[Money in/ (Money out)]] -> 0 | I7: =IF(OR(C7="150 Directors advances", C7="120 accounts receivable", C7="720.2 Automobile - Insurance", C7="720.3 Automobile - License", C7="870.4 Rent - Insurance", C7="870.6 Rent - Property Tax", C7="870.7 Rent - Homeoffice", C7="870.9 Rent - Water"), 0, IF(Dashboard!$F$5="Quick", IF(OR(C7="190 Automobile",C7="200 computer hardware",C7="210 Computer software",C7="220 Quickbooks software",C7="230 Office equipment",C7="240 Office furniture"), E7-(E7/(1+Dashboard!$F$4)), 0 ), IF(C7="750 Business promotion", E7-(E7/(1+4.793/100)), E7-(E7/(1+Dashboard!$F$4)) ) ) ) -> 0 | J7: =Bank3[[#This Row],[Money in/ (Money out)]]-Bank3[[#This Row],[GST/HST]] -> 0 | L7: =$L$3 -> 0
D8: =_xlfn.XLOOKUP(C:C,Table1[for Import to Bank Register dropdown],Table1[for Pivot],0,0,1) -> 0 | F8: =$E$2 -> 3333333 | G8: =G7+Bank3[[#This Row],[Money in/ (Money out)]] -> 0 | I8: =IF(OR(C8="150 Directors advances", C8="120 accounts receivable", C8="720.2 Automobile - Insurance", C8="720.3 Automobile - License", C8="870.4 Rent - Insurance", C8="870.6 Rent - Property Tax", C8="870.7 Rent - Homeoffice", C8="870.9 Rent - Water"), 0, IF(Dashboard!$F$5="Quick", IF(OR(C8="190 Automobile",C8="200 computer hardware",C8="210 Computer software",C8="220 Quickbooks software",C8="230 Office equipment",C8="240 Office furniture"), E8-(E8/(1+Dashboard!$F$4)), 0 ), IF(C8="750 Business promotion", E8-(E8/(1+4.793/100)), E8-(E8/(1+Dashboard!$F$4)) ) ) ) -> 0 | J8: =Bank3[[#This Row],[Money in/ (Money out)]]-Bank3[[#This Row],[GST/HST]] -> 0 | L8: =$L$3 -> 0
D9: =_xlfn.XLOOKUP(C:C,Table1[for Import to Bank Register dropdown],Table1[for Pivot],0,0,1) -> 0 | F9: =$E$2 -> 3333333 | G9: =G8+Bank3[[#This Row],[Money in/ (Money out)]] -> 0 | I9: =IF(OR(C9="150 Directors advances", C9="120 accounts receivable", C9="720.2 Automobile - Insurance", C9="720.3 Automobile - License", C9="870.4 Rent - Insurance", C9="870.6 Rent - Property Tax", C9="870.7 Rent - Homeoffice", C9="870.9 Rent - Water"), 0, IF(Dashboard!$F$5="Quick", IF(OR(C9="190 Automobile",C9="200 computer hardware",C9="210 Computer software",C9="220 Quickbooks software",C9="230 Office equipment",C9="240 Office furniture"), E9-(E9/(1+Dashboard!$F$4)), 0 ), IF(C9="750 Business promotion", E9-(E9/(1+4.793/100)), E9-(E9/(1+Dashboard!$F$4)) ) ) ) -> 0 | J9: =Bank3[[#This Row],[Money in/ (Money out)]]-Bank3[[#This Row],[GST/HST]] -> 0 | L9: =$L$3 -> 0
D10: =_xlfn.XLOOKUP(C:C,Table1[for Import to Bank Register dropdown],Table1[for Pivot],0,0,1) -> 0 | F10: =$E$2 -> 3333333 | G10: =G9+Bank3[[#This Row],[Money in/ (Money out)]] -> 0 | I10: =IF(OR(C10="150 Directors advances", C10="120 accounts receivable", C10="720.2 Automobile - Insurance", C10="720.3 Automobile - License", C10="870.4 Rent - Insurance", C10="870.6 Rent - Property Tax", C10="870.7 Rent - Homeoffice", C10="870.9 Rent - Water"), 0, IF(Dashboard!$F$5="Quick", IF(OR(C10="190 Automobile",C10="200 computer hardware",C10="210 Computer software",C10="220 Quickbooks software",C10="230 Office equipment",C10="240 Office furniture"), E10-(E10/(1+Dashboard!$F$4)), 0 ), IF(C10="750 Business promotion", E10-(E10/(1+4.793/100)), E10-(E10/(1+Dashboard!$F$4)) ) ) ) -> 0 | J10: =Bank3[[#This Row],[Money in/ (Money out)]]-Bank3[[#This Row],[GST/HST]] -> 0 | L10: =$L$3 -> 0
D11: =_xlfn.XLOOKUP(C:C,Table1[for Import to Bank Register dropdown],Table1[for Pivot],0,0,1) -> 0 | F11: =$E$2 -> 3333333 | G11: =G10+Bank3[[#This Row],[Money in/ (Money out)]] -> 0 | I11: =IF(OR(C11="150 Directors advances", C11="120 accounts receivable", C11="720.2 Automobile - Insurance", C11="720.3 Automobile - License", C11="870.4 Rent - Insurance", C11="870.6 Rent - Property Tax", C11="870.7 Rent - Homeoffice", C11="870.9 Rent - Water"), 0, IF(Dashboard!$F$5="Quick", IF(OR(C11="190 Automobile",C11="200 computer hardware",C11="210 Computer software",C11="220 Quickbooks software",C11="230 Office equipment",C11="240 Office furniture"), E11-(E11/(1+Dashboard!$F$4)), 0 ), IF(C11="750 Business promotion", E11-(E11/(1+4.793/100)), E11-(E11/(1+Dashboard!$F$4)) ) ) ) -> 0 | J11: =Bank3[[#This Row],[Money in/ (Money out)]]-Bank3[[#This Row],[GST/HST]] -> 0 | L11: =$L$3 -> 0
D12: =_xlfn.XLOOKUP(C:C,Table1[for Import to Bank Register dropdown],Table1[for Pivot],0,0,1) -> 0 | F12: =$E$2 -> 3333333 | G12: =G11+Bank3[[#This Row],[Money in/ (Money out)]] -> 0 | I12: =IF(OR(C12="150 Directors advances", C12="120 accounts receivable", C12="720.2 Automobile - Insurance", C12="720.3 Automobile - License", C12="870.4 Rent - Insurance", C12="870.6 Rent - Property Tax", C12="870.7 Rent - Homeoffice", C12="870.9 Rent - Water"), 0, IF(Dashboard!$F$5="Quick", IF(OR(C12="190 Automobile",C12="200 computer hardware",C12="210 Computer software",C12="220 Quickbooks software",C12="230 Office equipment",C12="240 Office furniture"), E12-(E12/(1+Dashboard!$F$4)), 0 ), IF(C12="750 Business promotion", E12-(E12/(1+4.793/100)), E12-(E12/(1+Dashboard!$F$4)) ) ) ) -> 0 | J12: =Bank3[[#This Row],[Money in/ (Money out)]]-Bank3[[#This Row],[GST/HST]] -> 0 | L12: =$L$3 -> 0
D13: =_xlfn.XLOOKUP(C:C,Table1[for Import to Bank Register dropdown],Table1[for Pivot],0,0,1) -> 0 | F13: =$E$2 -> 3333333 | G13: =G12+Bank3[[#This Row],[Money in/ (Money out)]] -> 0 | I13: =IF(OR(C13="150 Directors advances", C13="120 accounts receivable", C13="720.2 Automobile - Insurance", C13="720.3 Automobile - License", C13="870.4 Rent - Insurance", C13="870.6 Rent - Property Tax", C13="870.7 Rent - Homeoffice", C13="870.9 Rent - Water"), 0, IF(Dashboard!$F$5="Quick", IF(OR(C13="190 Automobile",C13="200 computer hardware",C13="210 Computer software",C13="220 Quickbooks software",C13="230 Office equipment",C13="240 Office furniture"), E13-(E13/(1+Dashboard!$F$4)), 0 ), IF(C13="750 Business promotion", E13-(E13/(1+4.793/100)), E13-(E13/(1+Dashboard!$F$4)) ) ) ) -> 0 | J13: =Bank3[[#This Row],[Money in/ (Money out)]]-Bank3[[#This Row],[GST/HST]] -> 0 | L13: =$L$3 -> 0
D14: =_xlfn.XLOOKUP(C:C,Table1[for Import to Bank Register dropdown],Table1[for Pivot],0,0,1) -> 0 | F14: =$E$2 -> 3333333 | G14: =G13+Bank3[[#This Row],[Money in/ (Money out)]] -> 0 | I14: =IF(OR(C14="150 Directors advances", C14="120 accounts receivable", C14="720.2 Automobile - Insurance", C14="720.3 Automobile - License", C14="870.4 Rent - Insurance", C14="870.6 Rent - Property Tax", C14="870.7 Rent - Homeoffice", C14="870.9 Rent - Water"), 0, IF(Dashboard!$F$5="Quick", IF(OR(C14="190 Automobile",C14="200 computer hardware",C14="210 Computer software",C14="220 Quickbooks software",C14="230 Office equipment",C14="240 Office furniture"), E14-(E14/(1+Dashboard!$F$4)), 0 ), IF(C14="750 Business promotion", E14-(E14/(1+4.793/100)), E14-(E14/(1+Dashboard!$F$4)) ) ) ) -> 0 | J14: =Bank3[[#This Row],[Money in/ (Money out)]]-Bank3[[#This Row],[GST/HST]] -> 0 | L14: =$L$3 -> 0
D15: =_xlfn.XLOOKUP(C:C,Table1[for Import to Bank Register dropdown],Table1[for Pivot],0,0,1) -> 0 | F15: =$E$2 -> 3333333 | G15: =G14+Bank3[[#This Row],[Money in/ (Money out)]] -> 0 | I15: =IF(OR(C15="150 Directors advances", C15="120 accounts receivable", C15="720.2 Automobile - Insurance", C15="720.3 Automobile - License", C15="870.4 Rent - Insurance", C15="870.6 Rent - Property Tax", C15="870.7 Rent - Homeoffice", C15="870.9 Rent - Water"), 0, IF(Dashboard!$F$5="Quick", IF(OR(C15="190 Automobile",C15="200 computer hardware",C15="210 Computer software",C15="220 Quickbooks software",C15="230 Office equipment",C15="240 Office furniture"), E15-(E15/(1+Dashboard!$F$4)), 0 ), IF(C15="750 Business promotion", E15-(E15/(1+4.793/100)), E15-(E15/(1+Dashboard!$F$4)) ) ) ) -> 0 | J15: =Bank3[[#This Row],[Money in/ (Money out)]]-Bank3[[#This Row],[GST/HST]] -> 0 | L15: =$L$3 -> 0
D16: =_xlfn.XLOOKUP(C:C,Table1[for Import to Bank Register dropdown],Table1[for Pivot],0,0,1) -> 0 | F16: =$E$2 -> 3333333 | G16: =G15+Bank3[[#This Row],[Money in/ (Money out)]] -> 0 | I16: =IF(OR(C16="150 Directors advances", C16="120 accounts receivable", C16="720.2 Automobile - Insurance", C16="720.3 Automobile - License", C16="870.4 Rent - Insurance", C16="870.6 Rent - Property Tax", C16="870.7 Rent - Homeoffice", C16="870.9 Rent - Water"), 0, IF(Dashboard!$F$5="Quick", IF(OR(C16="190 Automobile",C16="200 computer hardware",C16="210 Computer software",C16="220 Quickbooks software",C16="230 Office equipment",C16="240 Office furniture"), E16-(E16/(1+Dashboard!$F$4)), 0 ), IF(C16="750 Business promotion", E16-(E16/(1+4.793/100)), E16-(E16/(1+Dashboard!$F$4)) ) ) ) -> 0 | J16: =Bank3[[#This Row],[Money in/ (Money out)]]-Bank3[[#This Row],[GST/HST]] -> 0 | L16: =$L$3 -> 0
D17: =_xlfn.XLOOKUP(C:C,Table1[for Import to Bank Register dropdown],Table1[for Pivot],0,0,1) -> 0 | F17: =$E$2 -> 3333333 | G17: =G16+Bank3[[#This Row],[Money in/ (Money out)]] -> 0 | I17: =IF(OR(C17="150 Directors advances", C17="120 accounts receivable", C17="720.2 Automobile - Insurance", C17="720.3 Automobile - License", C17="870.4 Rent - Insurance", C17="870.6 Rent - Property Tax", C17="870.7 Rent - Homeoffice", C17="870.9 Rent - Water"), 0, IF(Dashboard!$F$5="Quick", IF(OR(C17="190 Automobile",C17="200 computer hardware",C17="210 Computer software",C17="220 Quickbooks software",C17="230 Office equipment",C17="240 Office furniture"), E17-(E17/(1+Dashboard!$F$4)), 0 ), IF(C17="750 Business promotion", E17-(E17/(1+4.793/100)), E17-(E17/(1+Dashboard!$F$4)) ) ) ) -> 0 | J17: =Bank3[[#This Row],[Money in/ (Money out)]]-Bank3[[#This Row],[GST/HST]] -> 0 | L17: =$L$3 -> 0
D18: =_xlfn.XLOOKUP(C:C,Table1[for Import to Bank Register dropdown],Table1[for Pivot],0,0,1) -> 0 | F18: =$E$2 -> 3333333 | G18: =G17+Bank3[[#This Row],[Money in/ (Money out)]] -> 0 | I18: =IF(OR(C18="150 Directors advances", C18="120 accounts receivable", C18="720.2 Automobile - Insurance", C18="720.3 Automobile - License", C18="870.4 Rent - Insurance", C18="870.6 Rent - Property Tax", C18="870.7 Rent - Homeoffice", C18="870.9 Rent - Water"), 0, IF(Dashboard!$F$5="Quick", IF(OR(C18="190 Automobile",C18="200 computer hardware",C18="210 Computer software",C18="220 Quickbooks software",C18="230 Office equipment",C18="240 Office furniture"), E18-(E18/(1+Dashboard!$F$4)), 0 ), IF(C18="750 Business promotion", E18-(E18/(1+4.793/100)), E18-(E18/(1+Dashboard!$F$4)) ) ) ) -> 0 | J18: =Bank3[[#This Row],[Money in/ (Money out)]]-Bank3[[#This Row],[GST/HST]] -> 0 | L18: =$L$3 -> 0
D19: =_xlfn.XLOOKUP(C:C,Table1[for Import to Bank Register dropdown],Table1[for Pivot],0,0,1) -> 0 | F19: =$E$2 -> 3333333 | G19: =G18+Bank3[[#This Row],[Money in/ (Money out)]] -> 0 | I19: =IF(OR(C19="150 Directors advances", C19="120 accounts receivable", C19="720.2 Automobile - Insurance", C19="720.3 Automobile - License", C19="870.4 Rent - Insurance", C19="870.6 Rent - Property Tax", C19="870.7 Rent - Homeoffice", C19="870.9 Rent - Water"), 0, IF(Dashboard!$F$5="Quick", IF(OR(C19="190 Automobile",C19="200 computer hardware",C19="210 Computer software",C19="220 Quickbooks software",C19="230 Office equipment",C19="240 Office furniture"), E19-(E19/(1+Dashboard!$F$4)), 0 ), IF(C19="750 Business promotion", E19-(E19/(1+4.793/100)), E19-(E19/(1+Dashboard!$F$4)) ) ) ) -> 0 | J19: =Bank3[[#This Row],[Money in/ (Money out)]]-Bank3[[#This Row],[GST/HST]] -> 0 | L19: =$L$3 -> 0
... D1500: =_xlfn.XLOOKUP(C:C,Table1[for Import to Bank Register dropdown],Table1[for Pivot],0,0,1) -> 0 | F1500: =$E$2 -> 3333333 | G1500: =G1499+Bank3[[#This Row],[Money in/ (Money out)]] -> 0 | I1500: =IF(OR(C1500="150 Directors advances", C1500="120 accounts receivable", C1500="720.2 Automobile - Insurance", C1500="720.3 Automobile - License", C1500="870.4 Rent - Insurance", C1500="870.6 Rent - Property Tax", C1500="870.7 Rent - Homeoffice", C1500="870.9 Rent - Water"), 0, IF(Dashboard!$F$5="Quick", IF(OR(C1500="190 Automobile",C1500="200 computer hardware",C1500="210 Computer software",C1500="220 Quickbooks software",C1500="230 Office equipment",C1500="240 Office furniture"), E1500-(E1500/(1+Dashboard!$F$4)), 0 ), IF(C1500="750 Business promotion", E1500-(E1500/(1+4.793/100)), E1500-(E1500/(1+Dashboard!$F$4)) ) ) ) -> 0 | J1500: =Bank3[[#This Row],[Money in/ (Money out)]]-Bank3[[#This Row],[GST/HST]] -> 0 | L1500: =$L$3 -> 0

Sheet Credit Card 1
A1: Client Name: | B1: =Dashboard!B3 -> (Enter Company name) | C1: Bank Name: | E1: =Dashboard!A18 -> Credit Card 1 | G1: Total inflows | H1: =SUMIF(E7:E1048576,">0") -> 0 | L1: Internal reporting account
A2: Period End: | B2: =Dashboard!B5 -> 46234 | C2: Account Number: | E2: =Dashboard!B18 -> 44444444 | G2: Total outflows | H2: =SUMIF(E7:E1048576,"<0") -> 0 | L2: TO BE ENTERED BY CPA IN DASHBOARD
C3: Opening Balance: | E3: =Dashboard!E18 -> 0 | G3: Closing Balance: | H3: =E3+H1+H2 -> 0 | L3: =Dashboard!C18 -> 0
A4: (DD-MM-YYYY) | I4: =SUBTOTAL(9,Bank4[GST/HST]) -> 0
A5: Date | B5: Description | C5: Chart of Accounts | D5: Account Name | E5: Money in/ (Money out) | F5: Bank account number | G5: Balance | H5: Invoice Number | I5: GST/HST | J5: Net amount | K5: Memo | L5: Internal reporting account number
B6: Opening Balance | G6: =E3 -> 0 | I6: =IF(OR(C6="150 Directors advances", C6="120 accounts receivable", C6="720.2 Automobile - Insurance", C6="720.3 Automobile - License", C6="870.4 Rent - Insurance", C6="870.6 Rent - Property Tax", C6="870.7 Rent - Homeoffice", C6="870.9 Rent - Water"), 0, IF(Dashboard!$F$5="Quick", IF(OR(C6="190 Automobile",C6="200 computer hardware",C6="210 Computer software",C6="220 Quickbooks software",C6="230 Office equipment",C6="240 Office furniture"), E6-(E6/(1+Dashboard!$F$4)), 0 ), IF(C6="750 Business promotion", E6-(E6/(1+4.793/100)), E6-(E6/(1+Dashboard!$F$4)) ) ) ) -> 0 | J6: =Bank4[[#This Row],[Money in/ (Money out)]]-Bank4[[#This Row],[GST/HST]] -> 0 | L6: =$L$3 -> 0
B7: Please ignore this | C7: 999 Uncategorized expenses | D7: =_xlfn.XLOOKUP(C:C,Table1[for Import to Bank Register dropdown],Table1[for Pivot],0,0,1) -> 999 Uncategorized expenses | E7: 0 | F7: =$E$2 -> 44444444 | G7: =G6+E7 -> 0 | I7: =IF(OR(C7="150 Directors advances", C7="120 accounts receivable", C7="720.2 Automobile - Insurance", C7="720.3 Automobile - License", C7="870.4 Rent - Insurance", C7="870.6 Rent - Property Tax", C7="870.7 Rent - Homeoffice", C7="870.9 Rent - Water"), 0, IF(Dashboard!$F$5="Quick", IF(OR(C7="190 Automobile",C7="200 computer hardware",C7="210 Computer software",C7="220 Quickbooks software",C7="230 Office equipment",C7="240 Office furniture"), E7-(E7/(1+Dashboard!$F$4)), 0 ), IF(C7="750 Business promotion", E7-(E7/(1+4.793/100)), E7-(E7/(1+Dashboard!$F$4)) ) ) ) -> 0 | J7: =Bank4[[#This Row],[Money in/ (Money out)]]-Bank4[[#This Row],[GST/HST]] -> 0 | L7: =$L$3 -> 0
D8: =_xlfn.XLOOKUP(C:C,Table1[for Import to Bank Register dropdown],Table1[for Pivot],0,0,1) -> 0 | F8: =$E$2 -> 44444444 | G8: =G7+E8 -> 0 | I8: =IF(OR(C8="150 Directors advances", C8="120 accounts receivable", C8="720.2 Automobile - Insurance", C8="720.3 Automobile - License", C8="870.4 Rent - Insurance", C8="870.6 Rent - Property Tax", C8="870.7 Rent - Homeoffice", C8="870.9 Rent - Water"), 0, IF(Dashboard!$F$5="Quick", IF(OR(C8="190 Automobile",C8="200 computer hardware",C8="210 Computer software",C8="220 Quickbooks software",C8="230 Office equipment",C8="240 Office furniture"), E8-(E8/(1+Dashboard!$F$4)), 0 ), IF(C8="750 Business promotion", E8-(E8/(1+4.793/100)), E8-(E8/(1+Dashboard!$F$4)) ) ) ) -> 0 | J8: =Bank4[[#This Row],[Money in/ (Money out)]]-Bank4[[#This Row],[GST/HST]] -> 0 | L8: =$L$3 -> 0
D9: =_xlfn.XLOOKUP(C:C,Table1[for Import to Bank Register dropdown],Table1[for Pivot],0,0,1) -> 0 | F9: =$E$2 -> 44444444 | G9: =G8+E9 -> 0 | I9: =IF(OR(C9="150 Directors advances", C9="120 accounts receivable", C9="720.2 Automobile - Insurance", C9="720.3 Automobile - License", C9="870.4 Rent - Insurance", C9="870.6 Rent - Property Tax", C9="870.7 Rent - Homeoffice", C9="870.9 Rent - Water"), 0, IF(Dashboard!$F$5="Quick", IF(OR(C9="190 Automobile",C9="200 computer hardware",C9="210 Computer software",C9="220 Quickbooks software",C9="230 Office equipment",C9="240 Office furniture"), E9-(E9/(1+Dashboard!$F$4)), 0 ), IF(C9="750 Business promotion", E9-(E9/(1+4.793/100)), E9-(E9/(1+Dashboard!$F$4)) ) ) ) -> 0 | J9: =Bank4[[#This Row],[Money in/ (Money out)]]-Bank4[[#This Row],[GST/HST]] -> 0 | L9: =$L$3 -> 0
D10: =_xlfn.XLOOKUP(C:C,Table1[for Import to Bank Register dropdown],Table1[for Pivot],0,0,1) -> 0 | F10: =$E$2 -> 44444444 | G10: =G9+E10 -> 0 | I10: =IF(OR(C10="150 Directors advances", C10="120 accounts receivable", C10="720.2 Automobile - Insurance", C10="720.3 Automobile - License", C10="870.4 Rent - Insurance", C10="870.6 Rent - Property Tax", C10="870.7 Rent - Homeoffice", C10="870.9 Rent - Water"), 0, IF(Dashboard!$F$5="Quick", IF(OR(C10="190 Automobile",C10="200 computer hardware",C10="210 Computer software",C10="220 Quickbooks software",C10="230 Office equipment",C10="240 Office furniture"), E10-(E10/(1+Dashboard!$F$4)), 0 ), IF(C10="750 Business promotion", E10-(E10/(1+4.793/100)), E10-(E10/(1+Dashboard!$F$4)) ) ) ) -> 0 | J10: =Bank4[[#This Row],[Money in/ (Money out)]]-Bank4[[#This Row],[GST/HST]] -> 0 | L10: =$L$3 -> 0
D11: =_xlfn.XLOOKUP(C:C,Table1[for Import to Bank Register dropdown],Table1[for Pivot],0,0,1) -> 0 | F11: =$E$2 -> 44444444 | G11: =G10+E11 -> 0 | I11: =IF(OR(C11="150 Directors advances", C11="120 accounts receivable", C11="720.2 Automobile - Insurance", C11="720.3 Automobile - License", C11="870.4 Rent - Insurance", C11="870.6 Rent - Property Tax", C11="870.7 Rent - Homeoffice", C11="870.9 Rent - Water"), 0, IF(Dashboard!$F$5="Quick", IF(OR(C11="190 Automobile",C11="200 computer hardware",C11="210 Computer software",C11="220 Quickbooks software",C11="230 Office equipment",C11="240 Office furniture"), E11-(E11/(1+Dashboard!$F$4)), 0 ), IF(C11="750 Business promotion", E11-(E11/(1+4.793/100)), E11-(E11/(1+Dashboard!$F$4)) ) ) ) -> 0 | J11: =Bank4[[#This Row],[Money in/ (Money out)]]-Bank4[[#This Row],[GST/HST]] -> 0 | L11: =$L$3 -> 0
D12: =_xlfn.XLOOKUP(C:C,Table1[for Import to Bank Register dropdown],Table1[for Pivot],0,0,1) -> 0 | F12: =$E$2 -> 44444444 | G12: =G11+E12 -> 0 | I12: =IF(OR(C12="150 Directors advances", C12="120 accounts receivable", C12="720.2 Automobile - Insurance", C12="720.3 Automobile - License", C12="870.4 Rent - Insurance", C12="870.6 Rent - Property Tax", C12="870.7 Rent - Homeoffice", C12="870.9 Rent - Water"), 0, IF(Dashboard!$F$5="Quick", IF(OR(C12="190 Automobile",C12="200 computer hardware",C12="210 Computer software",C12="220 Quickbooks software",C12="230 Office equipment",C12="240 Office furniture"), E12-(E12/(1+Dashboard!$F$4)), 0 ), IF(C12="750 Business promotion", E12-(E12/(1+4.793/100)), E12-(E12/(1+Dashboard!$F$4)) ) ) ) -> 0 | J12: =Bank4[[#This Row],[Money in/ (Money out)]]-Bank4[[#This Row],[GST/HST]] -> 0 | L12: =$L$3 -> 0
D13: =_xlfn.XLOOKUP(C:C,Table1[for Import to Bank Register dropdown],Table1[for Pivot],0,0,1) -> 0 | F13: =$E$2 -> 44444444 | G13: =G12+E13 -> 0 | I13: =IF(OR(C13="150 Directors advances", C13="120 accounts receivable", C13="720.2 Automobile - Insurance", C13="720.3 Automobile - License", C13="870.4 Rent - Insurance", C13="870.6 Rent - Property Tax", C13="870.7 Rent - Homeoffice", C13="870.9 Rent - Water"), 0, IF(Dashboard!$F$5="Quick", IF(OR(C13="190 Automobile",C13="200 computer hardware",C13="210 Computer software",C13="220 Quickbooks software",C13="230 Office equipment",C13="240 Office furniture"), E13-(E13/(1+Dashboard!$F$4)), 0 ), IF(C13="750 Business promotion", E13-(E13/(1+4.793/100)), E13-(E13/(1+Dashboard!$F$4)) ) ) ) -> 0 | J13: =Bank4[[#This Row],[Money in/ (Money out)]]-Bank4[[#This Row],[GST/HST]] -> 0 | L13: =$L$3 -> 0
D14: =_xlfn.XLOOKUP(C:C,Table1[for Import to Bank Register dropdown],Table1[for Pivot],0,0,1) -> 0 | F14: =$E$2 -> 44444444 | G14: =G13+E14 -> 0 | I14: =IF(OR(C14="150 Directors advances", C14="120 accounts receivable", C14="720.2 Automobile - Insurance", C14="720.3 Automobile - License", C14="870.4 Rent - Insurance", C14="870.6 Rent - Property Tax", C14="870.7 Rent - Homeoffice", C14="870.9 Rent - Water"), 0, IF(Dashboard!$F$5="Quick", IF(OR(C14="190 Automobile",C14="200 computer hardware",C14="210 Computer software",C14="220 Quickbooks software",C14="230 Office equipment",C14="240 Office furniture"), E14-(E14/(1+Dashboard!$F$4)), 0 ), IF(C14="750 Business promotion", E14-(E14/(1+4.793/100)), E14-(E14/(1+Dashboard!$F$4)) ) ) ) -> 0 | J14: =Bank4[[#This Row],[Money in/ (Money out)]]-Bank4[[#This Row],[GST/HST]] -> 0 | L14: =$L$3 -> 0
D15: =_xlfn.XLOOKUP(C:C,Table1[for Import to Bank Register dropdown],Table1[for Pivot],0,0,1) -> 0 | F15: =$E$2 -> 44444444 | G15: =G14+E15 -> 0 | I15: =IF(OR(C15="150 Directors advances", C15="120 accounts receivable", C15="720.2 Automobile - Insurance", C15="720.3 Automobile - License", C15="870.4 Rent - Insurance", C15="870.6 Rent - Property Tax", C15="870.7 Rent - Homeoffice", C15="870.9 Rent - Water"), 0, IF(Dashboard!$F$5="Quick", IF(OR(C15="190 Automobile",C15="200 computer hardware",C15="210 Computer software",C15="220 Quickbooks software",C15="230 Office equipment",C15="240 Office furniture"), E15-(E15/(1+Dashboard!$F$4)), 0 ), IF(C15="750 Business promotion", E15-(E15/(1+4.793/100)), E15-(E15/(1+Dashboard!$F$4)) ) ) ) -> 0 | J15: =Bank4[[#This Row],[Money in/ (Money out)]]-Bank4[[#This Row],[GST/HST]] -> 0 | L15: =$L$3 -> 0
D16: =_xlfn.XLOOKUP(C:C,Table1[for Import to Bank Register dropdown],Table1[for Pivot],0,0,1) -> 0 | F16: =$E$2 -> 44444444 | G16: =G15+E16 -> 0 | I16: =IF(OR(C16="150 Directors advances", C16="120 accounts receivable", C16="720.2 Automobile - Insurance", C16="720.3 Automobile - License", C16="870.4 Rent - Insurance", C16="870.6 Rent - Property Tax", C16="870.7 Rent - Homeoffice", C16="870.9 Rent - Water"), 0, IF(Dashboard!$F$5="Quick", IF(OR(C16="190 Automobile",C16="200 computer hardware",C16="210 Computer software",C16="220 Quickbooks software",C16="230 Office equipment",C16="240 Office furniture"), E16-(E16/(1+Dashboard!$F$4)), 0 ), IF(C16="750 Business promotion", E16-(E16/(1+4.793/100)), E16-(E16/(1+Dashboard!$F$4)) ) ) ) -> 0 | J16: =Bank4[[#This Row],[Money in/ (Money out)]]-Bank4[[#This Row],[GST/HST]] -> 0 | L16: =$L$3 -> 0
D17: =_xlfn.XLOOKUP(C:C,Table1[for Import to Bank Register dropdown],Table1[for Pivot],0,0,1) -> 0 | F17: =$E$2 -> 44444444 | G17: =G16+E17 -> 0 | I17: =IF(OR(C17="150 Directors advances", C17="120 accounts receivable", C17="720.2 Automobile - Insurance", C17="720.3 Automobile - License", C17="870.4 Rent - Insurance", C17="870.6 Rent - Property Tax", C17="870.7 Rent - Homeoffice", C17="870.9 Rent - Water"), 0, IF(Dashboard!$F$5="Quick", IF(OR(C17="190 Automobile",C17="200 computer hardware",C17="210 Computer software",C17="220 Quickbooks software",C17="230 Office equipment",C17="240 Office furniture"), E17-(E17/(1+Dashboard!$F$4)), 0 ), IF(C17="750 Business promotion", E17-(E17/(1+4.793/100)), E17-(E17/(1+Dashboard!$F$4)) ) ) ) -> 0 | J17: =Bank4[[#This Row],[Money in/ (Money out)]]-Bank4[[#This Row],[GST/HST]] -> 0 | L17: =$L$3 -> 0
D18: =_xlfn.XLOOKUP(C:C,Table1[for Import to Bank Register dropdown],Table1[for Pivot],0,0,1) -> 0 | F18: =$E$2 -> 44444444 | G18: =G17+E18 -> 0 | I18: =IF(OR(C18="150 Directors advances", C18="120 accounts receivable", C18="720.2 Automobile - Insurance", C18="720.3 Automobile - License", C18="870.4 Rent - Insurance", C18="870.6 Rent - Property Tax", C18="870.7 Rent - Homeoffice", C18="870.9 Rent - Water"), 0, IF(Dashboard!$F$5="Quick", IF(OR(C18="190 Automobile",C18="200 computer hardware",C18="210 Computer software",C18="220 Quickbooks software",C18="230 Office equipment",C18="240 Office furniture"), E18-(E18/(1+Dashboard!$F$4)), 0 ), IF(C18="750 Business promotion", E18-(E18/(1+4.793/100)), E18-(E18/(1+Dashboard!$F$4)) ) ) ) -> 0 | J18: =Bank4[[#This Row],[Money in/ (Money out)]]-Bank4[[#This Row],[GST/HST]] -> 0 | L18: =$L$3 -> 0
D19: =_xlfn.XLOOKUP(C:C,Table1[for Import to Bank Register dropdown],Table1[for Pivot],0,0,1) -> 0 | F19: =$E$2 -> 44444444 | G19: =G18+E19 -> 0 | I19: =IF(OR(C19="150 Directors advances", C19="120 accounts receivable", C19="720.2 Automobile - Insurance", C19="720.3 Automobile - License", C19="870.4 Rent - Insurance", C19="870.6 Rent - Property Tax", C19="870.7 Rent - Homeoffice", C19="870.9 Rent - Water"), 0, IF(Dashboard!$F$5="Quick", IF(OR(C19="190 Automobile",C19="200 computer hardware",C19="210 Computer software",C19="220 Quickbooks software",C19="230 Office equipment",C19="240 Office furniture"), E19-(E19/(1+Dashboard!$F$4)), 0 ), IF(C19="750 Business promotion", E19-(E19/(1+4.793/100)), E19-(E19/(1+Dashboard!$F$4)) ) ) ) -> 0 | J19: =Bank4[[#This Row],[Money in/ (Money out)]]-Bank4[[#This Row],[GST/HST]] -> 0 | L19: =$L$3 -> 0
... D1500: =_xlfn.XLOOKUP(C:C,Table1[for Import to Bank Register dropdown],Table1[for Pivot],0,0,1) -> 0 | F1500: =$E$2 -> 44444444 | G1500: =G1499+E1500 -> 0 | I1500: =IF(OR(C1500="150 Directors advances", C1500="120 accounts receivable", C1500="720.2 Automobile - Insurance", C1500="720.3 Automobile - License", C1500="870.4 Rent - Insurance", C1500="870.6 Rent - Property Tax", C1500="870.7 Rent - Homeoffice", C1500="870.9 Rent - Water"), 0, IF(Dashboard!$F$5="Quick", IF(OR(C1500="190 Automobile",C1500="200 computer hardware",C1500="210 Computer software",C1500="220 Quickbooks software",C1500="230 Office equipment",C1500="240 Office furniture"), E1500-(E1500/(1+Dashboard!$F$4)), 0 ), IF(C1500="750 Business promotion", E1500-(E1500/(1+4.793/100)), E1500-(E1500/(1+Dashboard!$F$4)) ) ) ) -> 0 | J1500: =Bank4[[#This Row],[Money in/ (Money out)]]-Bank4[[#This Row],[GST/HST]] -> 0 | L1500: =$L$3 -> 0

Sheet Credit Card 2
A1: Client Name: | B1: =Dashboard!B3 -> (Enter Company name) | C1: Bank Name: | E1: =Dashboard!A19 -> Credit Card 2 | G1: Total inflows | H1: =SUMIF(E7:E1048576,">0") -> 0 | L1: Internal reporting account
A2: Period End: | B2: =Dashboard!B5 -> 46234 | C2: Account Number: | E2: =Dashboard!B19 -> 55555555 | G2: Total outflows | H2: =SUMIF(E7:E1048576,"<0") -> 0 | L2: TO BE ENTERED BY CPA IN DASHBOARD
C3: Opening Balance: | E3: =Dashboard!E19 -> 0 | G3: Closing Balance: | H3: =E3+H1+H2 -> 0 | L3: =Dashboard!C19 -> 0
A4: (DD-MM-YYYY) | I4: =SUBTOTAL(9,Bank5[GST/HST]) -> 0
A5: Date | B5: Description | C5: Chart of Accounts | D5: Account Name | E5: Money in/ (Money out) | F5: Bank account number | G5: Balance | H5: Invoice Number | I5: GST/HST | J5: Net amount | K5: Memo | L5: Internal reporting account number
B6: Opening Balance | G6: =E3 -> 0 | I6: =IF(OR(C6="150 Directors advances", C6="120 accounts receivable", C6="720.2 Automobile - Insurance", C6="720.3 Automobile - License", C6="870.4 Rent - Insurance", C6="870.6 Rent - Property Tax", C6="870.7 Rent - Homeoffice", C6="870.9 Rent - Water"), 0, IF(Dashboard!$F$5="Quick", IF(OR(C6="190 Automobile",C6="200 computer hardware",C6="210 Computer software",C6="220 Quickbooks software",C6="230 Office equipment",C6="240 Office furniture"), E6-(E6/(1+Dashboard!$F$4)), 0 ), IF(C6="750 Business promotion", E6-(E6/(1+4.793/100)), E6-(E6/(1+Dashboard!$F$4)) ) ) ) -> 0 | J6: =Bank5[[#This Row],[Money in/ (Money out)]]-Bank5[[#This Row],[GST/HST]] -> 0 | L6: =$L$3 -> 0
B7: Please ignore this | C7: 999 Uncategorized expenses | D7: =_xlfn.XLOOKUP(C:C,Table1[for Import to Bank Register dropdown],Table1[for Pivot],0,0,1) -> 999 Uncategorized expenses | E7: 0 | F7: =$E$2 -> 55555555 | G7: =G6+E7 -> 0 | I7: =IF(OR(C7="150 Directors advances", C7="120 accounts receivable", C7="720.2 Automobile - Insurance", C7="720.3 Automobile - License", C7="870.4 Rent - Insurance", C7="870.6 Rent - Property Tax", C7="870.7 Rent - Homeoffice", C7="870.9 Rent - Water"), 0, IF(Dashboard!$F$5="Quick", IF(OR(C7="190 Automobile",C7="200 computer hardware",C7="210 Computer software",C7="220 Quickbooks software",C7="230 Office equipment",C7="240 Office furniture"), E7-(E7/(1+Dashboard!$F$4)), 0 ), IF(C7="750 Business promotion", E7-(E7/(1+4.793/100)), E7-(E7/(1+Dashboard!$F$4)) ) ) ) -> 0 | J7: =Bank5[[#This Row],[Money in/ (Money out)]]-Bank5[[#This Row],[GST/HST]] -> 0 | L7: =$L$3 -> 0
D8: =_xlfn.XLOOKUP(C:C,Table1[for Import to Bank Register dropdown],Table1[for Pivot],0,0,1) -> 0 | F8: =$E$2 -> 55555555 | G8: =G7+E8 -> 0 | I8: =IF(OR(C8="150 Directors advances", C8="120 accounts receivable", C8="720.2 Automobile - Insurance", C8="720.3 Automobile - License", C8="870.4 Rent - Insurance", C8="870.6 Rent - Property Tax", C8="870.7 Rent - Homeoffice", C8="870.9 Rent - Water"), 0, IF(Dashboard!$F$5="Quick", IF(OR(C8="190 Automobile",C8="200 computer hardware",C8="210 Computer software",C8="220 Quickbooks software",C8="230 Office equipment",C8="240 Office furniture"), E8-(E8/(1+Dashboard!$F$4)), 0 ), IF(C8="750 Business promotion", E8-(E8/(1+4.793/100)), E8-(E8/(1+Dashboard!$F$4)) ) ) ) -> 0 | J8: =Bank5[[#This Row],[Money in/ (Money out)]]-Bank5[[#This Row],[GST/HST]] -> 0 | L8: =$L$3 -> 0
D9: =_xlfn.XLOOKUP(C:C,Table1[for Import to Bank Register dropdown],Table1[for Pivot],0,0,1) -> 0 | F9: =$E$2 -> 55555555 | G9: =G8+E9 -> 0 | I9: =IF(OR(C9="150 Directors advances", C9="120 accounts receivable", C9="720.2 Automobile - Insurance", C9="720.3 Automobile - License", C9="870.4 Rent - Insurance", C9="870.6 Rent - Property Tax", C9="870.7 Rent - Homeoffice", C9="870.9 Rent - Water"), 0, IF(Dashboard!$F$5="Quick", IF(OR(C9="190 Automobile",C9="200 computer hardware",C9="210 Computer software",C9="220 Quickbooks software",C9="230 Office equipment",C9="240 Office furniture"), E9-(E9/(1+Dashboard!$F$4)), 0 ), IF(C9="750 Business promotion", E9-(E9/(1+4.793/100)), E9-(E9/(1+Dashboard!$F$4)) ) ) ) -> 0 | J9: =Bank5[[#This Row],[Money in/ (Money out)]]-Bank5[[#This Row],[GST/HST]] -> 0 | L9: =$L$3 -> 0
D10: =_xlfn.XLOOKUP(C:C,Table1[for Import to Bank Register dropdown],Table1[for Pivot],0,0,1) -> 0 | F10: =$E$2 -> 55555555 | G10: =G9+E10 -> 0 | I10: =IF(OR(C10="150 Directors advances", C10="120 accounts receivable", C10="720.2 Automobile - Insurance", C10="720.3 Automobile - License", C10="870.4 Rent - Insurance", C10="870.6 Rent - Property Tax", C10="870.7 Rent - Homeoffice", C10="870.9 Rent - Water"), 0, IF(Dashboard!$F$5="Quick", IF(OR(C10="190 Automobile",C10="200 computer hardware",C10="210 Computer software",C10="220 Quickbooks software",C10="230 Office equipment",C10="240 Office furniture"), E10-(E10/(1+Dashboard!$F$4)), 0 ), IF(C10="750 Business promotion", E10-(E10/(1+4.793/100)), E10-(E10/(1+Dashboard!$F$4)) ) ) ) -> 0 | J10: =Bank5[[#This Row],[Money in/ (Money out)]]-Bank5[[#This Row],[GST/HST]] -> 0 | L10: =$L$3 -> 0
D11: =_xlfn.XLOOKUP(C:C,Table1[for Import to Bank Register dropdown],Table1[for Pivot],0,0,1) -> 0 | F11: =$E$2 -> 55555555 | G11: =G10+E11 -> 0 | I11: =IF(OR(C11="150 Directors advances", C11="120 accounts receivable", C11="720.2 Automobile - Insurance", C11="720.3 Automobile - License", C11="870.4 Rent - Insurance", C11="870.6 Rent - Property Tax", C11="870.7 Rent - Homeoffice", C11="870.9 Rent - Water"), 0, IF(Dashboard!$F$5="Quick", IF(OR(C11="190 Automobile",C11="200 computer hardware",C11="210 Computer software",C11="220 Quickbooks software",C11="230 Office equipment",C11="240 Office furniture"), E11-(E11/(1+Dashboard!$F$4)), 0 ), IF(C11="750 Business promotion", E11-(E11/(1+4.793/100)), E11-(E11/(1+Dashboard!$F$4)) ) ) ) -> 0 | J11: =Bank5[[#This Row],[Money in/ (Money out)]]-Bank5[[#This Row],[GST/HST]] -> 0 | L11: =$L$3 -> 0
D12: =_xlfn.XLOOKUP(C:C,Table1[for Import to Bank Register dropdown],Table1[for Pivot],0,0,1) -> 0 | F12: =$E$2 -> 55555555 | G12: =G11+E12 -> 0 | I12: =IF(OR(C12="150 Directors advances", C12="120 accounts receivable", C12="720.2 Automobile - Insurance", C12="720.3 Automobile - License", C12="870.4 Rent - Insurance", C12="870.6 Rent - Property Tax", C12="870.7 Rent - Homeoffice", C12="870.9 Rent - Water"), 0, IF(Dashboard!$F$5="Quick", IF(OR(C12="190 Automobile",C12="200 computer hardware",C12="210 Computer software",C12="220 Quickbooks software",C12="230 Office equipment",C12="240 Office furniture"), E12-(E12/(1+Dashboard!$F$4)), 0 ), IF(C12="750 Business promotion", E12-(E12/(1+4.793/100)), E12-(E12/(1+Dashboard!$F$4)) ) ) ) -> 0 | J12: =Bank5[[#This Row],[Money in/ (Money out)]]-Bank5[[#This Row],[GST/HST]] -> 0 | L12: =$L$3 -> 0
D13: =_xlfn.XLOOKUP(C:C,Table1[for Import to Bank Register dropdown],Table1[for Pivot],0,0,1) -> 0 | F13: =$E$2 -> 55555555 | G13: =G12+E13 -> 0 | I13: =IF(OR(C13="150 Directors advances", C13="120 accounts receivable", C13="720.2 Automobile - Insurance", C13="720.3 Automobile - License", C13="870.4 Rent - Insurance", C13="870.6 Rent - Property Tax", C13="870.7 Rent - Homeoffice", C13="870.9 Rent - Water"), 0, IF(Dashboard!$F$5="Quick", IF(OR(C13="190 Automobile",C13="200 computer hardware",C13="210 Computer software",C13="220 Quickbooks software",C13="230 Office equipment",C13="240 Office furniture"), E13-(E13/(1+Dashboard!$F$4)), 0 ), IF(C13="750 Business promotion", E13-(E13/(1+4.793/100)), E13-(E13/(1+Dashboard!$F$4)) ) ) ) -> 0 | J13: =Bank5[[#This Row],[Money in/ (Money out)]]-Bank5[[#This Row],[GST/HST]] -> 0 | L13: =$L$3 -> 0
D14: =_xlfn.XLOOKUP(C:C,Table1[for Import to Bank Register dropdown],Table1[for Pivot],0,0,1) -> 0 | F14: =$E$2 -> 55555555 | G14: =G13+E14 -> 0 | I14: =IF(OR(C14="150 Directors advances", C14="120 accounts receivable", C14="720.2 Automobile - Insurance", C14="720.3 Automobile - License", C14="870.4 Rent - Insurance", C14="870.6 Rent - Property Tax", C14="870.7 Rent - Homeoffice", C14="870.9 Rent - Water"), 0, IF(Dashboard!$F$5="Quick", IF(OR(C14="190 Automobile",C14="200 computer hardware",C14="210 Computer software",C14="220 Quickbooks software",C14="230 Office equipment",C14="240 Office furniture"), E14-(E14/(1+Dashboard!$F$4)), 0 ), IF(C14="750 Business promotion", E14-(E14/(1+4.793/100)), E14-(E14/(1+Dashboard!$F$4)) ) ) ) -> 0 | J14: =Bank5[[#This Row],[Money in/ (Money out)]]-Bank5[[#This Row],[GST/HST]] -> 0 | L14: =$L$3 -> 0
D15: =_xlfn.XLOOKUP(C:C,Table1[for Import to Bank Register dropdown],Table1[for Pivot],0,0,1) -> 0 | F15: =$E$2 -> 55555555 | G15: =G14+E15 -> 0 | I15: =IF(OR(C15="150 Directors advances", C15="120 accounts receivable", C15="720.2 Automobile - Insurance", C15="720.3 Automobile - License", C15="870.4 Rent - Insurance", C15="870.6 Rent - Property Tax", C15="870.7 Rent - Homeoffice", C15="870.9 Rent - Water"), 0, IF(Dashboard!$F$5="Quick", IF(OR(C15="190 Automobile",C15="200 computer hardware",C15="210 Computer software",C15="220 Quickbooks software",C15="230 Office equipment",C15="240 Office furniture"), E15-(E15/(1+Dashboard!$F$4)), 0 ), IF(C15="750 Business promotion", E15-(E15/(1+4.793/100)), E15-(E15/(1+Dashboard!$F$4)) ) ) ) -> 0 | J15: =Bank5[[#This Row],[Money in/ (Money out)]]-Bank5[[#This Row],[GST/HST]] -> 0 | L15: =$L$3 -> 0
D16: =_xlfn.XLOOKUP(C:C,Table1[for Import to Bank Register dropdown],Table1[for Pivot],0,0,1) -> 0 | F16: =$E$2 -> 55555555 | G16: =G15+E16 -> 0 | I16: =IF(OR(C16="150 Directors advances", C16="120 accounts receivable", C16="720.2 Automobile - Insurance", C16="720.3 Automobile - License", C16="870.4 Rent - Insurance", C16="870.6 Rent - Property Tax", C16="870.7 Rent - Homeoffice", C16="870.9 Rent - Water"), 0, IF(Dashboard!$F$5="Quick", IF(OR(C16="190 Automobile",C16="200 computer hardware",C16="210 Computer software",C16="220 Quickbooks software",C16="230 Office equipment",C16="240 Office furniture"), E16-(E16/(1+Dashboard!$F$4)), 0 ), IF(C16="750 Business promotion", E16-(E16/(1+4.793/100)), E16-(E16/(1+Dashboard!$F$4)) ) ) ) -> 0 | J16: =Bank5[[#This Row],[Money in/ (Money out)]]-Bank5[[#This Row],[GST/HST]] -> 0 | L16: =$L$3 -> 0
D17: =_xlfn.XLOOKUP(C:C,Table1[for Import to Bank Register dropdown],Table1[for Pivot],0,0,1) -> 0 | F17: =$E$2 -> 55555555 | G17: =G16+E17 -> 0 | I17: =IF(OR(C17="150 Directors advances", C17="120 accounts receivable", C17="720.2 Automobile - Insurance", C17="720.3 Automobile - License", C17="870.4 Rent - Insurance", C17="870.6 Rent - Property Tax", C17="870.7 Rent - Homeoffice", C17="870.9 Rent - Water"), 0, IF(Dashboard!$F$5="Quick", IF(OR(C17="190 Automobile",C17="200 computer hardware",C17="210 Computer software",C17="220 Quickbooks software",C17="230 Office equipment",C17="240 Office furniture"), E17-(E17/(1+Dashboard!$F$4)), 0 ), IF(C17="750 Business promotion", E17-(E17/(1+4.793/100)), E17-(E17/(1+Dashboard!$F$4)) ) ) ) -> 0 | J17: =Bank5[[#This Row],[Money in/ (Money out)]]-Bank5[[#This Row],[GST/HST]] -> 0 | L17: =$L$3 -> 0
D18: =_xlfn.XLOOKUP(C:C,Table1[for Import to Bank Register dropdown],Table1[for Pivot],0,0,1) -> 0 | F18: =$E$2 -> 55555555 | G18: =G17+E18 -> 0 | I18: =IF(OR(C18="150 Directors advances", C18="120 accounts receivable", C18="720.2 Automobile - Insurance", C18="720.3 Automobile - License", C18="870.4 Rent - Insurance", C18="870.6 Rent - Property Tax", C18="870.7 Rent - Homeoffice", C18="870.9 Rent - Water"), 0, IF(Dashboard!$F$5="Quick", IF(OR(C18="190 Automobile",C18="200 computer hardware",C18="210 Computer software",C18="220 Quickbooks software",C18="230 Office equipment",C18="240 Office furniture"), E18-(E18/(1+Dashboard!$F$4)), 0 ), IF(C18="750 Business promotion", E18-(E18/(1+4.793/100)), E18-(E18/(1+Dashboard!$F$4)) ) ) ) -> 0 | J18: =Bank5[[#This Row],[Money in/ (Money out)]]-Bank5[[#This Row],[GST/HST]] -> 0 | L18: =$L$3 -> 0
D19: =_xlfn.XLOOKUP(C:C,Table1[for Import to Bank Register dropdown],Table1[for Pivot],0,0,1) -> 0 | F19: =$E$2 -> 55555555 | G19: =G18+E19 -> 0 | I19: =IF(OR(C19="150 Directors advances", C19="120 accounts receivable", C19="720.2 Automobile - Insurance", C19="720.3 Automobile - License", C19="870.4 Rent - Insurance", C19="870.6 Rent - Property Tax", C19="870.7 Rent - Homeoffice", C19="870.9 Rent - Water"), 0, IF(Dashboard!$F$5="Quick", IF(OR(C19="190 Automobile",C19="200 computer hardware",C19="210 Computer software",C19="220 Quickbooks software",C19="230 Office equipment",C19="240 Office furniture"), E19-(E19/(1+Dashboard!$F$4)), 0 ), IF(C19="750 Business promotion", E19-(E19/(1+4.793/100)), E19-(E19/(1+Dashboard!$F$4)) ) ) ) -> 0 | J19: =Bank5[[#This Row],[Money in/ (Money out)]]-Bank5[[#This Row],[GST/HST]] -> 0 | L19: =$L$3 -> 0
... D1500: =_xlfn.XLOOKUP(C:C,Table1[for Import to Bank Register dropdown],Table1[for Pivot],0,0,1) -> 0 | F1500: =$E$2 -> 55555555 | G1500: =G1499+E1500 -> 0 | I1500: =IF(OR(C1500="150 Directors advances", C1500="120 accounts receivable", C1500="720.2 Automobile - Insurance", C1500="720.3 Automobile - License", C1500="870.4 Rent - Insurance", C1500="870.6 Rent - Property Tax", C1500="870.7 Rent - Homeoffice", C1500="870.9 Rent - Water"), 0, IF(Dashboard!$F$5="Quick", IF(OR(C1500="190 Automobile",C1500="200 computer hardware",C1500="210 Computer software",C1500="220 Quickbooks software",C1500="230 Office equipment",C1500="240 Office furniture"), E1500-(E1500/(1+Dashboard!$F$4)), 0 ), IF(C1500="750 Business promotion", E1500-(E1500/(1+4.793/100)), E1500-(E1500/(1+Dashboard!$F$4)) ) ) ) -> 0 | J1500: =Bank5[[#This Row],[Money in/ (Money out)]]-Bank5[[#This Row],[GST/HST]] -> 0 | L1500: =$L$3 -> 0

Sheet Banks Pivot
O1: Date | P1: (All)
B2: Date | C2: Description | D2: Chart of Accounts | E2: Account Name | F2: Money in/ (Money out) | G2: Bank account number | H2: Balance | I2: Invoice Number | J2: GST/HST | K2: Net amount | L2: Memo | M2: Internal reporting account number
B3: {=_xlfn.VSTACK('Directors Advances:Credit Card 2'!A6:L1500)} -> 0 | C3: Opening Balance | D3: 0 | E3: 0 | F3: 0 | G3: 0 | H3: 0 | I3: 0 | J3: 0 | K3: 0 | L3: 0 | M3: 0 | P3: Column Labels
B4: 0 | C4: Please ignore this | D4: 999 Uncategorized expenses | E4: 999 Uncategorized expenses | F4: 0 | G4: 1111111 | H4: 0 | I4: 0 | J4: 0 | K4: 0 | L4: 0 | M4: 0 | P4: 0 | R4: 1111111 | T4: 2222222 | V4: 3333333 | X4: 44444444 | Z4: 55555555 | AB4: Total Sum of Net amount | AC4: Total Sum of GST/HST
B5: 0 | C5: 0 | D5: 0 | E5: 0 | F5: 0 | G5: 1111111 | H5: 0 | I5: 0 | J5: 0 | K5: 0 | L5: 0 | M5: 0 | O5: Row Labels | P5: Sum of Net amount | Q5: Sum of GST/HST | R5: Sum of Net amount | S5: Sum of GST/HST | T5: Sum of Net amount | U5: Sum of GST/HST | V5: Sum of Net amount | W5: Sum of GST/HST | X5: Sum of Net amount | Y5: Sum of GST/HST | Z5: Sum of Net amount | AA5: Sum of GST/HST
B6: 0 | C6: 0 | D6: 0 | E6: 0 | F6: 0 | G6: 1111111 | H6: 0 | I6: 0 | J6: 0 | K6: 0 | L6: 0 | M6: 0 | O6: 0 | P6: 0 | Q6: 0 | R6: 0 | S6: 0 | T6: 0 | U6: 0 | V6: 0 | W6: 0 | X6: 0 | Y6: 0 | Z6: 0 | AA6: 0 | AB6: 0 | AC6: 0
B7: 0 | C7: 0 | D7: 0 | E7: 0 | F7: 0 | G7: 1111111 | H7: 0 | I7: 0 | J7: 0 | K7: 0 | L7: 0 | M7: 0 | O7: 999 Uncategorized expenses | R7: 0 | S7: 0 | T7: 0 | U7: 0 | V7: 0 | W7: 0 | X7: 0 | Y7: 0 | Z7: 0 | AA7: 0 | AB7: 0 | AC7: 0
B8: 0 | C8: 0 | D8: 0 | E8: 0 | F8: 0 | G8: 1111111 | H8: 0 | I8: 0 | J8: 0 | K8: 0 | L8: 0 | M8: 0 | O8: Grand Total | P8: 0 | Q8: 0 | R8: 0 | S8: 0 | T8: 0 | U8: 0 | V8: 0 | W8: 0 | X8: 0 | Y8: 0 | Z8: 0 | AA8: 0 | AB8: 0 | AC8: 0
B9: 0 | C9: 0 | D9: 0 | E9: 0 | F9: 0 | G9: 1111111 | H9: 0 | I9: 0 | J9: 0 | K9: 0 | L9: 0 | M9: 0
B10: 0 | C10: 0 | D10: 0 | E10: 0 | F10: 0 | G10: 1111111 | H10: 0 | I10: 0 | J10: 0 | K10: 0 | L10: 0 | M10: 0
B11: 0 | C11: 0 | D11: 0 | E11: 0 | F11: 0 | G11: 1111111 | H11: 0 | I11: 0 | J11: 0 | K11: 0 | L11: 0 | M11: 0
B12: 0 | C12: 0 | D12: 0 | E12: 0 | F12: 0 | G12: 1111111 | H12: 0 | I12: 0 | J12: 0 | K12: 0 | L12: 0 | M12: 0
B13: 0 | C13: 0 | D13: 0 | E13: 0 | F13: 0 | G13: 1111111 | H13: 0 | I13: 0 | J13: 0 | K13: 0 | L13: 0 | M13: 0
B14: 0 | C14: 0 | D14: 0 | E14: 0 | F14: 0 | G14: 1111111 | H14: 0 | I14: 0 | J14: 0 | K14: 0 | L14: 0 | M14: 0
B15: 0 | C15: 0 | D15: 0 | E15: 0 | F15: 0 | G15: 1111111 | H15: 0 | I15: 0 | J15: 0 | K15: 0 | L15: 0 | M15: 0
B16: 0 | C16: 0 | D16: 0 | E16: 0 | F16: 0 | G16: 1111111 | H16: 0 | I16: 0 | J16: 0 | K16: 0 | L16: 0 | M16: 0
B17: 0 | C17: 0 | D17: 0 | E17: 0 | F17: 0 | G17: 1111111 | H17: 0 | I17: 0 | J17: 0 | K17: 0 | L17: 0 | M17: 0
B18: 0 | C18: 0 | D18: 0 | E18: 0 | F18: 0 | G18: 1111111 | H18: 0 | I18: 0 | J18: 0 | K18: 0 | L18: 0 | M18: 0
B19: 0 | C19: 0 | D19: 0 | E19: 0 | F19: 0 | G19: 1111111 | H19: 0 | I19: 0 | J19: 0 | K19: 0 | L19: 0 | M19: 0
B20: 0 | C20: 0 | D20: 0 | E20: 0 | F20: 0 | G20: 1111111 | H20: 0 | I20: 0 | J20: 0 | K20: 0 | L20: 0 | M20: 0
... B1497: 0 | C1497: 0 | D1497: 0 | E1497: 0 | F1497: 0 | G1497: 1111111 | H1497: 0 | I1497: 0 | J1497: 0 | K1497: 0 | L1497: 0 | M1497: 0
B1498: 0 | C1498: Opening Balance | D1498: 0 | E1498: 0 | F1498: 0 | G1498: 0 | H1498: 0 | I1498: 0 | J1498: 0 | K1498: 0 | L1498: 0 | M1498: 0
B1499: 0 | C1499: Please ignore this | D1499: 999 Uncategorized expenses | E1499: 999 Uncategorized expenses | F1499: 0 | G1499: 2222222 | H1499: 0 | I1499: 0 | J1499: 0 | K1499: 0 | L1499: 0 | M1499: 0
B1500: 0 | C1500: 0 | D1500: 0 | E1500: 0 | F1500: 0 | G1500: 2222222 | H1500: 0 | I1500: 0 | J1500: 0 | K1500: 0 | L1500: 0 | M1500: 0
B1501: 0 | C1501: 0 | D1501: 0 | E1501: 0 | F1501: 0 | G1501: 2222222 | H1501: 0 | I1501: 0 | J1501: 0 | K1501: 0 | L1501: 0 | M1501: 0
B1502: 0 | C1502: 0 | D1502: 0 | E1502: 0 | F1502: 0 | G1502: 2222222 | H1502: 0 | I1502: 0 | J1502: 0 | K1502: 0 | L1502: 0 | M1502: 0
B1503: 0 | C1503: 0 | D1503: 0 | E1503: 0 | F1503: 0 | G1503: 2222222 | H1503: 0 | I1503: 0 | J1503: 0 | K1503: 0 | L1503: 0 | M1503: 0
B1504: 0 | C1504: 0 | D1504: 0 | E1504: 0 | F1504: 0 | G1504: 2222222 | H1504: 0 | I1504: 0 | J1504: 0 | K1504: 0 | L1504: 0 | M1504: 0
B1505: 0 | C1505: 0 | D1505: 0 | E1505: 0 | F1505: 0 | G1505: 2222222 | H1505: 0 | I1505: 0 | J1505: 0 | K1505: 0 | L1505: 0 | M1505: 0
B1506: 0 | C1506: 0 | D1506: 0 | E1506: 0 | F1506: 0 | G1506: 2222222 | H1506: 0 | I1506: 0 | J1506: 0 | K1506: 0 | L1506: 0 | M1506: 0
B1507: 0 | C1507: 0 | D1507: 0 | E1507: 0 | F1507: 0 | G1507: 2222222 | H1507: 0 | I1507: 0 | J1507: 0 | K1507: 0 | L1507: 0 | M1507: 0
B1508: 0 | C1508: 0 | D1508: 0 | E1508: 0 | F1508: 0 | G1508: 2222222 | H1508: 0 | I1508: 0 | J1508: 0 | K1508: 0 | L1508: 0 | M1508: 0
B1509: 0 | C1509: 0 | D1509: 0 | E1509: 0 | F1509: 0 | G1509: 2222222 | H1509: 0 | I1509: 0 | J1509: 0 | K1509: 0 | L1509: 0 | M1509: 0
B1510: 0 | C1510: 0 | D1510: 0 | E1510: 0 | F1510: 0 | G1510: 2222222 | H1510: 0 | I1510: 0 | J1510: 0 | K1510: 0 | L1510: 0 | M1510: 0
B1511: 0 | C1511: 0 | D1511: 0 | E1511: 0 | F1511: 0 | G1511: 2222222 | H1511: 0 | I1511: 0 | J1511: 0 | K1511: 0 | L1511: 0 | M1511: 0
... B2992: 0 | C2992: 0 | D2992: 0 | E2992: 0 | F2992: 0 | G2992: 2222222 | H2992: 0 | I2992: 0 | J2992: 0 | K2992: 0 | L2992: 0 | M2992: 0
B2993: 0 | C2993: Opening Balance | D2993: 0 | E2993: 0 | F2993: 0 | G2993: 3333333 | H2993: 0 | I2993: 0 | J2993: 0 | K2993: 0 | L2993: 0 | M2993: 0
B2994: 0 | C2994: Please ignore this | D2994: 999 Uncategorized expenses | E2994: 999 Uncategorized expenses | F2994: 0 | G2994: 3333333 | H2994: 0 | I2994: 0 | J2994: 0 | K2994: 0 | L2994: 0 | M2994: 0
B2995: 0 | C2995: 0 | D2995: 0 | E2995: 0 | F2995: 0 | G2995: 3333333 | H2995: 0 | I2995: 0 | J2995: 0 | K2995: 0 | L2995: 0 | M2995: 0
B2996: 0 | C2996: 0 | D2996: 0 | E2996: 0 | F2996: 0 | G2996: 3333333 | H2996: 0 | I2996: 0 | J2996: 0 | K2996: 0 | L2996: 0 | M2996: 0
B2997: 0 | C2997: 0 | D2997: 0 | E2997: 0 | F2997: 0 | G2997: 3333333 | H2997: 0 | I2997: 0 | J2997: 0 | K2997: 0 | L2997: 0 | M2997: 0
B2998: 0 | C2998: 0 | D2998: 0 | E2998: 0 | F2998: 0 | G2998: 3333333 | H2998: 0 | I2998: 0 | J2998: 0 | K2998: 0 | L2998: 0 | M2998: 0
B2999: 0 | C2999: 0 | D2999: 0 | E2999: 0 | F2999: 0 | G2999: 3333333 | H2999: 0 | I2999: 0 | J2999: 0 | K2999: 0 | L2999: 0 | M2999: 0
B3000: 0 | C3000: 0 | D3000: 0 | E3000: 0 | F3000: 0 | G3000: 3333333 | H3000: 0 | I3000: 0 | J3000: 0 | K3000: 0 | L3000: 0 | M3000: 0
B3001: 0 | C3001: 0 | D3001: 0 | E3001: 0 | F3001: 0 | G3001: 3333333 | H3001: 0 | I3001: 0 | J3001: 0 | K3001: 0 | L3001: 0 | M3001: 0
B3002: 0 | C3002: 0 | D3002: 0 | E3002: 0 | F3002: 0 | G3002: 3333333 | H3002: 0 | I3002: 0 | J3002: 0 | K3002: 0 | L3002: 0 | M3002: 0
B3003: 0 | C3003: 0 | D3003: 0 | E3003: 0 | F3003: 0 | G3003: 3333333 | H3003: 0 | I3003: 0 | J3003: 0 | K3003: 0 | L3003: 0 | M3003: 0
B3004: 0 | C3004: 0 | D3004: 0 | E3004: 0 | F3004: 0 | G3004: 3333333 | H3004: 0 | I3004: 0 | J3004: 0 | K3004: 0 | L3004: 0 | M3004: 0
B3005: 0 | C3005: 0 | D3005: 0 | E3005: 0 | F3005: 0 | G3005: 3333333 | H3005: 0 | I3005: 0 | J3005: 0 | K3005: 0 | L3005: 0 | M3005: 0
B3006: 0 | C3006: 0 | D3006: 0 | E3006: 0 | F3006: 0 | G3006: 3333333 | H3006: 0 | I3006: 0 | J3006: 0 | K3006: 0 | L3006: 0 | M3006: 0
... B4487: 0 | C4487: 0 | D4487: 0 | E4487: 0 | F4487: 0 | G4487: 3333333 | H4487: 0 | I4487: 0 | J4487: 0 | K4487: 0 | L4487: 0 | M4487: 0
B4488: 0 | C4488: Opening Balance | D4488: 0 | E4488: 0 | F4488: 0 | G4488: 0 | H4488: 0 | I4488: 0 | J4488: 0 | K4488: 0 | L4488: 0 | M4488: 0
B4489: 0 | C4489: Please ignore this | D4489: 999 Uncategorized expenses | E4489: 999 Uncategorized expenses | F4489: 0 | G4489: 44444444 | H4489: 0 | I4489: 0 | J4489: 0 | K4489: 0 | L4489: 0 | M4489: 0
B4490: 0 | C4490: 0 | D4490: 0 | E4490: 0 | F4490: 0 | G4490: 44444444 | H4490: 0 | I4490: 0 | J4490: 0 | K4490: 0 | L4490: 0 | M4490: 0
B4491: 0 | C4491: 0 | D4491: 0 | E4491: 0 | F4491: 0 | G4491: 44444444 | H4491: 0 | I4491: 0 | J4491: 0 | K4491: 0 | L4491: 0 | M4491: 0
B4492: 0 | C4492: 0 | D4492: 0 | E4492: 0 | F4492: 0 | G4492: 44444444 | H4492: 0 | I4492: 0 | J4492: 0 | K4492: 0 | L4492: 0 | M4492: 0
B4493: 0 | C4493: 0 | D4493: 0 | E4493: 0 | F4493: 0 | G4493: 44444444 | H4493: 0 | I4493: 0 | J4493: 0 | K4493: 0 | L4493: 0 | M4493: 0
B4494: 0 | C4494: 0 | D4494: 0 | E4494: 0 | F4494: 0 | G4494: 44444444 | H4494: 0 | I4494: 0 | J4494: 0 | K4494: 0 | L4494: 0 | M4494: 0
B4495: 0 | C4495: 0 | D4495: 0 | E4495: 0 | F4495: 0 | G4495: 44444444 | H4495: 0 | I4495: 0 | J4495: 0 | K4495: 0 | L4495: 0 | M4495: 0
B4496: 0 | C4496: 0 | D4496: 0 | E4496: 0 | F4496: 0 | G4496: 44444444 | H4496: 0 | I4496: 0 | J4496: 0 | K4496: 0 | L4496: 0 | M4496: 0
B4497: 0 | C4497: 0 | D4497: 0 | E4497: 0 | F4497: 0 | G4497: 44444444 | H4497: 0 | I4497: 0 | J4497: 0 | K4497: 0 | L4497: 0 | M4497: 0
B4498: 0 | C4498: 0 | D4498: 0 | E4498: 0 | F4498: 0 | G4498: 44444444 | H4498: 0 | I4498: 0 | J4498: 0 | K4498: 0 | L4498: 0 | M4498: 0
B4499: 0 | C4499: 0 | D4499: 0 | E4499: 0 | F4499: 0 | G4499: 44444444 | H4499: 0 | I4499: 0 | J4499: 0 | K4499: 0 | L4499: 0 | M4499: 0
B4500: 0 | C4500: 0 | D4500: 0 | E4500: 0 | F4500: 0 | G4500: 44444444 | H4500: 0 | I4500: 0 | J4500: 0 | K4500: 0 | L4500: 0 | M4500: 0
B4501: 0 | C4501: 0 | D4501: 0 | E4501: 0 | F4501: 0 | G4501: 44444444 | H4501: 0 | I4501: 0 | J4501: 0 | K4501: 0 | L4501: 0 | M4501: 0
... B5982: 0 | C5982: 0 | D5982: 0 | E5982: 0 | F5982: 0 | G5982: 44444444 | H5982: 0 | I5982: 0 | J5982: 0 | K5982: 0 | L5982: 0 | M5982: 0
B5983: 0 | C5983: Opening Balance | D5983: 0 | E5983: 0 | F5983: 0 | G5983: 0 | H5983: 0 | I5983: 0 | J5983: 0 | K5983: 0 | L5983: 0 | M5983: 0
B5984: 0 | C5984: Please ignore this | D5984: 999 Uncategorized expenses | E5984: 999 Uncategorized expenses | F5984: 0 | G5984: 55555555 | H5984: 0 | I5984: 0 | J5984: 0 | K5984: 0 | L5984: 0 | M5984: 0
B5985: 0 | C5985: 0 | D5985: 0 | E5985: 0 | F5985: 0 | G5985: 55555555 | H5985: 0 | I5985: 0 | J5985: 0 | K5985: 0 | L5985: 0 | M5985: 0
B5986: 0 | C5986: 0 | D5986: 0 | E5986: 0 | F5986: 0 | G5986: 55555555 | H5986: 0 | I5986: 0 | J5986: 0 | K5986: 0 | L5986: 0 | M5986: 0
B5987: 0 | C5987: 0 | D5987: 0 | E5987: 0 | F5987: 0 | G5987: 55555555 | H5987: 0 | I5987: 0 | J5987: 0 | K5987: 0 | L5987: 0 | M5987: 0
B5988: 0 | C5988: 0 | D5988: 0 | E5988: 0 | F5988: 0 | G5988: 55555555 | H5988: 0 | I5988: 0 | J5988: 0 | K5988: 0 | L5988: 0 | M5988: 0
B5989: 0 | C5989: 0 | D5989: 0 | E5989: 0 | F5989: 0 | G5989: 55555555 | H5989: 0 | I5989: 0 | J5989: 0 | K5989: 0 | L5989: 0 | M5989: 0
B5990: 0 | C5990: 0 | D5990: 0 | E5990: 0 | F5990: 0 | G5990: 55555555 | H5990: 0 | I5990: 0 | J5990: 0 | K5990: 0 | L5990: 0 | M5990: 0
B5991: 0 | C5991: 0 | D5991: 0 | E5991: 0 | F5991: 0 | G5991: 55555555 | H5991: 0 | I5991: 0 | J5991: 0 | K5991: 0 | L5991: 0 | M5991: 0
B5992: 0 | C5992: 0 | D5992: 0 | E5992: 0 | F5992: 0 | G5992: 55555555 | H5992: 0 | I5992: 0 | J5992: 0 | K5992: 0 | L5992: 0 | M5992: 0
B5993: 0 | C5993: 0 | D5993: 0 | E5993: 0 | F5993: 0 | G5993: 55555555 | H5993: 0 | I5993: 0 | J5993: 0 | K5993: 0 | L5993: 0 | M5993: 0
B5994: 0 | C5994: 0 | D5994: 0 | E5994: 0 | F5994: 0 | G5994: 55555555 | H5994: 0 | I5994: 0 | J5994: 0 | K5994: 0 | L5994: 0 | M5994: 0
B5995: 0 | C5995: 0 | D5995: 0 | E5995: 0 | F5995: 0 | G5995: 55555555 | H5995: 0 | I5995: 0 | J5995: 0 | K5995: 0 | L5995: 0 | M5995: 0
B5996: 0 | C5996: 0 | D5996: 0 | E5996: 0 | F5996: 0 | G5996: 55555555 | H5996: 0 | I5996: 0 | J5996: 0 | K5996: 0 | L5996: 0 | M5996: 0
... B7477: 0 | C7477: 0 | D7477: 0 | E7477: 0 | F7477: 0 | G7477: 55555555 | H7477: 0 | I7477: 0 | J7477: 0 | K7477: 0 | L7477: 0 | M7477: 0

Sheet Banks Pivot-CPA4IT
O1: Date | P1: (All)
B2: Date | C2: Description | D2: Chart of Accounts | E2: Account Name | F2: Money in/ (Money out) | G2: Bank account number | H2: Balance | I2: Invoice Number | J2: GST/HST | K2: Net amount | L2: Memo | M2: Internal reporting account number
B3: {=_xlfn.VSTACK('Directors Advances:Credit Card 2'!A6:L1500)} -> 0 | C3: Opening Balance | D3: 0 | E3: 0 | F3: 0 | G3: 0 | H3: 0 | I3: 0 | J3: 0 | K3: 0 | L3: 0 | M3: 0 | P3: Column Labels
B4: 0 | C4: Please ignore this | D4: 999 Uncategorized expenses | E4: 999 Uncategorized expenses | F4: 0 | G4: 1111111 | H4: 0 | I4: 0 | J4: 0 | K4: 0 | L4: 0 | M4: 0 | P4: 0 | R4: 1111111 | T4: 2222222 | V4: 3333333 | X4: 44444444 | Z4: 55555555 | AB4: Total Sum of Net amount | AC4: Total Sum of GST/HST
B5: 0 | C5: 0 | D5: 0 | E5: 0 | F5: 0 | G5: 1111111 | H5: 0 | I5: 0 | J5: 0 | K5: 0 | L5: 0 | M5: 0 | O5: Row Labels | P5: Sum of Net amount | Q5: Sum of GST/HST | R5: Sum of Net amount | S5: Sum of GST/HST | T5: Sum of Net amount | U5: Sum of GST/HST | V5: Sum of Net amount | W5: Sum of GST/HST | X5: Sum of Net amount | Y5: Sum of GST/HST | Z5: Sum of Net amount | AA5: Sum of GST/HST
B6: 0 | C6: 0 | D6: 0 | E6: 0 | F6: 0 | G6: 1111111 | H6: 0 | I6: 0 | J6: 0 | K6: 0 | L6: 0 | M6: 0 | O6: 0 | P6: 0 | Q6: 0 | R6: 0 | S6: 0 | T6: 0 | U6: 0 | V6: 0 | W6: 0 | X6: 0 | Y6: 0 | Z6: 0 | AA6: 0 | AB6: 0 | AC6: 0
B7: 0 | C7: 0 | D7: 0 | E7: 0 | F7: 0 | G7: 1111111 | H7: 0 | I7: 0 | J7: 0 | K7: 0 | L7: 0 | M7: 0 | O7: 999 Uncategorized expenses | R7: 0 | S7: 0 | T7: 0 | U7: 0 | V7: 0 | W7: 0 | X7: 0 | Y7: 0 | Z7: 0 | AA7: 0 | AB7: 0 | AC7: 0
B8: 0 | C8: 0 | D8: 0 | E8: 0 | F8: 0 | G8: 1111111 | H8: 0 | I8: 0 | J8: 0 | K8: 0 | L8: 0 | M8: 0 | O8: Grand Total | P8: 0 | Q8: 0 | R8: 0 | S8: 0 | T8: 0 | U8: 0 | V8: 0 | W8: 0 | X8: 0 | Y8: 0 | Z8: 0 | AA8: 0 | AB8: 0 | AC8: 0
B9: 0 | C9: 0 | D9: 0 | E9: 0 | F9: 0 | G9: 1111111 | H9: 0 | I9: 0 | J9: 0 | K9: 0 | L9: 0 | M9: 0
B10: 0 | C10: 0 | D10: 0 | E10: 0 | F10: 0 | G10: 1111111 | H10: 0 | I10: 0 | J10: 0 | K10: 0 | L10: 0 | M10: 0
B11: 0 | C11: 0 | D11: 0 | E11: 0 | F11: 0 | G11: 1111111 | H11: 0 | I11: 0 | J11: 0 | K11: 0 | L11: 0 | M11: 0
B12: 0 | C12: 0 | D12: 0 | E12: 0 | F12: 0 | G12: 1111111 | H12: 0 | I12: 0 | J12: 0 | K12: 0 | L12: 0 | M12: 0
B13: 0 | C13: 0 | D13: 0 | E13: 0 | F13: 0 | G13: 1111111 | H13: 0 | I13: 0 | J13: 0 | K13: 0 | L13: 0 | M13: 0
B14: 0 | C14: 0 | D14: 0 | E14: 0 | F14: 0 | G14: 1111111 | H14: 0 | I14: 0 | J14: 0 | K14: 0 | L14: 0 | M14: 0
B15: 0 | C15: 0 | D15: 0 | E15: 0 | F15: 0 | G15: 1111111 | H15: 0 | I15: 0 | J15: 0 | K15: 0 | L15: 0 | M15: 0
B16: 0 | C16: 0 | D16: 0 | E16: 0 | F16: 0 | G16: 1111111 | H16: 0 | I16: 0 | J16: 0 | K16: 0 | L16: 0 | M16: 0
B17: 0 | C17: 0 | D17: 0 | E17: 0 | F17: 0 | G17: 1111111 | H17: 0 | I17: 0 | J17: 0 | K17: 0 | L17: 0 | M17: 0
B18: 0 | C18: 0 | D18: 0 | E18: 0 | F18: 0 | G18: 1111111 | H18: 0 | I18: 0 | J18: 0 | K18: 0 | L18: 0 | M18: 0
B19: 0 | C19: 0 | D19: 0 | E19: 0 | F19: 0 | G19: 1111111 | H19: 0 | I19: 0 | J19: 0 | K19: 0 | L19: 0 | M19: 0
B20: 0 | C20: 0 | D20: 0 | E20: 0 | F20: 0 | G20: 1111111 | H20: 0 | I20: 0 | J20: 0 | K20: 0 | L20: 0 | M20: 0
... B1497: 0 | C1497: 0 | D1497: 0 | E1497: 0 | F1497: 0 | G1497: 1111111 | H1497: 0 | I1497: 0 | J1497: 0 | K1497: 0 | L1497: 0 | M1497: 0
B1498: 0 | C1498: Opening Balance | D1498: 0 | E1498: 0 | F1498: 0 | G1498: 0 | H1498: 0 | I1498: 0 | J1498: 0 | K1498: 0 | L1498: 0 | M1498: 0
B1499: 0 | C1499: Please ignore this | D1499: 999 Uncategorized expenses | E1499: 999 Uncategorized expenses | F1499: 0 | G1499: 2222222 | H1499: 0 | I1499: 0 | J1499: 0 | K1499: 0 | L1499: 0 | M1499: 0
B1500: 0 | C1500: 0 | D1500: 0 | E1500: 0 | F1500: 0 | G1500: 2222222 | H1500: 0 | I1500: 0 | J1500: 0 | K1500: 0 | L1500: 0 | M1500: 0
B1501: 0 | C1501: 0 | D1501: 0 | E1501: 0 | F1501: 0 | G1501: 2222222 | H1501: 0 | I1501: 0 | J1501: 0 | K1501: 0 | L1501: 0 | M1501: 0
B1502: 0 | C1502: 0 | D1502: 0 | E1502: 0 | F1502: 0 | G1502: 2222222 | H1502: 0 | I1502: 0 | J1502: 0 | K1502: 0 | L1502: 0 | M1502: 0
B1503: 0 | C1503: 0 | D1503: 0 | E1503: 0 | F1503: 0 | G1503: 2222222 | H1503: 0 | I1503: 0 | J1503: 0 | K1503: 0 | L1503: 0 | M1503: 0
B1504: 0 | C1504: 0 | D1504: 0 | E1504: 0 | F1504: 0 | G1504: 2222222 | H1504: 0 | I1504: 0 | J1504: 0 | K1504: 0 | L1504: 0 | M1504: 0
B1505: 0 | C1505: 0 | D1505: 0 | E1505: 0 | F1505: 0 | G1505: 2222222 | H1505: 0 | I1505: 0 | J1505: 0 | K1505: 0 | L1505: 0 | M1505: 0
B1506: 0 | C1506: 0 | D1506: 0 | E1506: 0 | F1506: 0 | G1506: 2222222 | H1506: 0 | I1506: 0 | J1506: 0 | K1506: 0 | L1506: 0 | M1506: 0
B1507: 0 | C1507: 0 | D1507: 0 | E1507: 0 | F1507: 0 | G1507: 2222222 | H1507: 0 | I1507: 0 | J1507: 0 | K1507: 0 | L1507: 0 | M1507: 0
B1508: 0 | C1508: 0 | D1508: 0 | E1508: 0 | F1508: 0 | G1508: 2222222 | H1508: 0 | I1508: 0 | J1508: 0 | K1508: 0 | L1508: 0 | M1508: 0
B1509: 0 | C1509: 0 | D1509: 0 | E1509: 0 | F1509: 0 | G1509: 2222222 | H1509: 0 | I1509: 0 | J1509: 0 | K1509: 0 | L1509: 0 | M1509: 0
B1510: 0 | C1510: 0 | D1510: 0 | E1510: 0 | F1510: 0 | G1510: 2222222 | H1510: 0 | I1510: 0 | J1510: 0 | K1510: 0 | L1510: 0 | M1510: 0
B1511: 0 | C1511: 0 | D1511: 0 | E1511: 0 | F1511: 0 | G1511: 2222222 | H1511: 0 | I1511: 0 | J1511: 0 | K1511: 0 | L1511: 0 | M1511: 0
... B2992: 0 | C2992: 0 | D2992: 0 | E2992: 0 | F2992: 0 | G2992: 2222222 | H2992: 0 | I2992: 0 | J2992: 0 | K2992: 0 | L2992: 0 | M2992: 0
B2993: 0 | C2993: Opening Balance | D2993: 0 | E2993: 0 | F2993: 0 | G2993: 3333333 | H2993: 0 | I2993: 0 | J2993: 0 | K2993: 0 | L2993: 0 | M2993: 0
B2994: 0 | C2994: Please ignore this | D2994: 999 Uncategorized expenses | E2994: 999 Uncategorized expenses | F2994: 0 | G2994: 3333333 | H2994: 0 | I2994: 0 | J2994: 0 | K2994: 0 | L2994: 0 | M2994: 0
B2995: 0 | C2995: 0 | D2995: 0 | E2995: 0 | F2995: 0 | G2995: 3333333 | H2995: 0 | I2995: 0 | J2995: 0 | K2995: 0 | L2995: 0 | M2995: 0
B2996: 0 | C2996: 0 | D2996: 0 | E2996: 0 | F2996: 0 | G2996: 3333333 | H2996: 0 | I2996: 0 | J2996: 0 | K2996: 0 | L2996: 0 | M2996: 0
B2997: 0 | C2997: 0 | D2997: 0 | E2997: 0 | F2997: 0 | G2997: 3333333 | H2997: 0 | I2997: 0 | J2997: 0 | K2997: 0 | L2997: 0 | M2997: 0
B2998: 0 | C2998: 0 | D2998: 0 | E2998: 0 | F2998: 0 | G2998: 3333333 | H2998: 0 | I2998: 0 | J2998: 0 | K2998: 0 | L2998: 0 | M2998: 0
B2999: 0 | C2999: 0 | D2999: 0 | E2999: 0 | F2999: 0 | G2999: 3333333 | H2999: 0 | I2999: 0 | J2999: 0 | K2999: 0 | L2999: 0 | M2999: 0
B3000: 0 | C3000: 0 | D3000: 0 | E3000: 0 | F3000: 0 | G3000: 3333333 | H3000: 0 | I3000: 0 | J3000: 0 | K3000: 0 | L3000: 0 | M3000: 0
B3001: 0 | C3001: 0 | D3001: 0 | E3001: 0 | F3001: 0 | G3001: 3333333 | H3001: 0 | I3001: 0 | J3001: 0 | K3001: 0 | L3001: 0 | M3001: 0
B3002: 0 | C3002: 0 | D3002: 0 | E3002: 0 | F3002: 0 | G3002: 3333333 | H3002: 0 | I3002: 0 | J3002: 0 | K3002: 0 | L3002: 0 | M3002: 0
B3003: 0 | C3003: 0 | D3003: 0 | E3003: 0 | F3003: 0 | G3003: 3333333 | H3003: 0 | I3003: 0 | J3003: 0 | K3003: 0 | L3003: 0 | M3003: 0
B3004: 0 | C3004: 0 | D3004: 0 | E3004: 0 | F3004: 0 | G3004: 3333333 | H3004: 0 | I3004: 0 | J3004: 0 | K3004: 0 | L3004: 0 | M3004: 0
B3005: 0 | C3005: 0 | D3005: 0 | E3005: 0 | F3005: 0 | G3005: 3333333 | H3005: 0 | I3005: 0 | J3005: 0 | K3005: 0 | L3005: 0 | M3005: 0
B3006: 0 | C3006: 0 | D3006: 0 | E3006: 0 | F3006: 0 | G3006: 3333333 | H3006: 0 | I3006: 0 | J3006: 0 | K3006: 0 | L3006: 0 | M3006: 0
... B4487: 0 | C4487: 0 | D4487: 0 | E4487: 0 | F4487: 0 | G4487: 3333333 | H4487: 0 | I4487: 0 | J4487: 0 | K4487: 0 | L4487: 0 | M4487: 0
B4488: 0 | C4488: Opening Balance | D4488: 0 | E4488: 0 | F4488: 0 | G4488: 0 | H4488: 0 | I4488: 0 | J4488: 0 | K4488: 0 | L4488: 0 | M4488: 0
B4489: 0 | C4489: Please ignore this | D4489: 999 Uncategorized expenses | E4489: 999 Uncategorized expenses | F4489: 0 | G4489: 44444444 | H4489: 0 | I4489: 0 | J4489: 0 | K4489: 0 | L4489: 0 | M4489: 0
B4490: 0 | C4490: 0 | D4490: 0 | E4490: 0 | F4490: 0 | G4490: 44444444 | H4490: 0 | I4490: 0 | J4490: 0 | K4490: 0 | L4490: 0 | M4490: 0
B4491: 0 | C4491: 0 | D4491: 0 | E4491: 0 | F4491: 0 | G4491: 44444444 | H4491: 0 | I4491: 0 | J4491: 0 | K4491: 0 | L4491: 0 | M4491: 0
B4492: 0 | C4492: 0 | D4492: 0 | E4492: 0 | F4492: 0 | G4492: 44444444 | H4492: 0 | I4492: 0 | J4492: 0 | K4492: 0 | L4492: 0 | M4492: 0
B4493: 0 | C4493: 0 | D4493: 0 | E4493: 0 | F4493: 0 | G4493: 44444444 | H4493: 0 | I4493: 0 | J4493: 0 | K4493: 0 | L4493: 0 | M4493: 0
B4494: 0 | C4494: 0 | D4494: 0 | E4494: 0 | F4494: 0 | G4494: 44444444 | H4494: 0 | I4494: 0 | J4494: 0 | K4494: 0 | L4494: 0 | M4494: 0
B4495: 0 | C4495: 0 | D4495: 0 | E4495: 0 | F4495: 0 | G4495: 44444444 | H4495: 0 | I4495: 0 | J4495: 0 | K4495: 0 | L4495: 0 | M4495: 0
B4496: 0 | C4496: 0 | D4496: 0 | E4496: 0 | F4496: 0 | G4496: 44444444 | H4496: 0 | I4496: 0 | J4496: 0 | K4496: 0 | L4496: 0 | M4496: 0
B4497: 0 | C4497: 0 | D4497: 0 | E4497: 0 | F4497: 0 | G4497: 44444444 | H4497: 0 | I4497: 0 | J4497: 0 | K4497: 0 | L4497: 0 | M4497: 0
B4498: 0 | C4498: 0 | D4498: 0 | E4498: 0 | F4498: 0 | G4498: 44444444 | H4498: 0 | I4498: 0 | J4498: 0 | K4498: 0 | L4498: 0 | M4498: 0
B4499: 0 | C4499: 0 | D4499: 0 | E4499: 0 | F4499: 0 | G4499: 44444444 | H4499: 0 | I4499: 0 | J4499: 0 | K4499: 0 | L4499: 0 | M4499: 0
B4500: 0 | C4500: 0 | D4500: 0 | E4500: 0 | F4500: 0 | G4500: 44444444 | H4500: 0 | I4500: 0 | J4500: 0 | K4500: 0 | L4500: 0 | M4500: 0
B4501: 0 | C4501: 0 | D4501: 0 | E4501: 0 | F4501: 0 | G4501: 44444444 | H4501: 0 | I4501: 0 | J4501: 0 | K4501: 0 | L4501: 0 | M4501: 0
... B5982: 0 | C5982: 0 | D5982: 0 | E5982: 0 | F5982: 0 | G5982: 44444444 | H5982: 0 | I5982: 0 | J5982: 0 | K5982: 0 | L5982: 0 | M5982: 0
B5983: 0 | C5983: Opening Balance | D5983: 0 | E5983: 0 | F5983: 0 | G5983: 0 | H5983: 0 | I5983: 0 | J5983: 0 | K5983: 0 | L5983: 0 | M5983: 0
B5984: 0 | C5984: Please ignore this | D5984: 999 Uncategorized expenses | E5984: 999 Uncategorized expenses | F5984: 0 | G5984: 55555555 | H5984: 0 | I5984: 0 | J5984: 0 | K5984: 0 | L5984: 0 | M5984: 0
B5985: 0 | C5985: 0 | D5985: 0 | E5985: 0 | F5985: 0 | G5985: 55555555 | H5985: 0 | I5985: 0 | J5985: 0 | K5985: 0 | L5985: 0 | M5985: 0
B5986: 0 | C5986: 0 | D5986: 0 | E5986: 0 | F5986: 0 | G5986: 55555555 | H5986: 0 | I5986: 0 | J5986: 0 | K5986: 0 | L5986: 0 | M5986: 0
B5987: 0 | C5987: 0 | D5987: 0 | E5987: 0 | F5987: 0 | G5987: 55555555 | H5987: 0 | I5987: 0 | J5987: 0 | K5987: 0 | L5987: 0 | M5987: 0
B5988: 0 | C5988: 0 | D5988: 0 | E5988: 0 | F5988: 0 | G5988: 55555555 | H5988: 0 | I5988: 0 | J5988: 0 | K5988: 0 | L5988: 0 | M5988: 0
B5989: 0 | C5989: 0 | D5989: 0 | E5989: 0 | F5989: 0 | G5989: 55555555 | H5989: 0 | I5989: 0 | J5989: 0 | K5989: 0 | L5989: 0 | M5989: 0
B5990: 0 | C5990: 0 | D5990: 0 | E5990: 0 | F5990: 0 | G5990: 55555555 | H5990: 0 | I5990: 0 | J5990: 0 | K5990: 0 | L5990: 0 | M5990: 0
B5991: 0 | C5991: 0 | D5991: 0 | E5991: 0 | F5991: 0 | G5991: 55555555 | H5991: 0 | I5991: 0 | J5991: 0 | K5991: 0 | L5991: 0 | M5991: 0
B5992: 0 | C5992: 0 | D5992: 0 | E5992: 0 | F5992: 0 | G5992: 55555555 | H5992: 0 | I5992: 0 | J5992: 0 | K5992: 0 | L5992: 0 | M5992: 0
B5993: 0 | C5993: 0 | D5993: 0 | E5993: 0 | F5993: 0 | G5993: 55555555 | H5993: 0 | I5993: 0 | J5993: 0 | K5993: 0 | L5993: 0 | M5993: 0
B5994: 0 | C5994: 0 | D5994: 0 | E5994: 0 | F5994: 0 | G5994: 55555555 | H5994: 0 | I5994: 0 | J5994: 0 | K5994: 0 | L5994: 0 | M5994: 0
B5995: 0 | C5995: 0 | D5995: 0 | E5995: 0 | F5995: 0 | G5995: 55555555 | H5995: 0 | I5995: 0 | J5995: 0 | K5995: 0 | L5995: 0 | M5995: 0
B5996: 0 | C5996: 0 | D5996: 0 | E5996: 0 | F5996: 0 | G5996: 55555555 | H5996: 0 | I5996: 0 | J5996: 0 | K5996: 0 | L5996: 0 | M5996: 0
... B7477: 0 | C7477: 0 | D7477: 0 | E7477: 0 | F7477: 0 | G7477: 55555555 | H7477: 0 | I7477: 0 | J7477: 0 | K7477: 0 | L7477: 0 | M7477: 0

Sheet Automobile
B1: =Dashboard!B3 -> (Enter Company name) | D1: =Dashboard!B4 -> 45870 | E1: =Dashboard!B5 -> 46234 | H1: =Dashboard!B5 -> 46234
B2: CPA4IT Professional Corporation | M2: Please select appropriate option from Drop-down list
B3: AUTOMOBILE ALLOWANCE CALCULATION | N3: Automobile 1 | O3: Automobile 2
M4: Ownership Status of Vehicle | N4: =Dashboard!I4 -> Owned Personally | O4: =Dashboard!I5 -> Owned Personally
B5: Client Name: | D5: =Dashboard!B3 -> (Enter Company name) | H5: =Dashboard!B5 -> 46234 | M5: Is the Vehicle Electric? | N5: =Dashboard!J4 -> No | O5: =Dashboard!J5 -> No
H6: mm/dd/yy | J6: mm/dd/yy
C7: Lease Down Payment | G7: Lease Start Date | J7: Lease End Date
B8: Auto 1 | C8: =Dashboard!I13 -> 0 | H8: =Dashboard!J13 -> 0 | J8: =Dashboard!K13 -> 0
B9: Auto 2 | C9: =Dashboard!I14 -> 0 | H9: =Dashboard!J14 -> 0 | J9: =Dashboard!K14 -> 0 | P9: Effective from January 1, 2024 to December 31, 2024
C10: Cost of Purchase | E10: HST/GST+PST | H10: Total Cost | J10: Purchase Date | Q10: Amortization ($37,000+HST)
B11: Auto 1 | C11: =Dashboard!I9 -> 0 | E11: =Dashboard!J9 -> 0 | H11: =Dashboard!K9 -> 0 | J11: =Dashboard!L9 -> 0
B12: Auto 2 | C12: =Dashboard!I10 -> 0 | E12: =Dashboard!J10 -> 0 | H12: =Dashboard!K10 -> 0 | J12: =Dashboard!L10 -> 0 | P12: Combined | Q12: Lease (max $1,050+HST)
P13: $1,050+HST | Q13: Lease DP amort. (max $1,050+HST)
B15: OPTION 1 - PERCENTAGE OF BUSINESS MILEAGE EXPENSES | K15: TOTAL | Q15: Loan interest (max $350)
E17: Auto 1 | F17: HST | H17: Auto 2 | I17: HST
B18: Auto Expenses: | C18: Effective from January 1, 2025 | P18: Effective from January 1, 2023 to December 31, 2023
C19: Amortization ($38,000+HST) | K19: =H19+F19+E19+I19 -> 0 | Q19: Amortization ($36,000+HST)
C20: Fuel | E20: =IF(Dashboard!F5="Quick",-(SUMIF('Directors Advances'!C:C,"720.1 Automobile - Fuel",'Directors Advances'!E:E)+SUMIF('Bank 1'!C:C,"720.1 Automobile - Fuel",'Bank 1'!E:E)+SUMIF('Bank 2'!C:C,"720.1 Automobile - Fuel",'Bank 2'!E:E)+SUMIF('Credit Card 1'!C:C,"720.1 Automobile - Fuel",'Credit Card 1'!E:E)+SUMIF('Credit Card 2'!C:C,"720.1 Automobile - Fuel",'Credit Card 2'!E:E)),-(SUMIF('Directors Advances'!C:C,"720.1 Automobile - Fuel",'Directors Advances'!J:J)+SUMIF('Bank 1'!C:C,"720.1 Automobile - Fuel",'Bank 1'!J:J)+SUMIF('Bank 2'!C:C,"720.1 Automobile - Fuel",'Bank 2'!J:J)+SUMIF('Credit Card 1'!C:C,"720.1 Automobile - Fuel",'Credit Card 1'!J:J)+SUMIF('Credit Card 2'!C:C,"720.1 Automobile - Fuel",'Credit Card 2'!J:J))) -> 0 | F20: =-(SUMIF('Directors Advances'!C:C,"720.1 Automobile - Fuel",'Directors Advances'!I:I)+SUMIF('Bank 1'!C:C,"720.1 Automobile - Fuel",'Bank 1'!I:I)+SUMIF('Bank 2'!C:C,"720.1 Automobile - Fuel",'Bank 2'!I:I)+SUMIF('Credit Card 1'!C:C,"720.1 Automobile - Fuel",'Credit Card 1'!I:I)+SUMIF('Credit Card 2'!C:C,"720.1 Automobile - Fuel",'Credit Card 2'!I:I)) -> 0 | H20: =IF(Dashboard!F5="Quick",-(SUMIF('Directors Advances'!C:C,"720.11 Automobile - Fuel 2",'Directors Advances'!E:E)+SUMIF('Bank 1'!C:C,"720.11 Automobile - Fuel 2",'Bank 1'!E:E)+SUMIF('Bank 2'!C:C,"720.11 Automobile - Fuel 2",'Bank 2'!E:E)+SUMIF('Credit Card 1'!C:C,"720.11 Automobile - Fuel 2",'Credit Card 1'!E:E)+SUMIF('Credit Card 2'!C:C,"720.11 Automobile - Fuel 2",'Credit Card 2'!E:E)),-(SUMIF('Directors Advances'!C:C,"720.11 Automobile - Fuel 2",'Directors Advances'!J:J)+SUMIF('Bank 1'!C:C,"720.11 Automobile - Fuel 2",'Bank 1'!J:J)+SUMIF('Bank 2'!C:C,"720.11 Automobile - Fuel 2",'Bank 2'!J:J)+SUMIF('Credit Card 1'!C:C,"720.11 Automobile - Fuel 2",'Credit Card 1'!J:J)+SUMIF('Credit Card 2'!C:C,"720.11 Automobile - Fuel 2",'Credit Card 2'!J:J))) -> 0 | I20: =-(SUMIF('Directors Advances'!C:C,"720.11 Automobile - Fuel 2",'Directors Advances'!I:I)+SUMIF('Bank 1'!C:C,"720.11 Automobile - Fuel 2",'Bank 1'!I:I)+SUMIF('Bank 2'!C:C,"720.11 Automobile - Fuel 2",'Bank 2'!I:I)+SUMIF('Credit Card 1'!C:C,"720.11 Automobile - Fuel 2",'Credit Card 1'!I:I)+SUMIF('Credit Card 2'!C:C,"720.11 Automobile - Fuel 2",'Credit Card 2'!I:I)) -> 0 | K20: =H20+F20+E20+I20 -> 0
C21: Insurance | E21: =-(SUMIF('Directors Advances'!C:C,"720.2 Automobile - Insurance",'Directors Advances'!E:E)+SUMIF('Bank 1'!C:C,"720.2 Automobile - Insurance",'Bank 1'!E:E)+SUMIF('Bank 2'!C:C,"720.2 Automobile - Insurance",'Bank 2'!E:E)+SUMIF('Credit Card 1'!C:C,"720.2 Automobile - Insurance",'Credit Card 1'!E:E)+SUMIF('Credit Card 2'!C:C,"720.2 Automobile - Insurance",'Credit Card 2'!E:E)) -> 0 | H21: =-(SUMIF('Directors Advances'!C:C,"720.21 Automobile - Insurance 2",'Directors Advances'!E:E)+SUMIF('Bank 1'!C:C,"720.21 Automobile - Insurance 2",'Bank 1'!E:E)+SUMIF('Bank 2'!C:C,"720.21 Automobile - Insurance 2",'Bank 2'!E:E)+SUMIF('Credit Card 1'!C:C,"720.21 Automobile - Insurance 2",'Credit Card 1'!E:E)+SUMIF('Credit Card 2'!C:C,"720.21 Automobile - Insurance 2",'Credit Card 2'!E:E)) -> 0 | K21: =H21+F21+E21+I21 -> 0 | P21: Combined | Q21: Lease (max $950+HST)
B22: Combined | C22: Lease (max $1,100+HST) | E22: =-(SUMIF('Directors Advances'!C:C,"720.7 Automobile - Lease",'Directors Advances'!E:E)+SUMIF('Bank 1'!C:C,"720.7 Automobile - Lease",'Bank 1'!E:E)+SUMIF('Bank 2'!C:C,"720.7 Automobile - Lease",'Bank 2'!E:E)+SUMIF('Credit Card 1'!C:C,"720.7 Automobile - Lease",'Credit Card 1'!E:E)+SUMIF('Credit Card 2'!C:C,"720.7 Automobile - Lease",'Credit Card 2'!E:E)) -> 0 | H22: =-(SUMIF('Directors Advances'!C:C,"720.71 Automobile - Lease 2",'Directors Advances'!E:E)+SUMIF('Bank 1'!C:C,"720.71 Automobile - Lease 2",'Bank 1'!E:E)+SUMIF('Bank 2'!C:C,"720.71 Automobile - Lease 2",'Bank 2'!E:E)+SUMIF('Credit Card 1'!C:C,"720.71 Automobile - Lease 2",'Credit Card 1'!E:E)+SUMIF('Credit Card 2'!C:C,"720.71 Automobile - Lease 2",'Credit Card 2'!E:E)) -> 0 | K22: =H22+F22+E22+I22 -> 0 | P22: $950+HST | Q22: Lease DP amort. (max $950+HST)
B23: $1,100+HST | C23: Lease DP amort. (max $1,100+HST) | K23: =H23+F23+E23+I23 -> 0
C24: License | E24: =-(SUMIF('Directors Advances'!C:C,"720.3 Automobile - License",'Directors Advances'!E:E)+SUMIF('Bank 1'!C:C,"720.3 Automobile - License",'Bank 1'!E:E)+SUMIF('Bank 2'!C:C,"720.3 Automobile - License",'Bank 2'!E:E)+SUMIF('Credit Card 1'!C:C,"720.3 Automobile - License",'Credit Card 1'!E:E)+SUMIF('Credit Card 2'!C:C,"720.3 Automobile - License",'Credit Card 2'!E:E)) -> 0 | H24: =-(SUMIF('Directors Advances'!C:C,"720.31 Automobile - License 2",'Directors Advances'!E:E)+SUMIF('Bank 1'!C:C,"720.31 Automobile - License 2",'Bank 1'!E:E)+SUMIF('Bank 2'!C:C,"720.31 Automobile - License 2",'Bank 2'!E:E)+SUMIF('Credit Card 1'!C:C,"720.31 Automobile - License 2",'Credit Card 1'!E:E)+SUMIF('Credit Card 2'!C:C,"720.31 Automobile - License 2",'Credit Card 2'!E:E)) -> 0 | K24: =H24+F24+E24+I24 -> 0 | Q24: Loan interest (max $300)
C25: Loan Interest (max $350) | K25: =H25+F25+E25+I25 -> 0
C26: Repairs and Main. | E26: =IF(Dashboard!F5="Quick",-(SUMIF('Directors Advances'!C:C,"720.4 Automobile - Repairs",'Directors Advances'!E:E)+SUMIF('Bank 1'!C:C,"720.4 Automobile - Repairs",'Bank 1'!E:E)+SUMIF('Bank 2'!C:C,"720.4 Automobile - Repairs",'Bank 2'!E:E)+SUMIF('Credit Card 1'!C:C,"720.4 Automobile - Repairs",'Credit Card 1'!E:E)+SUMIF('Credit Card 2'!C:C,"720.4 Automobile - Repairs",'Credit Card 2'!E:E)),-(SUMIF('Directors Advances'!C:C,"720.4 Automobile - Repairs",'Directors Advances'!J:J)+SUMIF('Bank 1'!C:C,"720.4 Automobile - Repairs",'Bank 1'!J:J)+SUMIF('Bank 2'!C:C,"720.4 Automobile - Repairs",'Bank 2'!J:J)+SUMIF('Credit Card 1'!C:C,"720.4 Automobile - Repairs",'Credit Card 1'!J:J)+SUMIF('Credit Card 2'!C:C,"720.4 Automobile - Repairs",'Credit Card 2'!J:J))) -> 0 | F26: =-(SUMIF('Directors Advances'!C:C,"720.4 Automobile - Repairs",'Directors Advances'!I:I)+SUMIF('Bank 1'!C:C,"720.4 Automobile - Repairs",'Bank 1'!I:I)+SUMIF('Bank 2'!C:C,"720.4 Automobile - Repairs",'Bank 2'!I:I)+SUMIF('Credit Card 1'!C:C,"720.4 Automobile - Repairs",'Credit Card 1'!I:I)+SUMIF('Credit Card 2'!C:C,"720.4 Automobile - Repairs",'Credit Card 2'!I:I)) -> 0 | H26: =IF(Dashboard!F5="Quick",-(SUMIF('Directors Advances'!C:C,"720.41 Automobile - Repairs 2",'Directors Advances'!E:E)+SUMIF('Bank 1'!C:C,"720.41 Automobile - Repairs 2",'Bank 1'!E:E)+SUMIF('Bank 2'!C:C,"720.41 Automobile - Repairs 2",'Bank 2'!E:E)+SUMIF('Credit Card 1'!C:C,"720.41 Automobile - Repairs 2",'Credit Card 1'!E:E)+SUMIF('Credit Card 2'!C:C,"720.41 Automobile - Repairs 2",'Credit Card 2'!E:E)),-(SUMIF('Directors Advances'!C:C,"720.41 Automobile - Repairs 2",'Directors Advances'!J:J)+SUMIF('Bank 1'!C:C,"720.41 Automobile - Repairs 2",'Bank 1'!J:J)+SUMIF('Bank 2'!C:C,"720.41 Automobile - Repairs 2",'Bank 2'!J:J)+SUMIF('Credit Card 1'!C:C,"720.41 Automobile - Repairs 2",'Credit Card 1'!J:J)+SUMIF('Credit Card 2'!C:C,"720.41 Automobile - Repairs 2",'Credit Card 2'!J:J))) -> 0 | I26: =-(SUMIF('Directors Advances'!C:C,"720.41 Automobile - Repairs 2",'Directors Advances'!I:I)+SUMIF('Bank 1'!C:C,"720.41 Automobile - Repairs 2",'Bank 1'!I:I)+SUMIF('Bank 2'!C:C,"720.41 Automobile - Repairs 2",'Bank 2'!I:I)+SUMIF('Credit Card 1'!C:C,"720.41 Automobile - Repairs 2",'Credit Card 1'!I:I)+SUMIF('Credit Card 2'!C:C,"720.41 Automobile - Repairs 2",'Credit Card 2'!I:I)) -> 0 | K26: =H26+F26+E26+I26 -> 0
C27: Other | E27: =IF(Dashboard!F5="Quick",-(SUMIF('Directors Advances'!C:C,"720.5 Automobile - Others",'Directors Advances'!E:E)+SUMIF('Bank 1'!C:C,"720.5 Automobile - Others",'Bank 1'!E:E)+SUMIF('Bank 2'!C:C,"720.5 Automobile - Others",'Bank 2'!E:E)+SUMIF('Credit Card 1'!C:C,"720.5 Automobile - Others",'Credit Card 1'!E:E)+SUMIF('Credit Card 2'!C:C,"720.5 Automobile - Others",'Credit Card 2'!E:E)),-(SUMIF('Directors Advances'!C:C,"720.5 Automobile - Others",'Directors Advances'!J:J)+SUMIF('Bank 1'!C:C,"720.5 Automobile - Others",'Bank 1'!J:J)+SUMIF('Bank 2'!C:C,"720.5 Automobile - Others",'Bank 2'!J:J)+SUMIF('Credit Card 1'!C:C,"720.5 Automobile - Others",'Credit Card 1'!J:J)+SUMIF('Credit Card 2'!C:C,"720.5 Automobile - Others",'Credit Card 2'!J:J))) -> 0 | F27: =-(SUMIF('Directors Advances'!C:C,"720.5 Automobile - Others",'Directors Advances'!I:I)+SUMIF('Bank 1'!C:C,"720.5 Automobile - Others",'Bank 1'!I:I)+SUMIF('Bank 2'!C:C,"720.5 Automobile - Others",'Bank 2'!I:I)+SUMIF('Credit Card 1'!C:C,"720.5 Automobile - Others",'Credit Card 1'!I:I)+SUMIF('Credit Card 2'!C:C,"720.5 Automobile - Others",'Credit Card 2'!I:I)) -> 0 | H27: =IF(Dashboard!F5="Quick",-(SUMIF('Directors Advances'!C:C,"720.51 Automobile - Others 2",'Directors Advances'!E:E)+SUMIF('Bank 1'!C:C,"720.51 Automobile - Others 2",'Bank 1'!E:E)+SUMIF('Bank 2'!C:C,"720.51 Automobile - Others 2",'Bank 2'!E:E)+SUMIF('Credit Card 1'!C:C,"720.51 Automobile - Others 2",'Credit Card 1'!E:E)+SUMIF('Credit Card 2'!C:C,"720.51 Automobile - Others 2",'Credit Card 2'!E:E)),-(SUMIF('Directors Advances'!C:C,"720.51 Automobile - Others 2",'Directors Advances'!J:J)+SUMIF('Bank 1'!C:C,"720.51 Automobile - Others 2",'Bank 1'!J:J)+SUMIF('Bank 2'!C:C,"720.51 Automobile - Others 2",'Bank 2'!J:J)+SUMIF('Credit Card 1'!C:C,"720.51 Automobile - Others 2",'Credit Card 1'!J:J)+SUMIF('Credit Card 2'!C:C,"720.51 Automobile - Others 2",'Credit Card 2'!J:J))) -> 0 | I27: =-(SUMIF('Directors Advances'!C:C,"720.51 Automobile - Others 2",'Directors Advances'!I:I)+SUMIF('Bank 1'!C:C,"720.51 Automobile - Others 2",'Bank 1'!I:I)+SUMIF('Bank 2'!C:C,"720.51 Automobile - Others 2",'Bank 2'!I:I)+SUMIF('Credit Card 1'!C:C,"720.51 Automobile - Others 2",'Credit Card 1'!I:I)+SUMIF('Credit Card 2'!C:C,"720.51 Automobile - Others 2",'Credit Card 2'!I:I)) -> 0 | K27: =H27+F27+E27+I27 -> 0 | P27: Effective from January 1, 2022 to December 31, 2022
C28: CAA | E28: =IF(Dashboard!F5="Quick",-(SUMIF('Directors Advances'!C:C,"720.6 Automobile - CAA Fees",'Directors Advances'!E:E)+SUMIF('Bank 1'!C:C,"720.6 Automobile - CAA Fees",'Bank 1'!E:E)+SUMIF('Bank 2'!C:C,"720.6 Automobile - CAA Fees",'Bank 2'!E:E)+SUMIF('Credit Card 1'!C:C,"720.6 Automobile - CAA Fees",'Credit Card 1'!E:E)+SUMIF('Credit Card 2'!C:C,"720.6 Automobile - CAA Fees",'Credit Card 2'!E:E)),-(SUMIF('Directors Advances'!C:C,"720.6 Automobile - CAA Fees",'Directors Advances'!J:J)+SUMIF('Bank 1'!C:C,"720.6 Automobile - CAA Fees",'Bank 1'!J:J)+SUMIF('Bank 2'!C:C,"720.6 Automobile - CAA Fees",'Bank 2'!J:J)+SUMIF('Credit Card 1'!C:C,"720.6 Automobile - CAA Fees",'Credit Card 1'!J:J)+SUMIF('Credit Card 2'!C:C,"720.6 Automobile - CAA Fees",'Credit Card 2'!J:J))) -> 0 | F28: =-(SUMIF('Directors Advances'!C:C,"720.6 Automobile - CAA Fees",'Directors Advances'!I:I)+SUMIF('Bank 1'!C:C,"720.6 Automobile - CAA Fees",'Bank 1'!I:I)+SUMIF('Bank 2'!C:C,"720.6 Automobile - CAA Fees",'Bank 2'!I:I)+SUMIF('Credit Card 1'!C:C,"720.6 Automobile - CAA Fees",'Credit Card 1'!I:I)+SUMIF('Credit Card 2'!C:C,"720.6 Automobile - CAA Fees",'Credit Card 2'!I:I)) -> 0 | H28: =IF(Dashboard!F5="Quick",-(SUMIF('Directors Advances'!C:C,"720.61 Automobile - CAA Fees 2",'Directors Advances'!E:E)+SUMIF('Bank 1'!C:C,"720.61 Automobile - CAA Fees 2",'Bank 1'!E:E)+SUMIF('Bank 2'!C:C,"720.61 Automobile - CAA Fees 2",'Bank 2'!E:E)+SUMIF('Credit Card 1'!C:C,"720.61 Automobile - CAA Fees 2",'Credit Card 1'!E:E)+SUMIF('Credit Card 2'!C:C,"720.61 Automobile - CAA Fees 2",'Credit Card 2'!E:E)),-(SUMIF('Directors Advances'!C:C,"720.61 Automobile - CAA Fees 2",'Directors Advances'!J:J)+SUMIF('Bank 1'!C:C,"720.61 Automobile - CAA Fees 2",'Bank 1'!J:J)+SUMIF('Bank 2'!C:C,"720.61 Automobile - CAA Fees 2",'Bank 2'!J:J)+SUMIF('Credit Card 1'!C:C,"720.61 Automobile - CAA Fees 2",'Credit Card 1'!J:J)+SUMIF('Credit Card 2'!C:C,"720.61 Automobile - CAA Fees 2",'Credit Card 2'!J:J))) -> 0 | I28: =-(SUMIF('Directors Advances'!C:C,"720.61 Automobile - CAA Fees 2",'Directors Advances'!I:I)+SUMIF('Bank 1'!C:C,"720.61 Automobile - CAA Fees 2",'Bank 1'!I:I)+SUMIF('Bank 2'!C:C,"720.61 Automobile - CAA Fees 2",'Bank 2'!I:I)+SUMIF('Credit Card 1'!C:C,"720.61 Automobile - CAA Fees 2",'Credit Card 1'!I:I)+SUMIF('Credit Card 2'!C:C,"720.61 Automobile - CAA Fees 2",'Credit Card 2'!I:I)) -> 0 | K28: =H28+F28+E28+I28 -> 0 | Q28: Amortization ($34,000+HST)
B29: Total expenses | E29: =SUM(E19:E28) -> 0 | F29: =SUM(F19:F28) -> 0 | H29: =SUM(H19:H28) -> 0 | I29: =SUM(I19:I28) -> 0 | K29: =H29+F29+E29+I29 -> 0
P30: Combined | Q30: Lease (max $900+HST)
B31: Business Kilometers | E31: =Dashboard!K4 -> 0 | F31: =E31 -> 0 | H31: =Dashboard!K5 -> 0 | I31: =H31 -> 0 | K31: =H31+E31 -> 0 | P31: $900+HST | Q31: Lease DP amort. (max $900+HST)
B32: Total Kilometers | E32: =Dashboard!L4 -> 0 | F32: =E32 -> 0 | H32: =Dashboard!L5 -> 0 | I32: =H32 -> 0 | K32: =H32+E32 -> 0
B33: Business Percentage | K33: =K31/K32 -> #DIV/0! | Q33: Loan interest (max $300)
C35: Auto Expenses | D35: A | E35: =E29*K33 -> #DIV/0! | F35: =F33*F29 -> 0 | H35: =H29*K33 -> #DIV/0! | I35: =I33*I29 -> 0 | K35: =E35+H35 -> #DIV/0! | L35: A
B37: HST/GST ITC For Long Method | E37: =F35 -> 0 | H37: =I35 -> 0 | K37: =E37+H37 -> 0
C39: Auto Net of GST | E39: =E35-E37 -> #DIV/0! | H39: =H35-H37 -> #DIV/0! | K39: =K35-K37 -> #DIV/0! | L39: B
B43: OPTION 2 - PER KILOMETER REIMBURSEMENT
B45: Auto 1 & 2
E46: No.of Months | J46: No.of Months
B47: Business kilometers | D47: =K31 -> 0 | E47: In 2025= | H47: 10 | J47: In 2026= | K47: =12-H47 -> 2
B50: First 5,000 kilometers | E50: =IF($D$47<=5001,($D$47*$E$69*$H$47/12+$D$47*$E$70*$K$47/12),5000*$H$47/12*$E$69+5000*$K$47/12*$E$70) -> 0
B52: Balance over 5,000 | E52: =IF($D$47-5000<=0,0,($D$47-5000)*$H$47/12*$J$69+($D$47-5000)*$K$47/12*$J$70) -> 0
B54: Total km reimbursement auto | E54: =SUM(E50:E52) -> 0 | G54: C
C56: HST/GST
C58: Total Net of HST/GST | E58: =+E54-E56 -> 0 | G58: C+D
B62: Year 2018 | C62: Under 5,000 km. | E62: 0.55 | H62: Over 5,000 km. | J62: 0.49
B63: Year 2019 | C63: Under 5,000 km. | E63: 0.58 | H63: Over 5,000 km. | J63: 0.52
B64: Year 2020 | C64: Under 5,000 km. | E64: 0.59 | H64: Over 5,000 km. | J64: 0.53
B65: Year 2021 | C65: Under 5,000 km. | E65: 0.59 | H65: Over 5,000 km. | J65: 0.53
B66: Year 2022 | C66: Under 5,000 km. | E66: 0.61 | H66: Over 5,000 km. | J66: 0.55
B67: Year 2023 | C67: Under 5,000 km. | E67: 0.68 | H67: Over 5,000 km. | J67: 0.62
B68: Year 2024 | C68: Under 5,000 km. | E68: 0.7 | H68: Over 5,000 km. | J68: 0.64
B69: Year 2025 | C69: Under 5,000 km. | E69: 0.72 | H69: Over 5,000 km. | J69: 0.66
B70: Year 2026 | C70: Under 5,000 km. | E70: 0.73 | H70: Over 5,000 km. | J70: 0.67
B72: Take greater of A or C for HST Quick Method or B or D for HST LONG (regular) Method
B73: The following changes to limits and rates will take effect as of January 1, 2025:
B75: The ceiling for capital cost allowances (CCA) for Class 10.1 passenger vehicles will increase to $38,000 from $37,000, before tax, in respect of new and used vehicles acquired on or after January 1, 2025.
B76: The limit on deductible leasing costs will be increased to $1,100 from $1,050 per month, before tax, for new leases entered into on or after January 1, 2025.
B77: The maximum allowable interest deduction will remain the same at $350 per month for new automobile loans entered into on or after January 1, 2025.
B78: In provinces, the limit on the deduction of tax-exempt allowances paid by employers to employees who use their personal vehicle for business purposes will increase by two cents, to 72 cents per kilometre, for the first 5,000 kilometres driven, and to 66 cents for each additional kilometre. For the territories, the limit will also increase by two cents, to 76 cents per kilometre, for the first 5,000 kilometres driven, and to 70 cents for each additional kilometre.
B79: The CCA ceiling for Class 54 zero-emission passenger vehicles ($61,000 before tax for new and used vehicles) will remain the same for 2025, as this limit continues to be appropriate.
B80: The general prescribed rate used to determine the taxable benefit of employees relating to the personal portion of automobile expenses paid by their employers will increase by one cent to 34 cents per kilometre for 2025. For people who are employed principally in selling or leasing automobiles, the rate used to determine the employee’s taxable benefit will also increase by one cent to 31 cents per kilometre for 2025.
B81: Quick facts
B82: Eligible zero-emission passenger vehicles include plug-in hybrids with a battery capacity of at least 7 kWh, as well as vehicles that are fully electric or fully powered by hydrogen.
B85: The ceiling for capital cost allowances (CCA) for Class 10.1 passenger vehicles will increase to $37,000 from $36,000, before tax, in respect of new and used vehicles acquired on or after January 1, 2024.
B86: The limit on deductible leasing costs will be increased to $1,050 from $950 per month, before tax, for new leases entered into on or after January 1, 2024.
... B105: Eligible zero-emission passenger vehicles include plug-in hybrids with a battery capacity of at least 7 kWh and vehicles that are fully electric or fully powered by hydrogen.

Sheet Home Office
A1: =Dashboard!B3 -> (Enter Company name) | B1: =Dashboard!B5 -> 46234
A3: Rent Expense - Account # 870
B4: Expense including HST/GST (Quick Method) or excluding HST/GST (Long Method)
A5: Expense Category | B5: Expense Paid | D5: Total HST/GST paid - only if using HST/GST long method | E5: Remarks
A6: Office Rent (not home office) A
A7: Home Office Expense (B)
A8: Decorating | B8: =IF(Dashboard!$F$5="Quick",-(SUMIF('Directors Advances'!C:C,"870.01 Rent - Decorating",'Directors Advances'!E:E)+SUMIF('Bank 1'!C:C,"870.01 Rent - Decorating",'Bank 1'!E:E)+SUMIF('Bank 2'!C:C,"870.01 Rent - Decorating",'Bank 2'!E:E)+SUMIF('Credit Card 1'!C:C,"870.01 Rent - Decorating",'Credit Card 1'!E:E)+SUMIF('Credit Card 2'!C:C,"870.01 Rent - Decorating",'Credit Card 2'!E:E)),-(SUMIF('Directors Advances'!C:C,"870.01 Rent - Decorating",'Directors Advances'!J:J)+SUMIF('Bank 1'!C:C,"870.01 Rent - Decorating",'Bank 1'!J:J)+SUMIF('Bank 2'!C:C,"870.01 Rent - Decorating",'Bank 2'!J:J)+SUMIF('Credit Card 1'!C:C,"870.01 Rent - Decorating",'Credit Card 1'!J:J)+SUMIF('Credit Card 2'!C:C,"870.01 Rent - Decorating",'Credit Card 2'!J:J))) -> 0 | D8: =-(SUMIF('Directors Advances'!C:C,"870.01 Rent - Decorating",'Directors Advances'!I:I)+SUMIF('Bank 1'!C:C,"870.01 Rent - Decorating",'Bank 1'!I:I)+SUMIF('Bank 2'!C:C,"870.01 Rent - Decorating",'Bank 2'!I:I)+SUMIF('Credit Card 1'!C:C,"870.01 Rent - Decorating",'Credit Card 1'!I:I)+SUMIF('Credit Card 2'!C:C,"870.01 Rent - Decorating",'Credit Card 2'!I:I)) -> 0
A9: Gas | B9: =IF(Dashboard!$F$5="Quick",-(SUMIF('Directors Advances'!C:C,"870.2 Rent - Gas",'Directors Advances'!E:E)+SUMIF('Bank 1'!C:C,"870.2 Rent - Gas",'Bank 1'!E:E)+SUMIF('Bank 2'!C:C,"870.2 Rent - Gas",'Bank 2'!E:E)+SUMIF('Credit Card 1'!C:C,"870.2 Rent - Gas",'Credit Card 1'!E:E)+SUMIF('Credit Card 2'!C:C,"870.2 Rent - Gas",'Credit Card 2'!E:E)),-(SUMIF('Directors Advances'!C:C,"870.2 Rent - Gas",'Directors Advances'!J:J)+SUMIF('Bank 1'!C:C,"870.2 Rent - Gas",'Bank 1'!J:J)+SUMIF('Bank 2'!C:C,"870.2 Rent - Gas",'Bank 2'!J:J)+SUMIF('Credit Card 1'!C:C,"870.2 Rent - Gas",'Credit Card 1'!J:J)+SUMIF('Credit Card 2'!C:C,"870.2 Rent - Gas",'Credit Card 2'!J:J))) -> 0 | D9: =-(SUMIF('Directors Advances'!C:C,"870.2 Rent - Gas",'Directors Advances'!I:I)+SUMIF('Bank 1'!C:C,"870.2 Rent - Gas",'Bank 1'!I:I)+SUMIF('Bank 2'!C:C,"870.2 Rent - Gas",'Bank 2'!I:I)+SUMIF('Credit Card 1'!C:C,"870.2 Rent - Gas",'Credit Card 1'!I:I)+SUMIF('Credit Card 2'!C:C,"870.2 Rent - Gas",'Credit Card 2'!I:I)) -> 0
A10: Hydro | B10: =IF(Dashboard!$F$5="Quick",-(SUMIF('Directors Advances'!C:C,"870.3 Rent - Hydro",'Directors Advances'!E:E)+SUMIF('Bank 1'!C:C,"870.3 Rent - Hydro",'Bank 1'!E:E)+SUMIF('Bank 2'!C:C,"870.3 Rent - Hydro",'Bank 2'!E:E)+SUMIF('Credit Card 1'!C:C,"870.3 Rent - Hydro",'Credit Card 1'!E:E)+SUMIF('Credit Card 2'!C:C,"870.3 Rent - Hydro",'Credit Card 2'!E:E)),-(SUMIF('Directors Advances'!C:C,"870.3 Rent - Hydro",'Directors Advances'!J:J)+SUMIF('Bank 1'!C:C,"870.3 Rent - Hydro",'Bank 1'!J:J)+SUMIF('Bank 2'!C:C,"870.3 Rent - Hydro",'Bank 2'!J:J)+SUMIF('Credit Card 1'!C:C,"870.3 Rent - Hydro",'Credit Card 1'!J:J)+SUMIF('Credit Card 2'!C:C,"870.3 Rent - Hydro",'Credit Card 2'!J:J))) -> 0 | D10: =-(SUMIF('Directors Advances'!C:C,"870.3 Rent - Hydro",'Directors Advances'!I:I)+SUMIF('Bank 1'!C:C,"870.3 Rent - Hydro",'Bank 1'!I:I)+SUMIF('Bank 2'!C:C,"870.3 Rent - Hydro",'Bank 2'!I:I)+SUMIF('Credit Card 1'!C:C,"870.3 Rent - Hydro",'Credit Card 1'!I:I)+SUMIF('Credit Card 2'!C:C,"870.3 Rent - Hydro",'Credit Card 2'!I:I)) -> 0
A11: Insurance | B11: =-(SUMIF('Directors Advances'!C:C,"870.4 Rent - Insurance",'Directors Advances'!E:E)+SUMIF('Bank 1'!C:C,"870.4 Rent - Insurance",'Bank 1'!E:E)+SUMIF('Bank 2'!C:C,"870.4 Rent - Insurance",'Bank 2'!E:E)+SUMIF('Credit Card 1'!C:C,"870.4 Rent - Insurance",'Credit Card 1'!E:E)+SUMIF('Credit Card 2'!C:C,"870.4 Rent - Insurance",'Credit Card 2'!E:E)) -> 0
A12: Landscaping | B12: =IF(Dashboard!$F$5="Quick",-(SUMIF('Directors Advances'!C:C,"870.5 Rent - Landscaping",'Directors Advances'!E:E)+SUMIF('Bank 1'!C:C,"870.5 Rent - Landscaping",'Bank 1'!E:E)+SUMIF('Bank 2'!C:C,"870.5 Rent - Landscaping",'Bank 2'!E:E)+SUMIF('Credit Card 1'!C:C,"870.5 Rent - Landscaping",'Credit Card 1'!E:E)+SUMIF('Credit Card 2'!C:C,"870.5 Rent - Landscaping",'Credit Card 2'!E:E)),-(SUMIF('Directors Advances'!C:C,"870.5 Rent - Landscaping",'Directors Advances'!J:J)+SUMIF('Bank 1'!C:C,"870.5 Rent - Landscaping",'Bank 1'!J:J)+SUMIF('Bank 2'!C:C,"870.5 Rent - Landscaping",'Bank 2'!J:J)+SUMIF('Credit Card 1'!C:C,"870.5 Rent - Landscaping",'Credit Card 1'!J:J)+SUMIF('Credit Card 2'!C:C,"870.5 Rent - Landscaping",'Credit Card 2'!J:J))) -> 0 | D12: =-(SUMIF('Directors Advances'!C:C,"870.5 Rent - Landscaping",'Directors Advances'!I:I)+SUMIF('Bank 1'!C:C,"870.5 Rent - Landscaping",'Bank 1'!I:I)+SUMIF('Bank 2'!C:C,"870.5 Rent - Landscaping",'Bank 2'!I:I)+SUMIF('Credit Card 1'!C:C,"870.5 Rent - Landscaping",'Credit Card 1'!I:I)+SUMIF('Credit Card 2'!C:C,"870.5 Rent - Landscaping",'Credit Card 2'!I:I)) -> 0
A13: Mortgage Interest
A14: Property Tax | B14: =-(SUMIF('Directors Advances'!C:C,"870.6 Rent - Property Tax",'Directors Advances'!E:E)+SUMIF('Bank 1'!C:C,"870.6 Rent - Property Tax",'Bank 1'!E:E)+SUMIF('Bank 2'!C:C,"870.6 Rent - Property Tax",'Bank 2'!E:E)+SUMIF('Credit Card 1'!C:C,"870.6 Rent - Property Tax",'Credit Card 1'!E:E)+SUMIF('Credit Card 2'!C:C,"870.6 Rent - Property Tax",'Credit Card 2'!E:E)) -> 0
A15: Rent (home office) | B15: =-(SUMIF('Directors Advances'!C:C,"870.7 Rent - Homeoffice",'Directors Advances'!E:E)+SUMIF('Bank 1'!C:C,"870.7 Rent - Homeoffice",'Bank 1'!E:E)+SUMIF('Bank 2'!C:C,"870.7 Rent - Homeoffice",'Bank 2'!E:E)+SUMIF('Credit Card 1'!C:C,"870.7 Rent - Homeoffice",'Credit Card 1'!E:E)+SUMIF('Credit Card 2'!C:C,"870.7 Rent - Homeoffice",'Credit Card 2'!E:E)) -> 0
A16: Repairs/Maintenance | B16: =IF(Dashboard!$F$5="Quick",-(SUMIF('Directors Advances'!C:C,"870.8 Rent - Repairs",'Directors Advances'!E:E)+SUMIF('Bank 1'!C:C,"870.8 Rent - Repairs",'Bank 1'!E:E)+SUMIF('Bank 2'!C:C,"870.8 Rent - Repairs",'Bank 2'!E:E)+SUMIF('Credit Card 1'!C:C,"870.8 Rent - Repairs",'Credit Card 1'!E:E)+SUMIF('Credit Card 2'!C:C,"870.8 Rent - Repairs",'Credit Card 2'!E:E)),-(SUMIF('Directors Advances'!C:C,"870.8 Rent - Repairs",'Directors Advances'!J:J)+SUMIF('Bank 1'!C:C,"870.8 Rent - Repairs",'Bank 1'!J:J)+SUMIF('Bank 2'!C:C,"870.8 Rent - Repairs",'Bank 2'!J:J)+SUMIF('Credit Card 1'!C:C,"870.8 Rent - Repairs",'Credit Card 1'!J:J)+SUMIF('Credit Card 2'!C:C,"870.8 Rent - Repairs",'Credit Card 2'!J:J))) -> 0 | D16: =-(SUMIF('Directors Advances'!C:C,"870.8 Rent - Repairs",'Directors Advances'!I:I)+SUMIF('Bank 1'!C:C,"870.8 Rent - Repairs",'Bank 1'!I:I)+SUMIF('Bank 2'!C:C,"870.8 Rent - Repairs",'Bank 2'!I:I)+SUMIF('Credit Card 1'!C:C,"870.8 Rent - Repairs",'Credit Card 1'!I:I)+SUMIF('Credit Card 2'!C:C,"870.8 Rent - Repairs",'Credit Card 2'!I:I)) -> 0
A17: Water | B17: =-(SUMIF('Directors Advances'!C:C,"870.9 Rent - Water",'Directors Advances'!E:E)+SUMIF('Bank 1'!C:C,"870.9 Rent - Water",'Bank 1'!E:E)+SUMIF('Bank 2'!C:C,"870.9 Rent - Water",'Bank 2'!E:E)+SUMIF('Credit Card 1'!C:C,"870.9 Rent - Water",'Credit Card 1'!E:E)+SUMIF('Credit Card 2'!C:C,"870.9 Rent - Water",'Credit Card 2'!E:E)) -> 0
A18: Other | B18: =IF(Dashboard!$F$5="Quick",-(SUMIF('Directors Advances'!C:C,"870.1 Rent - Other",'Directors Advances'!E:E)+SUMIF('Bank 1'!C:C,"870.1 Rent - Other",'Bank 1'!E:E)+SUMIF('Bank 2'!C:C,"870.1 Rent - Other",'Bank 2'!E:E)+SUMIF('Credit Card 1'!C:C,"870.1 Rent - Other",'Credit Card 1'!E:E)+SUMIF('Credit Card 2'!C:C,"870.1 Rent - Other",'Credit Card 2'!E:E)),-(SUMIF('Directors Advances'!C:C,"870.1 Rent - Other",'Directors Advances'!J:J)+SUMIF('Bank 1'!C:C,"870.1 Rent - Other",'Bank 1'!J:J)+SUMIF('Bank 2'!C:C,"870.1 Rent - Other",'Bank 2'!J:J)+SUMIF('Credit Card 1'!C:C,"870.1 Rent - Other",'Credit Card 1'!J:J)+SUMIF('Credit Card 2'!C:C,"870.1 Rent - Other",'Credit Card 2'!J:J))) -> 0 | D18: =-(SUMIF('Directors Advances'!C:C,"870.1 Rent - Other",'Directors Advances'!I:I)+SUMIF('Bank 1'!C:C,"870.1 Rent - Other",'Bank 1'!I:I)+SUMIF('Bank 2'!C:C,"870.1 Rent - Other",'Bank 2'!I:I)+SUMIF('Credit Card 1'!C:C,"870.1 Rent - Other",'Credit Card 1'!I:I)+SUMIF('Credit Card 2'!C:C,"870.1 Rent - Other",'Credit Card 2'!I:I)) -> 0
A20: Total Home Office | B20: =SUM(B8:B19) -> 0 | D20: =SUM(D8:D19) -> 0
A21: Please provide calculation of business portion of home office= | E21: =Dashboard!F7 -> 0.25
A22: Business Use %* | B22: =B20 * (E21) -> 0 | C22: =C20 * (E21) -> 0 | D22: =D20 * (E21) -> 0
A23: Total Home Office Expenses (B) | C23: =SUM(B22:D22) -> 0
A24: Total Office Rent (A) | C24: =SUM(B6:D6) -> 0
A25: Total A+ B | C25: =SUM(C23:C24) -> 0
A27: Total Rent Expense | C27: =SUM(C25:C26) -> 0
A29: Brief Notes or explanations.

Sheet Chart of Accounts
A1: Chart of Accounts | D1: 0 | F1: =Dashboard!B5 -> 46234
A2: Account number | B2: Account Name | C2: Classification | D2: for Import to Bank Register dropdown | E2: for Pivot | F2: Current Total
A3: 100 | B3: Cash on hand | C3: Asset | D3: =_xlfn.CONCAT(A3," ",B3) -> 100 Cash on hand | E3: =Table1[[#This Row],[for Import to Bank Register dropdown]] -> 100 Cash on hand | F3: =SUMIF('Credit Card 2'!C:C,'Chart of Accounts'!D:D,'Credit Card 2'!E:E)+SUMIF('Credit Card 1'!C:C,'Chart of Accounts'!D:D,'Credit Card 1'!E:E)+SUMIF('Bank 2'!C:C,'Chart of Accounts'!D:D,'Bank 2'!E:E)+SUMIF('Bank 1'!C:C,'Chart of Accounts'!D:D,'Bank 1'!E:E)+SUMIF('Directors Advances'!C:C,'Chart of Accounts'!D:D,'Directors Advances'!E:E) -> 0
A4: 101 | B4: Cash on hand-foreign currency | C4: Asset | D4: =_xlfn.CONCAT(A4," ",B4) -> 101 Cash on hand-foreign currency | E4: =Table1[[#This Row],[for Import to Bank Register dropdown]] -> 101 Cash on hand-foreign currency | F4: =SUMIF('Credit Card 2'!C:C,'Chart of Accounts'!D:D,'Credit Card 2'!E:E)+SUMIF('Credit Card 1'!C:C,'Chart of Accounts'!D:D,'Credit Card 1'!E:E)+SUMIF('Bank 2'!C:C,'Chart of Accounts'!D:D,'Bank 2'!E:E)+SUMIF('Bank 1'!C:C,'Chart of Accounts'!D:D,'Bank 1'!E:E)+SUMIF('Directors Advances'!C:C,'Chart of Accounts'!D:D,'Directors Advances'!E:E) -> 0
A5: 102 | B5: Cash at Bank- Savings | C5: Asset | D5: =_xlfn.CONCAT(A5," ",B5) -> 102 Cash at Bank- Savings | E5: =Table1[[#This Row],[for Import to Bank Register dropdown]] -> 102 Cash at Bank- Savings | F5: =SUMIF('Credit Card 2'!C:C,'Chart of Accounts'!D:D,'Credit Card 2'!E:E)+SUMIF('Credit Card 1'!C:C,'Chart of Accounts'!D:D,'Credit Card 1'!E:E)+SUMIF('Bank 2'!C:C,'Chart of Accounts'!D:D,'Bank 2'!E:E)+SUMIF('Bank 1'!C:C,'Chart of Accounts'!D:D,'Bank 1'!E:E)+SUMIF('Directors Advances'!C:C,'Chart of Accounts'!D:D,'Directors Advances'!E:E) -> 0
A6: 103 | B6: Cash at Bank - Bank 3 | C6: Asset | D6: =_xlfn.CONCAT(A6," ",B6) -> 103 Cash at Bank - Bank 3 | E6: =Table1[[#This Row],[for Import to Bank Register dropdown]] -> 103 Cash at Bank - Bank 3 | F6: =SUMIF('Credit Card 2'!C:C,'Chart of Accounts'!D:D,'Credit Card 2'!E:E)+SUMIF('Credit Card 1'!C:C,'Chart of Accounts'!D:D,'Credit Card 1'!E:E)+SUMIF('Bank 2'!C:C,'Chart of Accounts'!D:D,'Bank 2'!E:E)+SUMIF('Bank 1'!C:C,'Chart of Accounts'!D:D,'Bank 1'!E:E)+SUMIF('Directors Advances'!C:C,'Chart of Accounts'!D:D,'Directors Advances'!E:E) -> 0
A7: 105 | B7: Short term Investments | C7: Asset | D7: =_xlfn.CONCAT(A7," ",B7) -> 105 Short term Investments | E7: =Table1[[#This Row],[for Import to Bank Register dropdown]] -> 105 Short term Investments | F7: =SUMIF('Credit Card 2'!C:C,'Chart of Accounts'!D:D,'Credit Card 2'!E:E)+SUMIF('Credit Card 1'!C:C,'Chart of Accounts'!D:D,'Credit Card 1'!E:E)+SUMIF('Bank 2'!C:C,'Chart of Accounts'!D:D,'Bank 2'!E:E)+SUMIF('Bank 1'!C:C,'Chart of Accounts'!D:D,'Bank 1'!E:E)+SUMIF('Directors Advances'!C:C,'Chart of Accounts'!D:D,'Directors Advances'!E:E) -> 0
A8: 106 | B8: Cash - Investments | C8: Asset | D8: =_xlfn.CONCAT(A8," ",B8) -> 106 Cash - Investments | E8: =Table1[[#This Row],[for Import to Bank Register dropdown]] -> 106 Cash - Investments | F8: =SUMIF('Credit Card 2'!C:C,'Chart of Accounts'!D:D,'Credit Card 2'!E:E)+SUMIF('Credit Card 1'!C:C,'Chart of Accounts'!D:D,'Credit Card 1'!E:E)+SUMIF('Bank 2'!C:C,'Chart of Accounts'!D:D,'Bank 2'!E:E)+SUMIF('Bank 1'!C:C,'Chart of Accounts'!D:D,'Bank 1'!E:E)+SUMIF('Directors Advances'!C:C,'Chart of Accounts'!D:D,'Directors Advances'!E:E) -> 0
A9: 107 | B9: Cash - Investments 2 | C9: Asset | D9: =_xlfn.CONCAT(A9," ",B9) -> 107 Cash - Investments 2 | E9: =Table1[[#This Row],[for Import to Bank Register dropdown]] -> 107 Cash - Investments 2 | F9: =SUMIF('Credit Card 2'!C:C,'Chart of Accounts'!D:D,'Credit Card 2'!E:E)+SUMIF('Credit Card 1'!C:C,'Chart of Accounts'!D:D,'Credit Card 1'!E:E)+SUMIF('Bank 2'!C:C,'Chart of Accounts'!D:D,'Bank 2'!E:E)+SUMIF('Bank 1'!C:C,'Chart of Accounts'!D:D,'Bank 1'!E:E)+SUMIF('Directors Advances'!C:C,'Chart of Accounts'!D:D,'Directors Advances'!E:E) -> 0
A10: 108 | B10: ACB - Short term investment | C10: Asset | D10: =_xlfn.CONCAT(A10," ",B10) -> 108 ACB - Short term investment | E10: =Table1[[#This Row],[for Import to Bank Register dropdown]] -> 108 ACB - Short term investment | F10: =SUMIF('Credit Card 2'!C:C,'Chart of Accounts'!D:D,'Credit Card 2'!E:E)+SUMIF('Credit Card 1'!C:C,'Chart of Accounts'!D:D,'Credit Card 1'!E:E)+SUMIF('Bank 2'!C:C,'Chart of Accounts'!D:D,'Bank 2'!E:E)+SUMIF('Bank 1'!C:C,'Chart of Accounts'!D:D,'Bank 1'!E:E)+SUMIF('Directors Advances'!C:C,'Chart of Accounts'!D:D,'Directors Advances'!E:E) -> 0
A11: 109 | B11: ACB - Investment | C11: Asset | D11: =_xlfn.CONCAT(A11," ",B11) -> 109 ACB - Investment | E11: =Table1[[#This Row],[for Import to Bank Register dropdown]] -> 109 ACB - Investment | F11: =SUMIF('Credit Card 2'!C:C,'Chart of Accounts'!D:D,'Credit Card 2'!E:E)+SUMIF('Credit Card 1'!C:C,'Chart of Accounts'!D:D,'Credit Card 1'!E:E)+SUMIF('Bank 2'!C:C,'Chart of Accounts'!D:D,'Bank 2'!E:E)+SUMIF('Bank 1'!C:C,'Chart of Accounts'!D:D,'Bank 1'!E:E)+SUMIF('Directors Advances'!C:C,'Chart of Accounts'!D:D,'Directors Advances'!E:E) -> 0
A12: 110 | B12: ACB - Investment | C12: Asset | D12: =_xlfn.CONCAT(A12," ",B12) -> 110 ACB - Investment | E12: =Table1[[#This Row],[for Import to Bank Register dropdown]] -> 110 ACB - Investment | F12: =SUMIF('Credit Card 2'!C:C,'Chart of Accounts'!D:D,'Credit Card 2'!E:E)+SUMIF('Credit Card 1'!C:C,'Chart of Accounts'!D:D,'Credit Card 1'!E:E)+SUMIF('Bank 2'!C:C,'Chart of Accounts'!D:D,'Bank 2'!E:E)+SUMIF('Bank 1'!C:C,'Chart of Accounts'!D:D,'Bank 1'!E:E)+SUMIF('Directors Advances'!C:C,'Chart of Accounts'!D:D,'Directors Advances'!E:E) -> 0
A13: 111 | B13: ACB - Investment | C13: Asset | D13: =_xlfn.CONCAT(A13," ",B13) -> 111 ACB - Investment | E13: =Table1[[#This Row],[for Import to Bank Register dropdown]] -> 111 ACB - Investment | F13: =SUMIF('Credit Card 2'!C:C,'Chart of Accounts'!D:D,'Credit Card 2'!E:E)+SUMIF('Credit Card 1'!C:C,'Chart of Accounts'!D:D,'Credit Card 1'!E:E)+SUMIF('Bank 2'!C:C,'Chart of Accounts'!D:D,'Bank 2'!E:E)+SUMIF('Bank 1'!C:C,'Chart of Accounts'!D:D,'Bank 1'!E:E)+SUMIF('Directors Advances'!C:C,'Chart of Accounts'!D:D,'Directors Advances'!E:E) -> 0
A14: 120 | B14: Accounts receivable | C14: Asset | D14: =_xlfn.CONCAT(A14," ",B14) -> 120 Accounts receivable | E14: =Table1[[#This Row],[for Import to Bank Register dropdown]] -> 120 Accounts receivable | F14: =SUMIF('Credit Card 2'!C:C,'Chart of Accounts'!D:D,'Credit Card 2'!E:E)+SUMIF('Credit Card 1'!C:C,'Chart of Accounts'!D:D,'Credit Card 1'!E:E)+SUMIF('Bank 2'!C:C,'Chart of Accounts'!D:D,'Bank 2'!E:E)+SUMIF('Bank 1'!C:C,'Chart of Accounts'!D:D,'Bank 1'!E:E)+SUMIF('Directors Advances'!C:C,'Chart of Accounts'!D:D,'Directors Advances'!E:E) -> 0
... A67: 720 | B67: Automobile expenses | C67: Expenses | D67: =_xlfn.CONCAT(A67," ",B67) -> 720 Automobile expenses | E67: =Table1[[#This Row],[for Import to Bank Register dropdown]] -> 720 Automobile expenses | F67: =SUMIF('Credit Card 2'!C:C,'Chart of Accounts'!D:D,'Credit Card 2'!E:E)+SUMIF('Credit Card 1'!C:C,'Chart of Accounts'!D:D,'Credit Card 1'!E:E)+SUMIF('Bank 2'!C:C,'Chart of Accounts'!D:D,'Bank 2'!E:E)+SUMIF('Bank 1'!C:C,'Chart of Accounts'!D:D,'Bank 1'!E:E)+SUMIF('Directors Advances'!C:C,'Chart of Accounts'!D:D,'Directors Advances'!E:E) -> 0
A68: 720.1 | B68: Automobile - Fuel | C68: Expenses | D68: =_xlfn.CONCAT(A68," ",B68) -> 720.1 Automobile - Fuel | E68: =E67 -> 720 Automobile expenses | F68: =SUMIF('Credit Card 2'!C:C,'Chart of Accounts'!D:D,'Credit Card 2'!E:E)+SUMIF('Credit Card 1'!C:C,'Chart of Accounts'!D:D,'Credit Card 1'!E:E)+SUMIF('Bank 2'!C:C,'Chart of Accounts'!D:D,'Bank 2'!E:E)+SUMIF('Bank 1'!C:C,'Chart of Accounts'!D:D,'Bank 1'!E:E)+SUMIF('Directors Advances'!C:C,'Chart of Accounts'!D:D,'Directors Advances'!E:E) -> 0
A69: 720.2 | B69: Automobile - Insurance | C69: Expenses | D69: =_xlfn.CONCAT(A69," ",B69) -> 720.2 Automobile - Insurance | E69: =E68 -> 720 Automobile expenses | F69: =SUMIF('Credit Card 2'!C:C,'Chart of Accounts'!D:D,'Credit Card 2'!E:E)+SUMIF('Credit Card 1'!C:C,'Chart of Accounts'!D:D,'Credit Card 1'!E:E)+SUMIF('Bank 2'!C:C,'Chart of Accounts'!D:D,'Bank 2'!E:E)+SUMIF('Bank 1'!C:C,'Chart of Accounts'!D:D,'Bank 1'!E:E)+SUMIF('Directors Advances'!C:C,'Chart of Accounts'!D:D,'Directors Advances'!E:E) -> 0
A70: 720.3 | B70: Automobile - License | C70: Expenses | D70: =_xlfn.CONCAT(A70," ",B70) -> 720.3 Automobile - License | E70: =E69 -> 720 Automobile expenses | F70: =SUMIF('Credit Card 2'!C:C,'Chart of Accounts'!D:D,'Credit Card 2'!E:E)+SUMIF('Credit Card 1'!C:C,'Chart of Accounts'!D:D,'Credit Card 1'!E:E)+SUMIF('Bank 2'!C:C,'Chart of Accounts'!D:D,'Bank 2'!E:E)+SUMIF('Bank 1'!C:C,'Chart of Accounts'!D:D,'Bank 1'!E:E)+SUMIF('Directors Advances'!C:C,'Chart of Accounts'!D:D,'Directors Advances'!E:E) -> 0
A71: 720.4 | B71: Automobile - Repairs | C71: Expenses | D71: =_xlfn.CONCAT(A71," ",B71) -> 720.4 Automobile - Repairs | E71: =E70 -> 720 Automobile expenses | F71: =SUMIF('Credit Card 2'!C:C,'Chart of Accounts'!D:D,'Credit Card 2'!E:E)+SUMIF('Credit Card 1'!C:C,'Chart of Accounts'!D:D,'Credit Card 1'!E:E)+SUMIF('Bank 2'!C:C,'Chart of Accounts'!D:D,'Bank 2'!E:E)+SUMIF('Bank 1'!C:C,'Chart of Accounts'!D:D,'Bank 1'!E:E)+SUMIF('Directors Advances'!C:C,'Chart of Accounts'!D:D,'Directors Advances'!E:E) -> 0
A72: 720.5 | B72: Automobile - Others | C72: Expenses | D72: =_xlfn.CONCAT(A72," ",B72) -> 720.5 Automobile - Others | E72: =E71 -> 720 Automobile expenses | F72: =SUMIF('Credit Card 2'!C:C,'Chart of Accounts'!D:D,'Credit Card 2'!E:E)+SUMIF('Credit Card 1'!C:C,'Chart of Accounts'!D:D,'Credit Card 1'!E:E)+SUMIF('Bank 2'!C:C,'Chart of Accounts'!D:D,'Bank 2'!E:E)+SUMIF('Bank 1'!C:C,'Chart of Accounts'!D:D,'Bank 1'!E:E)+SUMIF('Directors Advances'!C:C,'Chart of Accounts'!D:D,'Directors Advances'!E:E) -> 0
A73: 720.6 | B73: Automobile - CAA Fees | C73: Expenses | D73: =_xlfn.CONCAT(A73," ",B73) -> 720.6 Automobile - CAA Fees | E73: =E72 -> 720 Automobile expenses | F73: =SUMIF('Credit Card 2'!C:C,'Chart of Accounts'!D:D,'Credit Card 2'!E:E)+SUMIF('Credit Card 1'!C:C,'Chart of Accounts'!D:D,'Credit Card 1'!E:E)+SUMIF('Bank 2'!C:C,'Chart of Accounts'!D:D,'Bank 2'!E:E)+SUMIF('Bank 1'!C:C,'Chart of Accounts'!D:D,'Bank 1'!E:E)+SUMIF('Directors Advances'!C:C,'Chart of Accounts'!D:D,'Directors Advances'!E:E) -> 0
A74: 720.7 | B74: Automobile - Lease | C74: Expenses | D74: =_xlfn.CONCAT(A74," ",B74) -> 720.7 Automobile - Lease | E74: =E73 -> 720 Automobile expenses | F74: =SUMIF('Credit Card 2'!C:C,'Chart of Accounts'!D:D,'Credit Card 2'!E:E)+SUMIF('Credit Card 1'!C:C,'Chart of Accounts'!D:D,'Credit Card 1'!E:E)+SUMIF('Bank 2'!C:C,'Chart of Accounts'!D:D,'Bank 2'!E:E)+SUMIF('Bank 1'!C:C,'Chart of Accounts'!D:D,'Bank 1'!E:E)+SUMIF('Directors Advances'!C:C,'Chart of Accounts'!D:D,'Directors Advances'!E:E) -> 0
A75: 720.11 | B75: Automobile - Fuel 2 | C75: Expenses | D75: =_xlfn.CONCAT(A75," ",B75) -> 720.11 Automobile - Fuel 2 | E75: =E73 -> 720 Automobile expenses | F75: =SUMIF('Credit Card 2'!C:C,'Chart of Accounts'!D:D,'Credit Card 2'!E:E)+SUMIF('Credit Card 1'!C:C,'Chart of Accounts'!D:D,'Credit Card 1'!E:E)+SUMIF('Bank 2'!C:C,'Chart of Accounts'!D:D,'Bank 2'!E:E)+SUMIF('Bank 1'!C:C,'Chart of Accounts'!D:D,'Bank 1'!E:E)+SUMIF('Directors Advances'!C:C,'Chart of Accounts'!D:D,'Directors Advances'!E:E) -> 0
A76: 720.21 | B76: Automobile - Insurance 2 | C76: Expenses | D76: =_xlfn.CONCAT(A76," ",B76) -> 720.21 Automobile - Insurance 2 | E76: =E75 -> 720 Automobile expenses | F76: =SUMIF('Credit Card 2'!C:C,'Chart of Accounts'!D:D,'Credit Card 2'!E:E)+SUMIF('Credit Card 1'!C:C,'Chart of Accounts'!D:D,'Credit Card 1'!E:E)+SUMIF('Bank 2'!C:C,'Chart of Accounts'!D:D,'Bank 2'!E:E)+SUMIF('Bank 1'!C:C,'Chart of Accounts'!D:D,'Bank 1'!E:E)+SUMIF('Directors Advances'!C:C,'Chart of Accounts'!D:D,'Directors Advances'!E:E) -> 0
A77: 720.31 | B77: Automobile - License 2 | C77: Expenses | D77: =_xlfn.CONCAT(A77," ",B77) -> 720.31 Automobile - License 2 | E77: =E76 -> 720 Automobile expenses | F77: =SUMIF('Credit Card 2'!C:C,'Chart of Accounts'!D:D,'Credit Card 2'!E:E)+SUMIF('Credit Card 1'!C:C,'Chart of Accounts'!D:D,'Credit Card 1'!E:E)+SUMIF('Bank 2'!C:C,'Chart of Accounts'!D:D,'Bank 2'!E:E)+SUMIF('Bank 1'!C:C,'Chart of Accounts'!D:D,'Bank 1'!E:E)+SUMIF('Directors Advances'!C:C,'Chart of Accounts'!D:D,'Directors Advances'!E:E) -> 0
A78: 720.41 | B78: Automobile - Repairs 2 | C78: Expenses | D78: =_xlfn.CONCAT(A78," ",B78) -> 720.41 Automobile - Repairs 2 | E78: =E77 -> 720 Automobile expenses | F78: =SUMIF('Credit Card 2'!C:C,'Chart of Accounts'!D:D,'Credit Card 2'!E:E)+SUMIF('Credit Card 1'!C:C,'Chart of Accounts'!D:D,'Credit Card 1'!E:E)+SUMIF('Bank 2'!C:C,'Chart of Accounts'!D:D,'Bank 2'!E:E)+SUMIF('Bank 1'!C:C,'Chart of Accounts'!D:D,'Bank 1'!E:E)+SUMIF('Directors Advances'!C:C,'Chart of Accounts'!D:D,'Directors Advances'!E:E) -> 0
A79: 720.51 | B79: Automobile - Others 2 | C79: Expenses | D79: =_xlfn.CONCAT(A79," ",B79) -> 720.51 Automobile - Others 2 | E79: =E78 -> 720 Automobile expenses | F79: =SUMIF('Credit Card 2'!C:C,'Chart of Accounts'!D:D,'Credit Card 2'!E:E)+SUMIF('Credit Card 1'!C:C,'Chart of Accounts'!D:D,'Credit Card 1'!E:E)+SUMIF('Bank 2'!C:C,'Chart of Accounts'!D:D,'Bank 2'!E:E)+SUMIF('Bank 1'!C:C,'Chart of Accounts'!D:D,'Bank 1'!E:E)+SUMIF('Directors Advances'!C:C,'Chart of Accounts'!D:D,'Directors Advances'!E:E) -> 0
A80: 720.61 | B80: Automobile - CAA Fees 2 | C80: Expenses | D80: =_xlfn.CONCAT(A80," ",B80) -> 720.61 Automobile - CAA Fees 2 | E80: =E79 -> 720 Automobile expenses | F80: =SUMIF('Credit Card 2'!C:C,'Chart of Accounts'!D:D,'Credit Card 2'!E:E)+SUMIF('Credit Card 1'!C:C,'Chart of Accounts'!D:D,'Credit Card 1'!E:E)+SUMIF('Bank 2'!C:C,'Chart of Accounts'!D:D,'Bank 2'!E:E)+SUMIF('Bank 1'!C:C,'Chart of Accounts'!D:D,'Bank 1'!E:E)+SUMIF('Directors Advances'!C:C,'Chart of Accounts'!D:D,'Directors Advances'!E:E) -> 0
A81: 720.71 | B81: Automobile - Lease 2 | C81: Expenses | D81: =_xlfn.CONCAT(A81," ",B81) -> 720.71 Automobile - Lease 2 | E81: =E80 -> 720 Automobile expenses | F81: =SUMIF('Credit Card 2'!C:C,'Chart of Accounts'!D:D,'Credit Card 2'!E:E)+SUMIF('Credit Card 1'!C:C,'Chart of Accounts'!D:D,'Credit Card 1'!E:E)+SUMIF('Bank 2'!C:C,'Chart of Accounts'!D:D,'Bank 2'!E:E)+SUMIF('Bank 1'!C:C,'Chart of Accounts'!D:D,'Bank 1'!E:E)+SUMIF('Directors Advances'!C:C,'Chart of Accounts'!D:D,'Directors Advances'!E:E) -> 0
A82: 730 | B82: Bank charges | C82: Expenses | D82: =_xlfn.CONCAT(A82," ",B82) -> 730 Bank charges | E82: =Table1[[#This Row],[for Import to Bank Register dropdown]] -> 730 Bank charges | F82: =SUMIF('Credit Card 2'!C:C,'Chart of Accounts'!D:D,'Credit Card 2'!E:E)+SUMIF('Credit Card 1'!C:C,'Chart of Accounts'!D:D,'Credit Card 1'!E:E)+SUMIF('Bank 2'!C:C,'Chart of Accounts'!D:D,'Bank 2'!E:E)+SUMIF('Bank 1'!C:C,'Chart of Accounts'!D:D,'Bank 1'!E:E)+SUMIF('Directors Advances'!C:C,'Chart of Accounts'!D:D,'Directors Advances'!E:E) -> 0
A83: 735 | B83: Bonus | C83: Expenses | D83: =_xlfn.CONCAT(A83," ",B83) -> 735 Bonus | E83: =Table1[[#This Row],[for Import to Bank Register dropdown]] -> 735 Bonus | F83: =SUMIF('Credit Card 2'!C:C,'Chart of Accounts'!D:D,'Credit Card 2'!E:E)+SUMIF('Credit Card 1'!C:C,'Chart of Accounts'!D:D,'Credit Card 1'!E:E)+SUMIF('Bank 2'!C:C,'Chart of Accounts'!D:D,'Bank 2'!E:E)+SUMIF('Bank 1'!C:C,'Chart of Accounts'!D:D,'Bank 1'!E:E)+SUMIF('Directors Advances'!C:C,'Chart of Accounts'!D:D,'Directors Advances'!E:E) -> 0
A84: 740 | B84: Books & periodicals | C84: Expenses | D84: =_xlfn.CONCAT(A84," ",B84) -> 740 Books & periodicals | E84: =Table1[[#This Row],[for Import to Bank Register dropdown]] -> 740 Books & periodicals | F84: =SUMIF('Credit Card 2'!C:C,'Chart of Accounts'!D:D,'Credit Card 2'!E:E)+SUMIF('Credit Card 1'!C:C,'Chart of Accounts'!D:D,'Credit Card 1'!E:E)+SUMIF('Bank 2'!C:C,'Chart of Accounts'!D:D,'Bank 2'!E:E)+SUMIF('Bank 1'!C:C,'Chart of Accounts'!D:D,'Bank 1'!E:E)+SUMIF('Directors Advances'!C:C,'Chart of Accounts'!D:D,'Directors Advances'!E:E) -> 0
A85: 750 | B85: Business promotion | C85: Expenses | D85: =_xlfn.CONCAT(A85," ",B85) -> 750 Business promotion | E85: =Table1[[#This Row],[for Import to Bank Register dropdown]] -> 750 Business promotion | F85: =SUMIF('Credit Card 2'!C:C,'Chart of Accounts'!D:D,'Credit Card 2'!E:E)+SUMIF('Credit Card 1'!C:C,'Chart of Accounts'!D:D,'Credit Card 1'!E:E)+SUMIF('Bank 2'!C:C,'Chart of Accounts'!D:D,'Bank 2'!E:E)+SUMIF('Bank 1'!C:C,'Chart of Accounts'!D:D,'Bank 1'!E:E)+SUMIF('Directors Advances'!C:C,'Chart of Accounts'!D:D,'Directors Advances'!E:E) -> 0
A86: 755 | B86: Computer lease | C86: Expenses | D86: =_xlfn.CONCAT(A86," ",B86) -> 755 Computer lease | E86: =Table1[[#This Row],[for Import to Bank Register dropdown]] -> 755 Computer lease | F86: =SUMIF('Credit Card 2'!C:C,'Chart of Accounts'!D:D,'Credit Card 2'!E:E)+SUMIF('Credit Card 1'!C:C,'Chart of Accounts'!D:D,'Credit Card 1'!E:E)+SUMIF('Bank 2'!C:C,'Chart of Accounts'!D:D,'Bank 2'!E:E)+SUMIF('Bank 1'!C:C,'Chart of Accounts'!D:D,'Bank 1'!E:E)+SUMIF('Directors Advances'!C:C,'Chart of Accounts'!D:D,'Directors Advances'!E:E) -> 0
A87: 760 | B87: Computer supplies | C87: Expenses | D87: =_xlfn.CONCAT(A87," ",B87) -> 760 Computer supplies | E87: =Table1[[#This Row],[for Import to Bank Register dropdown]] -> 760 Computer supplies | F87: =SUMIF('Credit Card 2'!C:C,'Chart of Accounts'!D:D,'Credit Card 2'!E:E)+SUMIF('Credit Card 1'!C:C,'Chart of Accounts'!D:D,'Credit Card 1'!E:E)+SUMIF('Bank 2'!C:C,'Chart of Accounts'!D:D,'Bank 2'!E:E)+SUMIF('Bank 1'!C:C,'Chart of Accounts'!D:D,'Bank 1'!E:E)+SUMIF('Directors Advances'!C:C,'Chart of Accounts'!D:D,'Directors Advances'!E:E) -> 0
A88: 770 | B88: Consulting fees | C88: Expenses | D88: =_xlfn.CONCAT(A88," ",B88) -> 770 Consulting fees | E88: =Table1[[#This Row],[for Import to Bank Register dropdown]] -> 770 Consulting fees | F88: =SUMIF('Credit Card 2'!C:C,'Chart of Accounts'!D:D,'Credit Card 2'!E:E)+SUMIF('Credit Card 1'!C:C,'Chart of Accounts'!D:D,'Credit Card 1'!E:E)+SUMIF('Bank 2'!C:C,'Chart of Accounts'!D:D,'Bank 2'!E:E)+SUMIF('Bank 1'!C:C,'Chart of Accounts'!D:D,'Bank 1'!E:E)+SUMIF('Directors Advances'!C:C,'Chart of Accounts'!D:D,'Directors Advances'!E:E) -> 0
A89: 780 | B89: Amortization | C89: Expenses | D89: =_xlfn.CONCAT(A89," ",B89) -> 780 Amortization | E89: =Table1[[#This Row],[for Import to Bank Register dropdown]] -> 780 Amortization | F89: =SUMIF('Credit Card 2'!C:C,'Chart of Accounts'!D:D,'Credit Card 2'!E:E)+SUMIF('Credit Card 1'!C:C,'Chart of Accounts'!D:D,'Credit Card 1'!E:E)+SUMIF('Bank 2'!C:C,'Chart of Accounts'!D:D,'Bank 2'!E:E)+SUMIF('Bank 1'!C:C,'Chart of Accounts'!D:D,'Bank 1'!E:E)+SUMIF('Directors Advances'!C:C,'Chart of Accounts'!D:D,'Directors Advances'!E:E) -> 0
A90: 790 | B90: Directors fees | C90: Expenses | D90: =_xlfn.CONCAT(A90," ",B90) -> 790 Directors fees | E90: =Table1[[#This Row],[for Import to Bank Register dropdown]] -> 790 Directors fees | F90: =SUMIF('Credit Card 2'!C:C,'Chart of Accounts'!D:D,'Credit Card 2'!E:E)+SUMIF('Credit Card 1'!C:C,'Chart of Accounts'!D:D,'Credit Card 1'!E:E)+SUMIF('Bank 2'!C:C,'Chart of Accounts'!D:D,'Bank 2'!E:E)+SUMIF('Bank 1'!C:C,'Chart of Accounts'!D:D,'Bank 1'!E:E)+SUMIF('Directors Advances'!C:C,'Chart of Accounts'!D:D,'Directors Advances'!E:E) -> 0
A91: 800 | B91: Education & seminars | C91: Expenses | D91: =_xlfn.CONCAT(A91," ",B91) -> 800 Education & seminars | E91: =Table1[[#This Row],[for Import to Bank Register dropdown]] -> 800 Education & seminars | F91: =SUMIF('Credit Card 2'!C:C,'Chart of Accounts'!D:D,'Credit Card 2'!E:E)+SUMIF('Credit Card 1'!C:C,'Chart of Accounts'!D:D,'Credit Card 1'!E:E)+SUMIF('Bank 2'!C:C,'Chart of Accounts'!D:D,'Bank 2'!E:E)+SUMIF('Bank 1'!C:C,'Chart of Accounts'!D:D,'Bank 1'!E:E)+SUMIF('Directors Advances'!C:C,'Chart of Accounts'!D:D,'Directors Advances'!E:E) -> 0
A92: 810 | B92: Employee benefits | C92: Expenses | D92: =_xlfn.CONCAT(A92," ",B92) -> 810 Employee benefits | E92: =Table1[[#This Row],[for Import to Bank Register dropdown]] -> 810 Employee benefits | F92: =SUMIF('Credit Card 2'!C:C,'Chart of Accounts'!D:D,'Credit Card 2'!E:E)+SUMIF('Credit Card 1'!C:C,'Chart of Accounts'!D:D,'Credit Card 1'!E:E)+SUMIF('Bank 2'!C:C,'Chart of Accounts'!D:D,'Bank 2'!E:E)+SUMIF('Bank 1'!C:C,'Chart of Accounts'!D:D,'Bank 1'!E:E)+SUMIF('Directors Advances'!C:C,'Chart of Accounts'!D:D,'Directors Advances'!E:E) -> 0
A93: 820 | B93: General expenses | C93: Expenses | D93: =_xlfn.CONCAT(A93," ",B93) -> 820 General expenses | E93: =Table1[[#This Row],[for Import to Bank Register dropdown]] -> 820 General expenses | F93: =SUMIF('Credit Card 2'!C:C,'Chart of Accounts'!D:D,'Credit Card 2'!E:E)+SUMIF('Credit Card 1'!C:C,'Chart of Accounts'!D:D,'Credit Card 1'!E:E)+SUMIF('Bank 2'!C:C,'Chart of Accounts'!D:D,'Bank 2'!E:E)+SUMIF('Bank 1'!C:C,'Chart of Accounts'!D:D,'Bank 1'!E:E)+SUMIF('Directors Advances'!C:C,'Chart of Accounts'!D:D,'Directors Advances'!E:E) -> 0
... A99: 870 | B99: Rent | C99: Expenses | D99: =_xlfn.CONCAT(A99," ",B99) -> 870 Rent | E99: =Table1[[#This Row],[for Import to Bank Register dropdown]] -> 870 Rent | F99: =SUMIF('Credit Card 2'!C:C,'Chart of Accounts'!D:D,'Credit Card 2'!E:E)+SUMIF('Credit Card 1'!C:C,'Chart of Accounts'!D:D,'Credit Card 1'!E:E)+SUMIF('Bank 2'!C:C,'Chart of Accounts'!D:D,'Bank 2'!E:E)+SUMIF('Bank 1'!C:C,'Chart of Accounts'!D:D,'Bank 1'!E:E)+SUMIF('Directors Advances'!C:C,'Chart of Accounts'!D:D,'Directors Advances'!E:E) -> 0
A100: 870.01 | B100: Rent - Decorating | C100: Expenses | D100: =_xlfn.CONCAT(A100," ",B100) -> 870.01 Rent - Decorating | E100: =E99 -> 870 Rent | F100: =SUMIF('Credit Card 2'!C:C,'Chart of Accounts'!D:D,'Credit Card 2'!E:E)+SUMIF('Credit Card 1'!C:C,'Chart of Accounts'!D:D,'Credit Card 1'!E:E)+SUMIF('Bank 2'!C:C,'Chart of Accounts'!D:D,'Bank 2'!E:E)+SUMIF('Bank 1'!C:C,'Chart of Accounts'!D:D,'Bank 1'!E:E)+SUMIF('Directors Advances'!C:C,'Chart of Accounts'!D:D,'Directors Advances'!E:E) -> 0
A101: 870.2 | B101: Rent - Gas | C101: Expenses | D101: =_xlfn.CONCAT(A101," ",B101) -> 870.2 Rent - Gas | E101: =E100 -> 870 Rent | F101: =SUMIF('Credit Card 2'!C:C,'Chart of Accounts'!D:D,'Credit Card 2'!E:E)+SUMIF('Credit Card 1'!C:C,'Chart of Accounts'!D:D,'Credit Card 1'!E:E)+SUMIF('Bank 2'!C:C,'Chart of Accounts'!D:D,'Bank 2'!E:E)+SUMIF('Bank 1'!C:C,'Chart of Accounts'!D:D,'Bank 1'!E:E)+SUMIF('Directors Advances'!C:C,'Chart of Accounts'!D:D,'Directors Advances'!E:E) -> 0
A102: 870.3 | B102: Rent - Hydro | C102: Expenses | D102: =_xlfn.CONCAT(A102," ",B102) -> 870.3 Rent - Hydro | E102: =E101 -> 870 Rent | F102: =SUMIF('Credit Card 2'!C:C,'Chart of Accounts'!D:D,'Credit Card 2'!E:E)+SUMIF('Credit Card 1'!C:C,'Chart of Accounts'!D:D,'Credit Card 1'!E:E)+SUMIF('Bank 2'!C:C,'Chart of Accounts'!D:D,'Bank 2'!E:E)+SUMIF('Bank 1'!C:C,'Chart of Accounts'!D:D,'Bank 1'!E:E)+SUMIF('Directors Advances'!C:C,'Chart of Accounts'!D:D,'Directors Advances'!E:E) -> 0
A103: 870.4 | B103: Rent - Insurance | C103: Expenses | D103: =_xlfn.CONCAT(A103," ",B103) -> 870.4 Rent - Insurance | E103: =E102 -> 870 Rent | F103: =SUMIF('Credit Card 2'!C:C,'Chart of Accounts'!D:D,'Credit Card 2'!E:E)+SUMIF('Credit Card 1'!C:C,'Chart of Accounts'!D:D,'Credit Card 1'!E:E)+SUMIF('Bank 2'!C:C,'Chart of Accounts'!D:D,'Bank 2'!E:E)+SUMIF('Bank 1'!C:C,'Chart of Accounts'!D:D,'Bank 1'!E:E)+SUMIF('Directors Advances'!C:C,'Chart of Accounts'!D:D,'Directors Advances'!E:E) -> 0
A104: 870.5 | B104: Rent - Landscaping | C104: Expenses | D104: =_xlfn.CONCAT(A104," ",B104) -> 870.5 Rent - Landscaping | E104: =E103 -> 870 Rent | F104: =SUMIF('Credit Card 2'!C:C,'Chart of Accounts'!D:D,'Credit Card 2'!E:E)+SUMIF('Credit Card 1'!C:C,'Chart of Accounts'!D:D,'Credit Card 1'!E:E)+SUMIF('Bank 2'!C:C,'Chart of Accounts'!D:D,'Bank 2'!E:E)+SUMIF('Bank 1'!C:C,'Chart of Accounts'!D:D,'Bank 1'!E:E)+SUMIF('Directors Advances'!C:C,'Chart of Accounts'!D:D,'Directors Advances'!E:E) -> 0
A105: 870.6 | B105: Rent - Property Tax | C105: Expenses | D105: =_xlfn.CONCAT(A105," ",B105) -> 870.6 Rent - Property Tax | E105: =E104 -> 870 Rent | F105: =SUMIF('Credit Card 2'!C:C,'Chart of Accounts'!D:D,'Credit Card 2'!E:E)+SUMIF('Credit Card 1'!C:C,'Chart of Accounts'!D:D,'Credit Card 1'!E:E)+SUMIF('Bank 2'!C:C,'Chart of Accounts'!D:D,'Bank 2'!E:E)+SUMIF('Bank 1'!C:C,'Chart of Accounts'!D:D,'Bank 1'!E:E)+SUMIF('Directors Advances'!C:C,'Chart of Accounts'!D:D,'Directors Advances'!E:E) -> 0
A106: 870.7 | B106: Rent - Homeoffice | C106: Expenses | D106: =_xlfn.CONCAT(A106," ",B106) -> 870.7 Rent - Homeoffice | E106: =E105 -> 870 Rent | F106: =SUMIF('Credit Card 2'!C:C,'Chart of Accounts'!D:D,'Credit Card 2'!E:E)+SUMIF('Credit Card 1'!C:C,'Chart of Accounts'!D:D,'Credit Card 1'!E:E)+SUMIF('Bank 2'!C:C,'Chart of Accounts'!D:D,'Bank 2'!E:E)+SUMIF('Bank 1'!C:C,'Chart of Accounts'!D:D,'Bank 1'!E:E)+SUMIF('Directors Advances'!C:C,'Chart of Accounts'!D:D,'Directors Advances'!E:E) -> 0
A107: 870.8 | B107: Rent - Repairs | C107: Expenses | D107: =_xlfn.CONCAT(A107," ",B107) -> 870.8 Rent - Repairs | E107: =E106 -> 870 Rent | F107: =SUMIF('Credit Card 2'!C:C,'Chart of Accounts'!D:D,'Credit Card 2'!E:E)+SUMIF('Credit Card 1'!C:C,'Chart of Accounts'!D:D,'Credit Card 1'!E:E)+SUMIF('Bank 2'!C:C,'Chart of Accounts'!D:D,'Bank 2'!E:E)+SUMIF('Bank 1'!C:C,'Chart of Accounts'!D:D,'Bank 1'!E:E)+SUMIF('Directors Advances'!C:C,'Chart of Accounts'!D:D,'Directors Advances'!E:E) -> 0
A108: 870.9 | B108: Rent - Water | C108: Expenses | D108: =_xlfn.CONCAT(A108," ",B108) -> 870.9 Rent - Water | E108: =E107 -> 870 Rent | F108: =SUMIF('Credit Card 2'!C:C,'Chart of Accounts'!D:D,'Credit Card 2'!E:E)+SUMIF('Credit Card 1'!C:C,'Chart of Accounts'!D:D,'Credit Card 1'!E:E)+SUMIF('Bank 2'!C:C,'Chart of Accounts'!D:D,'Bank 2'!E:E)+SUMIF('Bank 1'!C:C,'Chart of Accounts'!D:D,'Bank 1'!E:E)+SUMIF('Directors Advances'!C:C,'Chart of Accounts'!D:D,'Directors Advances'!E:E) -> 0
A109: 870.1 | B109: Rent - Other | C109: Expenses | D109: =_xlfn.CONCAT(A109," ",B109) -> 870.1 Rent - Other | E109: =E108 -> 870 Rent | F109: =SUMIF('Credit Card 2'!C:C,'Chart of Accounts'!D:D,'Credit Card 2'!E:E)+SUMIF('Credit Card 1'!C:C,'Chart of Accounts'!D:D,'Credit Card 1'!E:E)+SUMIF('Bank 2'!C:C,'Chart of Accounts'!D:D,'Bank 2'!E:E)+SUMIF('Bank 1'!C:C,'Chart of Accounts'!D:D,'Bank 1'!E:E)+SUMIF('Directors Advances'!C:C,'Chart of Accounts'!D:D,'Directors Advances'!E:E) -> 0
A110: 880 | B110: Repairs & maintenance | C110: Expenses | D110: =_xlfn.CONCAT(A110," ",B110) -> 880 Repairs & maintenance | E110: =Table1[[#This Row],[for Import to Bank Register dropdown]] -> 880 Repairs & maintenance | F110: =SUMIF('Credit Card 2'!C:C,'Chart of Accounts'!D:D,'Credit Card 2'!E:E)+SUMIF('Credit Card 1'!C:C,'Chart of Accounts'!D:D,'Credit Card 1'!E:E)+SUMIF('Bank 2'!C:C,'Chart of Accounts'!D:D,'Bank 2'!E:E)+SUMIF('Bank 1'!C:C,'Chart of Accounts'!D:D,'Bank 1'!E:E)+SUMIF('Directors Advances'!C:C,'Chart of Accounts'!D:D,'Directors Advances'!E:E) -> 0
A111: 888 | B111: Subcontracting | C111: Expenses | D111: =_xlfn.CONCAT(A111," ",B111) -> 888 Subcontracting | E111: =Table1[[#This Row],[for Import to Bank Register dropdown]] -> 888 Subcontracting | F111: =SUMIF('Credit Card 2'!C:C,'Chart of Accounts'!D:D,'Credit Card 2'!E:E)+SUMIF('Credit Card 1'!C:C,'Chart of Accounts'!D:D,'Credit Card 1'!E:E)+SUMIF('Bank 2'!C:C,'Chart of Accounts'!D:D,'Bank 2'!E:E)+SUMIF('Bank 1'!C:C,'Chart of Accounts'!D:D,'Bank 1'!E:E)+SUMIF('Directors Advances'!C:C,'Chart of Accounts'!D:D,'Directors Advances'!E:E) -> 0
A112: 890 | B112: Telephone | C112: Expenses | D112: =_xlfn.CONCAT(A112," ",B112) -> 890 Telephone | E112: =Table1[[#This Row],[for Import to Bank Register dropdown]] -> 890 Telephone | F112: =SUMIF('Credit Card 2'!C:C,'Chart of Accounts'!D:D,'Credit Card 2'!E:E)+SUMIF('Credit Card 1'!C:C,'Chart of Accounts'!D:D,'Credit Card 1'!E:E)+SUMIF('Bank 2'!C:C,'Chart of Accounts'!D:D,'Bank 2'!E:E)+SUMIF('Bank 1'!C:C,'Chart of Accounts'!D:D,'Bank 1'!E:E)+SUMIF('Directors Advances'!C:C,'Chart of Accounts'!D:D,'Directors Advances'!E:E) -> 0
A113: 900 | B113: Travel | C113: Expenses | D113: =_xlfn.CONCAT(A113," ",B113) -> 900 Travel | E113: =Table1[[#This Row],[for Import to Bank Register dropdown]] -> 900 Travel | F113: =SUMIF('Credit Card 2'!C:C,'Chart of Accounts'!D:D,'Credit Card 2'!E:E)+SUMIF('Credit Card 1'!C:C,'Chart of Accounts'!D:D,'Credit Card 1'!E:E)+SUMIF('Bank 2'!C:C,'Chart of Accounts'!D:D,'Bank 2'!E:E)+SUMIF('Bank 1'!C:C,'Chart of Accounts'!D:D,'Bank 1'!E:E)+SUMIF('Directors Advances'!C:C,'Chart of Accounts'!D:D,'Directors Advances'!E:E) -> 0
A114: 950 | B114: Wages and benefits - Non Directors | C114: Expenses | D114: =_xlfn.CONCAT(A114," ",B114) -> 950 Wages and benefits - Non Directors | E114: =Table1[[#This Row],[for Import to Bank Register dropdown]] -> 950 Wages and benefits - Non Directors | F114: =SUMIF('Credit Card 2'!C:C,'Chart of Accounts'!D:D,'Credit Card 2'!E:E)+SUMIF('Credit Card 1'!C:C,'Chart of Accounts'!D:D,'Credit Card 1'!E:E)+SUMIF('Bank 2'!C:C,'Chart of Accounts'!D:D,'Bank 2'!E:E)+SUMIF('Bank 1'!C:C,'Chart of Accounts'!D:D,'Bank 1'!E:E)+SUMIF('Directors Advances'!C:C,'Chart of Accounts'!D:D,'Directors Advances'!E:E) -> 0
A115: 960 | B115: Non-deductible lifestyle expenses | C115: Expenses | D115: =_xlfn.CONCAT(A115," ",B115) -> 960 Non-deductible lifestyle expenses | E115: =Table1[[#This Row],[for Import to Bank Register dropdown]] -> 960 Non-deductible lifestyle expenses | F115: =SUMIF('Credit Card 2'!C:C,'Chart of Accounts'!D:D,'Credit Card 2'!E:E)+SUMIF('Credit Card 1'!C:C,'Chart of Accounts'!D:D,'Credit Card 1'!E:E)+SUMIF('Bank 2'!C:C,'Chart of Accounts'!D:D,'Bank 2'!E:E)+SUMIF('Bank 1'!C:C,'Chart of Accounts'!D:D,'Bank 1'!E:E)+SUMIF('Directors Advances'!C:C,'Chart of Accounts'!D:D,'Directors Advances'!E:E) -> 0
A116: 999 | B116: Uncategorized expenses | C116: Expenses | D116: =_xlfn.CONCAT(A116," ",B116) -> 999 Uncategorized expenses | E116: =Table1[[#This Row],[for Import to Bank Register dropdown]] -> 999 Uncategorized expenses | F116: =SUMIF('Credit Card 2'!C:C,'Chart of Accounts'!D:D,'Credit Card 2'!E:E)+SUMIF('Credit Card 1'!C:C,'Chart of Accounts'!D:D,'Credit Card 1'!E:E)+SUMIF('Bank 2'!C:C,'Chart of Accounts'!D:D,'Bank 2'!E:E)+SUMIF('Bank 1'!C:C,'Chart of Accounts'!D:D,'Bank 1'!E:E)+SUMIF('Directors Advances'!C:C,'Chart of Accounts'!D:D,'Directors Advances'!E:E) -> 0
A117: 1000 | B117: Provision for taxes | C117: Expenses | D117: =_xlfn.CONCAT(A117," ",B117) -> 1000 Provision for taxes | E117: =Table1[[#This Row],[for Import to Bank Register dropdown]] -> 1000 Provision for taxes | F117: =SUMIF('Credit Card 2'!C:C,'Chart of Accounts'!D:D,'Credit Card 2'!E:E)+SUMIF('Credit Card 1'!C:C,'Chart of Accounts'!D:D,'Credit Card 1'!E:E)+SUMIF('Bank 2'!C:C,'Chart of Accounts'!D:D,'Bank 2'!E:E)+SUMIF('Bank 1'!C:C,'Chart of Accounts'!D:D,'Bank 1'!E:E)+SUMIF('Directors Advances'!C:C,'Chart of Accounts'!D:D,'Directors Advances'!E:E) -> 0
A118: XXXX | B118: ADD NEW ACCOUNTS HERE | D118: =_xlfn.CONCAT(A118," ",B118) -> XXXX ADD NEW ACCOUNTS HERE | E118: =Table1[[#This Row],[Account Name]] -> ADD NEW ACCOUNTS HERE | F118: =SUMIF('Credit Card 2'!C:C,'Chart of Accounts'!D:D,'Credit Card 2'!E:E)+SUMIF('Credit Card 1'!C:C,'Chart of Accounts'!D:D,'Credit Card 1'!E:E)+SUMIF('Bank 2'!C:C,'Chart of Accounts'!D:D,'Bank 2'!E:E)+SUMIF('Bank 1'!C:C,'Chart of Accounts'!D:D,'Bank 1'!E:E)+SUMIF('Directors Advances'!C:C,'Chart of Accounts'!D:D,'Directors Advances'!E:E) -> 0
E119: =Table1[[#This Row],[Account Name]] -> 0 | F119: =SUMIF('Credit Card 2'!C:C,'Chart of Accounts'!D:D,'Credit Card 2'!E:E)+SUMIF('Credit Card 1'!C:C,'Chart of Accounts'!D:D,'Credit Card 1'!E:E)+SUMIF('Bank 2'!C:C,'Chart of Accounts'!D:D,'Bank 2'!E:E)+SUMIF('Bank 1'!C:C,'Chart of Accounts'!D:D,'Bank 1'!E:E)+SUMIF('Directors Advances'!C:C,'Chart of Accounts'!D:D,'Directors Advances'!E:E) -> 0
E120: =Table1[[#This Row],[Account Name]] -> 0 | F120: =SUMIF('Credit Card 2'!C:C,'Chart of Accounts'!D:D,'Credit Card 2'!E:E)+SUMIF('Credit Card 1'!C:C,'Chart of Accounts'!D:D,'Credit Card 1'!E:E)+SUMIF('Bank 2'!C:C,'Chart of Accounts'!D:D,'Bank 2'!E:E)+SUMIF('Bank 1'!C:C,'Chart of Accounts'!D:D,'Bank 1'!E:E)+SUMIF('Directors Advances'!C:C,'Chart of Accounts'!D:D,'Directors Advances'!E:E) -> 0
E121: =Table1[[#This Row],[Account Name]] -> 0 | F121: =SUMIF('Credit Card 2'!C:C,'Chart of Accounts'!D:D,'Credit Card 2'!E:E)+SUMIF('Credit Card 1'!C:C,'Chart of Accounts'!D:D,'Credit Card 1'!E:E)+SUMIF('Bank 2'!C:C,'Chart of Accounts'!D:D,'Bank 2'!E:E)+SUMIF('Bank 1'!C:C,'Chart of Accounts'!D:D,'Bank 1'!E:E)+SUMIF('Directors Advances'!C:C,'Chart of Accounts'!D:D,'Directors Advances'!E:E) -> 0

Sheet Banks Pivot -breakup
A1: Date | B1: All
A3: Sum of Money in/ (Money out) | B3: Column Labels
A4: Row Labels | B4: 101010 | C4: 202020 | D4: 303030 | E4: 404040 | F4: 505050 | G4: Grand Total
A5: 120 Accounts receivable | B5: 250000 | C5: 500000 | G5: 750000
A6: 150 Directors advances | B6: -100000 | G6: -100000
A7: 230 Office equipment | B7: -250 | G7: -250
A8: 720.1 Automobile - Fuel | B8: -50 | C8: -50 | D8: -50 | E8: -50 | F8: -50 | G8: -250
A9: 720.2 Automobile - Insurance | B9: -55 | C9: -55 | D9: -55 | E9: -55 | F9: -55 | G9: -275
A10: 720.3 Automobile - License | B10: -55 | C10: -55 | D10: -55 | E10: -55 | F10: -55 | G10: -275
A11: 720.4 Automobile - Repairs | B11: -55 | C11: -55 | D11: -55 | E11: -55 | F11: -55 | G11: -275
A12: 720.5 Automobile - Others | B12: -55 | C12: -55 | D12: -55 | E12: -55 | F12: -55 | G12: -275
A13: 720.6 Automobile - CAA Fees | B13: -55 | C13: -55 | D13: -55 | E13: -55 | F13: -55 | G13: -275
A14: 870.01 Rent - Decorating | B14: -100 | C14: -100 | D14: -100 | E14: -100 | F14: -100 | G14: -500
A15: 870.1 Rent - Other | B15: -100 | C15: -100 | D15: -100 | E15: -100 | F15: -100 | G15: -500
A16: 870.2 Rent - Gas | B16: -100 | C16: -100 | D16: -100 | E16: -100 | F16: -100 | G16: -500
A17: 870.3 Rent - Hydro | B17: -100 | C17: -100 | D17: -100 | E17: -100 | F17: -100 | G17: -500
A18: 870.4 Rent - Insurance | B18: -100 | C18: -100 | D18: -100 | E18: -100 | F18: -100 | G18: -500
A19: 870.5 Rent - Landscaping | B19: -100 | C19: -100 | D19: -100 | E19: -100 | F19: -100 | G19: -500
... A24: Grand Total | B24: 148525 | C24: 498775 | D24: -1225 | E24: -1225 | F24: -1225 | G24: 643625
